Workbook

Sheet WS目次
A1: 事例1 産業連関分析（39部門別ワークシート）目次
A2: ﾜｰｸｼｰﾄ名 | B2: 説明 | C2: 備考
A3: 利用上の注意
A4: 推計フロー図
A5: 最終需要推計＿まとめ | B5: データ入力
A6: １ | B6: 農業 | C6: 経済波及効果推計値
A7: 2 | B7: 林業 | C7: 経済波及効果推計値
A8: 3 | B8: 漁業 | C8: 経済波及効果推計値
A9: 4 | B9: 鉱業 | C9: 経済波及効果推計値
A10: 5 | B10: 飲食料品 | C10: 経済波及効果推計値
A11: 6 | B11: 繊維製品 | C11: 経済波及効果推計値
A12: 7 | B12: パルプ・紙・木製品 | C12: 経済波及効果推計値
A13: 8 | B13: 化学製品 | C13: 経済波及効果推計値
A14: 9 | B14: 石油・石炭製品 | C14: 経済波及効果推計値
A15: 10 | B15: プラスチック・ゴム製品 | C15: 経済波及効果推計値
A16: 11 | B16: 窯業・土石製品 | C16: 経済波及効果推計値
A17: 12 | B17: 鉄鋼 | C17: 経済波及効果推計値
... A44: 39 | B44: 分類不明 | C44: 経済波及効果推計値
A45: 投入係数表 | B45: =最終需要_まとめ!A46 -> 2015年播磨町産業連関表 | C45: 45158
A46: 逆行列係数表 | B46: =B45 -> 2015年播磨町産業連関表
A47: 分析係数 | B47: =B45 -> 2015年播磨町産業連関表

Sheet 利用上の注意
A1: 産業連関分析上の留意点
B2: 産業連関表による経済波及効果の分析は、あくまでも経済モデル分析の一つであり、そこにはいくつかの基本的仮定・前提条件などの留意点がある。
A4: （１）「生産波及効果」とは
B5: ある産業部門の生産物に対する最終需要（投資・消費・移輸出）の変化が、直接・間接のルートを通じて、他の産業部門の生産に影響を及ぼしていくことを「生産波及効果」という。
B6: 生産波及効果分析では、産業間の因果連鎖に起因する生産波及効果のメカニズムを基に、最終的に各産業部門において誘発される生産額を測定する。
B7: 測定の道具として、「投入係数」と「逆行列係数」を使用する。
B8: 生産波及効果には、「生産誘発効果」と「粗付加価値誘発効果」とがある。
B9: このうち「生産誘発効果」には、原材料消費による誘発効果と雇用者所得（賃金・給与等）など家計を通じて消費支出される最終需要の増加による誘発効果などがある。
B10: 波及効果（誘発効果）は、直接効果と間接波及効果（第１次、第２次……）に分けられる。
B11: 例えば、ある産業で 100億円の生産があった場合、直接効果は 100億円の生産そのものであり、間接波及効果は 100億円の生産活動に伴う原材料消費や民間消費支出による誘発効果である。
A13: （２）分析の基本的仮定
B14: ① 平成27年の産業構造において分析しており、「投入係数」「逆行列係数」を一定と仮定している。
B15: ② 価格は平成27年価格である。
B16: ③ 企業に過剰在庫が存在せず、需要に対しては、常に生産を行って供給する。
B17: ④ 企業の生産能力に限界がなく、あらゆる需要にこたえられる。
B18: ⑤ 一つの生産物は、ただ一つの生産部門（産業）から供給される。
B19: ⑥ 原材料等の投入量は、その部門の生産量に比例する。
B20: ⑦ 各部門が生産活動を個別に行った効果の和は、それら部門が同時に行ったときの総効果に等しい。
B21: ⑧ 生産波及効果が達成される期間は、不明である。
A23: （３）分析の前提条件
B24: ①本事例では、各産業部門の平均的な投入構造によることとする。例えば、建設業であれば「建設部門」を１部門とする「投入係数」を用いて推計する。
B25: ②波及効果の測定には、39部門表（平成27年表）を用い、最終需要増加に伴う原材料による波及効果、付加価値による波及効果の２段階に分けて行う。
B26: ③就業者数は、生産額に比例して増加することとする。
B27: ④粗付加価値については、雇用者報酬の一定割合が、最終需要（消費）にまわるものとする。
B28: これを所得の消費への転換と呼び、その一定割合を「消費への転換比率」という。
B29: （注）雇用者報酬の消費への転換比率は、一般的に使われる「平均消費性向」（資料：総務省「家計調査」）を用いた。
A32: （４）その他
B33: ①生産波及効果分析では、新しく生み出された雇用者所得が、新たに消費需要の増加となって再び生産を誘発する過程を対象にした。
B34: 計算上は次々に効果が波及していき、誘発される生産額が０になるまで分析は可能である。
B35: 実際には、生産波及過程で、「波及の中断」やタイム・ラグの問題などもあると考えられるが、分析の対象を、第２次間接波及効果までに限定した。
B36: ②雇用者報酬の外に営業余剰なども、一部、消費や投資に向って新たな需要を喚起する。
B37: その転換比率となる指標に資料上の制約があり、比率が明確か、推定可能な特別の場合を除き、あまり計算されないため、計測の対象外とした。

Sheet 最終需要_まとめ
A1: 事例1 産業連関分析（39部門別ワークシート）
A2: 各部門(39部門）の生産額（最終需要額）が増加した場合の域内への経済波及効果
A3: 部門別最終需要額 | C3: ﾃﾞｰﾀ入力欄 | J3: 雇用者報酬への転換比率
C4: 最終需要額 | D4: 経済波及効果（まとめ） | F4: （百万円、人） | H4: 備考 | K4: 平均消費性向（勤労者世帯）
C5: （百万円） | D5: 生産誘発額 | E5: 付加価値誘発額 | F5: 就業者誘発数 | G5: 雇用者誘発数 | H5: ﾜｰｸｼｰﾄ | K5: 神戸市 | L5: 近畿
A6: １ | B6: 農業 | C6: 100 | D6: ='1'!S44 -> 106.43592 | E6: ='1'!U44 -> 52.606091 | F6: ='1'!W44 -> 108 | G6: ='1'!Y44 -> 0 | H6: 1 | J6: 平成9年平均 | K6: 0.756 | L6: 0.732
A7: 2 | B7: 林業 | C7: 100 | D7: ='2'!S44 -> 100 | E7: ='2'!U44 -> 0 | F7: ='2'!W44 -> 0 | G7: ='2'!Y44 -> 0 | H7: 2 | J7: 平成10年平均 | K7: 0.741 | L7: 0.711
A8: 3 | B8: 漁業 | C8: 100 | D8: ='3'!S44 -> 114.29659 | E8: ='3'!U44 -> 60.143985 | F8: ='3'!W44 -> 9 | G8: ='3'!Y44 -> 0 | H8: 3 | J8: 平成11年平均 | K8: 0.905 | L8: 0.736
A9: 4 | B9: 鉱業 | C9: 100 | D9: ='4'!S44 -> 120.46793 | E9: ='4'!U44 -> 71.841588 | F9: ='4'!W44 -> 2 | G9: ='4'!Y44 -> 1 | H9: 4 | J9: 平成12年平均 | K9: 0.871 | L9: 0.743
A10: 5 | B10: 飲食料品 | C10: 100 | D10: ='5'!S44 -> 113.90068 | E10: ='5'!U44 -> 39.84287 | F10: ='5'!W44 -> 8 | G10: ='5'!Y44 -> 6 | H10: 5 | J10: 平成13年平均 | K10: 0.825 | L10: 0.735
A11: 6 | B11: 繊維製品 | C11: 100 | D11: ='6'!S44 -> 112.57575 | E11: ='6'!U44 -> 46.361353 | F11: ='6'!W44 -> 5 | G11: ='6'!Y44 -> 5 | H11: 6 | J11: 平成14年平均 | K11: 0.869 | L11: 0.765
A12: 7 | B12: パルプ・紙・木製品 | C12: 100 | D12: ='7'!S44 -> 117.21598 | E12: ='7'!U44 -> 45.530066 | F12: ='7'!W44 -> 7 | G12: ='7'!Y44 -> 7 | H12: 7 | J12: 平成15年平均 | K12: 0.804 | L12: 0.749
A13: 8 | B13: 化学製品 | C13: 100 | D13: ='8'!S44 -> 111.53516 | E13: ='8'!U44 -> 37.063498 | F13: ='8'!W44 -> 4 | G13: ='8'!Y44 -> 3 | H13: 8 | J13: 平成16年平均 | K13: 0.786 | L13: 0.736
A14: 9 | B14: 石油・石炭製品 | C14: 100 | D14: ='9'!S44 -> 104.00389 | E14: ='9'!U44 -> 31.224341 | F14: ='9'!W44 -> 0 | G14: ='9'!Y44 -> 0 | H14: 9 | J14: 平成17年平均 | K14: 0.694 | L14: 0.751
A15: 10 | B15: プラスチック・ゴム製品 | C15: 100 | D15: ='10'!S44 -> 114.57569 | E15: ='10'!U44 -> 40.642469 | F15: ='10'!W44 -> 6 | G15: ='10'!Y44 -> 4 | H15: 10 | J15: 平成18年平均 | K15: 0.663 | L15: 0.735
A16: 11 | B16: 窯業・土石製品 | C16: 100 | D16: ='11'!S44 -> 126.42984 | E16: ='11'!U44 -> 60.56158 | F16: ='11'!W44 -> 4 | G16: ='11'!Y44 -> 4 | H16: 11 | J16: 平成19年平均 | K16: 0.66 | L16: 0.722
A17: 12 | B17: 鉄鋼 | C17: 100 | D17: ='12'!S44 -> 120.55654 | E17: ='12'!U44 -> 31.063037 | F17: ='12'!W44 -> 1 | G17: ='12'!Y44 -> 1 | H17: 12 | J17: 平成20年平均 | K17: 0.693 | L17: 0.739
A18: 13 | B18: 非鉄金属 | C18: 100 | D18: ='13'!S44 -> 122.70286 | E18: ='13'!U44 -> 30.774375 | F18: ='13'!W44 -> 2 | G18: ='13'!Y44 -> 2 | H18: 13 | J18: 平成21年平均 | K18: 0.758 | L18: 0.742
A19: 14 | B19: 金属製品 | C19: 100 | D19: ='14'!S44 -> 125.12867 | E19: ='14'!U44 -> 54.632022 | F19: ='14'!W44 -> 4 | G19: ='14'!Y44 -> 4 | H19: 14 | J19: 平成22年平均 | K19: 0.752 | L19: 0.722
A20: 15 | B20: はん用機械 | C20: 100 | D20: ='15'!S44 -> 121.45629 | E20: ='15'!U44 -> 51.96014 | F20: ='15'!W44 -> 3 | G20: ='15'!Y44 -> 2 | H20: 15 | J20: 平成23年平均 | K20: 0.719 | L20: 0.744
A21: 16 | B21: 生産用機械 | C21: 100 | D21: ='16'!S44 -> 117.38268 | E21: ='16'!U44 -> 53.238716 | F21: ='16'!W44 -> 5 | G21: ='16'!Y44 -> 5 | H21: 16 | J21: 平成24年平均 | K21: 0.826 | L21: 0.75
A22: 17 | B22: 業務用機械 | C22: 100 | D22: ='17'!S44 -> 122.17883 | E22: ='17'!U44 -> 50.540234 | F22: ='17'!W44 -> 7 | G22: ='17'!Y44 -> 7 | H22: 17 | J22: 平成25年平均 | K22: 0.844 | L22: 0.762
A23: 18 | B23: 電子部品 | C23: 100 | D23: ='18'!S44 -> 118.44514 | E23: ='18'!U44 -> 45.171123 | F23: ='18'!W44 -> 2 | G23: ='18'!Y44 -> 0 | H23: 18 | J23: 平成26年平均 | K23: 0.945 | L23: 0.772
A24: 19 | B24: 電気機械 | C24: 100 | D24: ='19'!S44 -> 118.9537 | E24: ='19'!U44 -> 43.2366 | F24: ='19'!W44 -> 4 | G24: ='19'!Y44 -> 4 | H24: 19 | J24: 平成27年平均 | K24: 0.808 | L24: 0.742
A25: 20 | B25: 情報通信機器 | C25: 100 | D25: ='20'!S44 -> 113.06005 | E25: ='20'!U44 -> 39.291581 | F25: ='20'!W44 -> 0 | G25: ='20'!Y44 -> 0 | H25: 20 | J25: 平成28年平均 | K25: 0.827 | L25: 0.696
A26: 21 | B26: 輸送機械 | C26: 100 | D26: ='21'!S44 -> 125.56249 | E26: ='21'!U44 -> 30.706296 | F26: ='21'!W44 -> 1 | G26: ='21'!Y44 -> 1 | H26: 21 | J26: 平成29年平均 | K26: 0.78 | L26: 0.714
A27: 22 | B27: その他の製造工業製品 | C27: 100 | D27: ='22'!S44 -> 119.6658 | E27: ='22'!U44 -> 51.916869 | F27: ='22'!W44 -> 7 | G27: ='22'!Y44 -> 3 | H27: 22 | J27: 平成30年平均 | K27: 0.828 | L27: 0.682
A28: 23 | B28: 建設 | C28: 100 | D28: ='23'!S44 -> 133.68852 | E28: ='23'!U44 -> 63.040923 | F28: ='23'!W44 -> 13 | G28: ='23'!Y44 -> 9 | H28: 23 | J28: 令和元年平均 | K28: 0.672 | L28: 0.679
A29: 24 | B29: 電力・ガス・熱供給 | C29: 100 | D29: ='24'!S44 -> 115.3017 | E29: ='24'!U44 -> 43.520496 | F29: ='24'!W44 -> 1 | G29: ='24'!Y44 -> 1 | H29: 24 | J29: 令和２年平均 | K29: 0.598 | L29: 0.611
A30: 25 | B30: 水道 | C30: 100 | D30: ='25'!S44 -> 134.07276 | E30: ='25'!U44 -> 67.074273 | F30: ='25'!W44 -> 4 | G30: ='25'!Y44 -> 3 | H30: 25 | J30: 令和3年平均 | K30: 0.713 | L30: 0.622
A31: 26 | B31: 廃棄物処理 | C31: 100 | D31: ='26'!S44 -> 123.98641 | E31: ='26'!U44 -> 79.695101 | F31: ='26'!W44 -> 4 | G31: ='26'!Y44 -> 4 | H31: 26 | J31: 令和4年平均 | K31: 0.64 | L31: 0.649
A32: 27 | B32: 商業 | C32: 100 | D32: ='27'!S44 -> 123.58368 | E32: ='27'!U44 -> 85.589102 | F32: ='27'!W44 -> 37 | G32: ='27'!Y44 -> 26 | H32: 27 | J32: （資料）総務省「家計調査」 | L32: ﾃﾞｰﾀ入力欄
A33: 28 | B33: 金融・保険 | C33: 100 | D33: ='28'!S44 -> 123.54547 | E33: ='28'!U44 -> 79.832201 | F33: ='28'!W44 -> 6 | G33: ='28'!Y44 -> 4 | H33: 28 | J33: 雇用者報酬転換比率 | K33: 0.65 | L33: 0.627
A34: 29 | B34: 不動産 | C34: 100 | D34: ='29'!S44 -> 106.4361 | E34: ='29'!U44 -> 92.541861 | F34: ='29'!W44 -> 1 | G34: ='29'!Y44 -> 0 | H34: 29
A35: 30 | B35: 運輸・郵便 | C35: 100 | D35: ='30'!S44 -> 125.45166 | E35: ='30'!U44 -> 81.673278 | F35: ='30'!W44 -> 10 | G35: ='30'!Y44 -> 8 | H35: 30
A36: 31 | B36: 情報通信 | C36: 100 | D36: ='31'!S44 -> 132.19061 | E36: ='31'!U44 -> 78.392034 | F36: ='31'!W44 -> 10 | G36: ='31'!Y44 -> 11 | H36: 31
A37: 32 | B37: 公務 | C37: 100 | D37: ='32'!S44 -> 124.43757 | E37: ='32'!U44 -> 85.710045 | F37: ='32'!W44 -> 6 | G37: ='32'!Y44 -> 6 | H37: 32
A38: 33 | B38: 教育・研究 | C38: 100 | D38: ='33'!S44 -> 124.40349 | E38: ='33'!U44 -> 90.737516 | F38: ='33'!W44 -> 12 | G38: ='33'!Y44 -> 8 | H38: 33
A39: 34 | B39: 医療・福祉 | C39: 100 | D39: ='34'!S44 -> 122.53506 | E39: ='34'!U44 -> 69.6384 | F39: ='34'!W44 -> 17 | G39: ='34'!Y44 -> 16 | H39: 34
A40: 35 | B40: 他に分類されない会員制団体 | C40: 100 | D40: ='35'!S44 -> 124.57711 | E40: ='35'!U44 -> 71.796823 | F40: ='35'!W44 -> 10 | G40: ='35'!Y44 -> 9 | H40: 35
A41: 36 | B41: 対事業所サービス | C41: 100 | D41: ='36'!S44 -> 125.41962 | E41: ='36'!U44 -> 76.953776 | F41: ='36'!W44 -> 18 | G41: ='36'!Y44 -> 14 | H41: 36
A42: 37 | B42: 対個人サービス | C42: 100 | D42: ='37'!S44 -> 117.91495 | E42: ='37'!U44 -> 55.924551 | F42: ='37'!W44 -> 28 | G42: ='37'!Y44 -> 17 | H42: 37
A43: 38 | B43: 事務用品 | C43: 100 | D43: ='38'!S44 -> 119.83551 | E43: ='38'!U44 -> 9.7549983 | F43: ='38'!W44 -> 0 | G43: ='38'!Y44 -> 0 | H43: 38
A44: 39 | B44: 分類不明 | C44: 100 | D44: ='39'!S44 -> 136.34025 | E44: ='39'!U44 -> 55.485733 | F44: ='39'!W44 -> 2 | G44: ='39'!Y44 -> 3 | H44: 39
B45: 合計 | C45: =SUM(C6:C44) -> 3900 | D45: =SUM(D6:D44) -> 4680.2509 | E45: =SUM(E6:E44) -> 2155.7099 | F45: =SUM(F6:F44) -> 368 | G45: =SUM(G6:G44) -> 198
A46: =取引基本表!$E$1 -> 2015年播磨町産業連関表
A47: ・雇用者誘発数の基礎となる雇用係数は、「2015年兵庫県産業連関表・雇用表（39部門分類）」を使用
A48: ・平均消費性向は家計調査年報近畿の値を使用し、波及効果の試算は2次波及まで
A49: ・2次波及試算にあたっては、域内産品自給率（純粋の域内への波及効果）を考慮

Sheet 部門別まとめ
A1: 事例1 産業連関分析（39部門別ワークシート）
A2: 各部門(39部門）の生産額（最終需要額）が増加した場合の域内への経済波及効果 | P2: 市町内総生産（名目） | R2: （単位：百万円）
A3: 部門別最終需要額（39部門別） | I3: 経済波及効果まとめ
C4: 経済波及効果（まとめ） | E4: （百万円、人） | G4: 備考 | J4: 生産誘発額 | K4: 粗付加価値誘発額 | L4: 就業者誘発数 | M4: うち雇用者誘発数 | P4: 区分 | Q4: 令和元年度 | R4: 令和2年度
C5: 生産誘発額 | D5: 付加価値誘発額 | E5: 就業者誘発数 | F5: 雇用者誘発数 | G5: ﾜｰｸｼｰﾄ | J5: （百万円） | K5: （百万円） | L5: （人） | M5: （人） | P5: 市町名 | Q5: 2019 | R5: 2020
A6: １ | B6: 農業 | C6: ='1'!S5+'2'!S5+'3'!S5+'4'!S5+'5'!S5+'6'!S5+'7'!S5+'8'!S5+'9'!S5+'10'!S5+'11'!S5+'12'!S5+'13'!S5+'14'!S5+'15'!S5+'16'!S5+'17'!S5+'18'!S5+'19'!S5+'20'!S5+'21'!S5+'22'!S5+'23'!S5+'24'!S5+'25'!S5+'26'!S5+'27'!S5+'28'!S5+'29'!S5+'30'!S5+'31'!S5+'32'!S5+'33'!S5+'34'!S5+'35'!S5+'36'!S5+'37'!S5+'38'!S5+'39'!S5 -> 101.12825 | D6: ='1'!U5+'2'!U5+'3'!U5+'4'!U5+'5'!U5+'6'!U5+'7'!U5+'8'!U5+'9'!U5+'10'!U5+'11'!U5+'12'!U5+'13'!U5+'14'!U5+'15'!U5+'16'!U5+'17'!U5+'18'!U5+'19'!U5+'20'!U5+'21'!U5+'22'!U5+'23'!U5+'24'!U5+'25'!U5+'26'!U5+'27'!U5+'28'!U5+'29'!U5+'30'!U5+'31'!U5+'32'!U5+'33'!U5+'34'!U5+'35'!U5+'36'!U5+'37'!U5+'38'!U5+'39'!U5 -> 49.031881 | E6: ='1'!W5+'2'!W5+'3'!W5+'4'!W5+'5'!W5+'6'!W5+'7'!W5+'8'!W5+'9'!W5+'10'!W5+'11'!W5+'12'!W5+'13'!W5+'14'!W5+'15'!W5+'16'!W5+'17'!W5+'18'!W5+'19'!W5+'20'!W5+'21'!W5+'22'!W5+'23'!W5+'24'!W5+'25'!W5+'26'!W5+'27'!W5+'28'!W5+'29'!W5+'30'!W5+'31'!W5+'32'!W5+'33'!W5+'34'!W5+'35'!W5+'36'!W5+'37'!W5+'38'!W5+'39'!W5 -> 109 | F6: ='1'!Y5+'2'!Y5+'3'!Y5+'4'!Y5+'5'!Y5+'6'!Y5+'7'!Y5+'8'!Y5+'9'!Y5+'10'!Y5+'11'!Y5+'12'!Y5+'13'!Y5+'14'!Y5+'15'!Y5+'16'!Y5+'17'!Y5+'18'!Y5+'19'!Y5+'20'!Y5+'21'!Y5+'22'!Y5+'23'!Y5+'24'!Y5+'25'!Y5+'26'!Y5+'27'!Y5+'28'!Y5+'29'!Y5+'30'!Y5+'31'!Y5+'32'!Y5+'33'!Y5+'34'!Y5+'35'!Y5+'36'!Y5+'37'!Y5+'38'!Y5+'39'!Y5 -> 0 | G6: 1 | I6: 経済波及効果(A) | J6: =C45 -> 4680.2509 | K6: =D45 -> 2155.7099 | L6: =E45 -> 368 | M6: =F45 -> 198 | P6: 県計 | Q6: 22311703 | R6: 21735871
A7: 2 | B7: 林業 | C7: ='1'!S6+'2'!S6+'3'!S6+'4'!S6+'5'!S6+'6'!S6+'7'!S6+'8'!S6+'9'!S6+'10'!S6+'11'!S6+'12'!S6+'13'!S6+'14'!S6+'15'!S6+'16'!S6+'17'!S6+'18'!S6+'19'!S6+'20'!S6+'21'!S6+'22'!S6+'23'!S6+'24'!S6+'25'!S6+'26'!S6+'27'!S6+'28'!S6+'29'!S6+'30'!S6+'31'!S6+'32'!S6+'33'!S6+'34'!S6+'35'!S6+'36'!S6+'37'!S6+'38'!S6+'39'!S6 -> 100 | D7: ='1'!U6+'2'!U6+'3'!U6+'4'!U6+'5'!U6+'6'!U6+'7'!U6+'8'!U6+'9'!U6+'10'!U6+'11'!U6+'12'!U6+'13'!U6+'14'!U6+'15'!U6+'16'!U6+'17'!U6+'18'!U6+'19'!U6+'20'!U6+'21'!U6+'22'!U6+'23'!U6+'24'!U6+'25'!U6+'26'!U6+'27'!U6+'28'!U6+'29'!U6+'30'!U6+'31'!U6+'32'!U6+'33'!U6+'34'!U6+'35'!U6+'36'!U6+'37'!U6+'38'!U6+'39'!U6 -> 0 | E7: ='1'!W6+'2'!W6+'3'!W6+'4'!W6+'5'!W6+'6'!W6+'7'!W6+'8'!W6+'9'!W6+'10'!W6+'11'!W6+'12'!W6+'13'!W6+'14'!W6+'15'!W6+'16'!W6+'17'!W6+'18'!W6+'19'!W6+'20'!W6+'21'!W6+'22'!W6+'23'!W6+'24'!W6+'25'!W6+'26'!W6+'27'!W6+'28'!W6+'29'!W6+'30'!W6+'31'!W6+'32'!W6+'33'!W6+'34'!W6+'35'!W6+'36'!W6+'37'!W6+'38'!W6+'39'!W6 -> 0 | F7: ='1'!Y6+'2'!Y6+'3'!Y6+'4'!Y6+'5'!Y6+'6'!Y6+'7'!Y6+'8'!Y6+'9'!Y6+'10'!Y6+'11'!Y6+'12'!Y6+'13'!Y6+'14'!Y6+'15'!Y6+'16'!Y6+'17'!Y6+'18'!Y6+'19'!Y6+'20'!Y6+'21'!Y6+'22'!Y6+'23'!Y6+'24'!Y6+'25'!Y6+'26'!Y6+'27'!Y6+'28'!Y6+'29'!Y6+'30'!Y6+'31'!Y6+'32'!Y6+'33'!Y6+'34'!Y6+'35'!Y6+'36'!Y6+'37'!Y6+'38'!Y6+'39'!Y6 -> 0 | G7: 2 | I7: 当初需要額・域内GDP(B) | J7: =最終需要_まとめ!C45 -> 3900 | K7: =Q34 -> 178102 | L7: － | M7: － | P7: 神戸市 | Q7: 7098009 | R7: 6903478
A8: 3 | B8: 漁業 | C8: ='1'!S7+'2'!S7+'3'!S7+'4'!S7+'5'!S7+'6'!S7+'7'!S7+'8'!S7+'9'!S7+'10'!S7+'11'!S7+'12'!S7+'13'!S7+'14'!S7+'15'!S7+'16'!S7+'17'!S7+'18'!S7+'19'!S7+'20'!S7+'21'!S7+'22'!S7+'23'!S7+'24'!S7+'25'!S7+'26'!S7+'27'!S7+'28'!S7+'29'!S7+'30'!S7+'31'!S7+'32'!S7+'33'!S7+'34'!S7+'35'!S7+'36'!S7+'37'!S7+'38'!S7+'39'!S7 -> 109.03429 | D8: ='1'!U7+'2'!U7+'3'!U7+'4'!U7+'5'!U7+'6'!U7+'7'!U7+'8'!U7+'9'!U7+'10'!U7+'11'!U7+'12'!U7+'13'!U7+'14'!U7+'15'!U7+'16'!U7+'17'!U7+'18'!U7+'19'!U7+'20'!U7+'21'!U7+'22'!U7+'23'!U7+'24'!U7+'25'!U7+'26'!U7+'27'!U7+'28'!U7+'29'!U7+'30'!U7+'31'!U7+'32'!U7+'33'!U7+'34'!U7+'35'!U7+'36'!U7+'37'!U7+'38'!U7+'39'!U7 -> 56.979211 | E8: ='1'!W7+'2'!W7+'3'!W7+'4'!W7+'5'!W7+'6'!W7+'7'!W7+'8'!W7+'9'!W7+'10'!W7+'11'!W7+'12'!W7+'13'!W7+'14'!W7+'15'!W7+'16'!W7+'17'!W7+'18'!W7+'19'!W7+'20'!W7+'21'!W7+'22'!W7+'23'!W7+'24'!W7+'25'!W7+'26'!W7+'27'!W7+'28'!W7+'29'!W7+'30'!W7+'31'!W7+'32'!W7+'33'!W7+'34'!W7+'35'!W7+'36'!W7+'37'!W7+'38'!W7+'39'!W7 -> 9 | F8: ='1'!Y7+'2'!Y7+'3'!Y7+'4'!Y7+'5'!Y7+'6'!Y7+'7'!Y7+'8'!Y7+'9'!Y7+'10'!Y7+'11'!Y7+'12'!Y7+'13'!Y7+'14'!Y7+'15'!Y7+'16'!Y7+'17'!Y7+'18'!Y7+'19'!Y7+'20'!Y7+'21'!Y7+'22'!Y7+'23'!Y7+'24'!Y7+'25'!Y7+'26'!Y7+'27'!Y7+'28'!Y7+'29'!Y7+'30'!Y7+'31'!Y7+'32'!Y7+'33'!Y7+'34'!Y7+'35'!Y7+'36'!Y7+'37'!Y7+'38'!Y7+'39'!Y7 -> 0 | G8: 3 | I8: 当初比（C=A/B） | J8: =J6/J7 -> 1.2000643 | K8: =K6/K7*100 -> 1.2103794 | L8: － | M8: － | P8: 阪神南地域 | Q8: 3587529 | R8: 3385318
A9: 4 | B9: 鉱業 | C9: ='1'!S8+'2'!S8+'3'!S8+'4'!S8+'5'!S8+'6'!S8+'7'!S8+'8'!S8+'9'!S8+'10'!S8+'11'!S8+'12'!S8+'13'!S8+'14'!S8+'15'!S8+'16'!S8+'17'!S8+'18'!S8+'19'!S8+'20'!S8+'21'!S8+'22'!S8+'23'!S8+'24'!S8+'25'!S8+'26'!S8+'27'!S8+'28'!S8+'29'!S8+'30'!S8+'31'!S8+'32'!S8+'33'!S8+'34'!S8+'35'!S8+'36'!S8+'37'!S8+'38'!S8+'39'!S8 -> 102.18631 | D9: ='1'!U8+'2'!U8+'3'!U8+'4'!U8+'5'!U8+'6'!U8+'7'!U8+'8'!U8+'9'!U8+'10'!U8+'11'!U8+'12'!U8+'13'!U8+'14'!U8+'15'!U8+'16'!U8+'17'!U8+'18'!U8+'19'!U8+'20'!U8+'21'!U8+'22'!U8+'23'!U8+'24'!U8+'25'!U8+'26'!U8+'27'!U8+'28'!U8+'29'!U8+'30'!U8+'31'!U8+'32'!U8+'33'!U8+'34'!U8+'35'!U8+'36'!U8+'37'!U8+'38'!U8+'39'!U8 -> 60.263723 | E9: ='1'!W8+'2'!W8+'3'!W8+'4'!W8+'5'!W8+'6'!W8+'7'!W8+'8'!W8+'9'!W8+'10'!W8+'11'!W8+'12'!W8+'13'!W8+'14'!W8+'15'!W8+'16'!W8+'17'!W8+'18'!W8+'19'!W8+'20'!W8+'21'!W8+'22'!W8+'23'!W8+'24'!W8+'25'!W8+'26'!W8+'27'!W8+'28'!W8+'29'!W8+'30'!W8+'31'!W8+'32'!W8+'33'!W8+'34'!W8+'35'!W8+'36'!W8+'37'!W8+'38'!W8+'39'!W8 -> 1 | F9: ='1'!Y8+'2'!Y8+'3'!Y8+'4'!Y8+'5'!Y8+'6'!Y8+'7'!Y8+'8'!Y8+'9'!Y8+'10'!Y8+'11'!Y8+'12'!Y8+'13'!Y8+'14'!Y8+'15'!Y8+'16'!Y8+'17'!Y8+'18'!Y8+'19'!Y8+'20'!Y8+'21'!Y8+'22'!Y8+'23'!Y8+'24'!Y8+'25'!Y8+'26'!Y8+'27'!Y8+'28'!Y8+'29'!Y8+'30'!Y8+'31'!Y8+'32'!Y8+'33'!Y8+'34'!Y8+'35'!Y8+'36'!Y8+'37'!Y8+'38'!Y8+'39'!Y8 -> 0 | G9: 4 | I9: 備考 | J9: 2019市町ＧＤＰ（名目値） | P9: 阪神北地域 | Q9: 1982260 | R9: 1908128
A10: 5 | B10: 飲食料品 | C10: ='1'!S9+'2'!S9+'3'!S9+'4'!S9+'5'!S9+'6'!S9+'7'!S9+'8'!S9+'9'!S9+'10'!S9+'11'!S9+'12'!S9+'13'!S9+'14'!S9+'15'!S9+'16'!S9+'17'!S9+'18'!S9+'19'!S9+'20'!S9+'21'!S9+'22'!S9+'23'!S9+'24'!S9+'25'!S9+'26'!S9+'27'!S9+'28'!S9+'29'!S9+'30'!S9+'31'!S9+'32'!S9+'33'!S9+'34'!S9+'35'!S9+'36'!S9+'37'!S9+'38'!S9+'39'!S9 -> 100.68029 | D10: ='1'!U9+'2'!U9+'3'!U9+'4'!U9+'5'!U9+'6'!U9+'7'!U9+'8'!U9+'9'!U9+'10'!U9+'11'!U9+'12'!U9+'13'!U9+'14'!U9+'15'!U9+'16'!U9+'17'!U9+'18'!U9+'19'!U9+'20'!U9+'21'!U9+'22'!U9+'23'!U9+'24'!U9+'25'!U9+'26'!U9+'27'!U9+'28'!U9+'29'!U9+'30'!U9+'31'!U9+'32'!U9+'33'!U9+'34'!U9+'35'!U9+'36'!U9+'37'!U9+'38'!U9+'39'!U9 -> 31.923018 | E10: ='1'!W9+'2'!W9+'3'!W9+'4'!W9+'5'!W9+'6'!W9+'7'!W9+'8'!W9+'9'!W9+'10'!W9+'11'!W9+'12'!W9+'13'!W9+'14'!W9+'15'!W9+'16'!W9+'17'!W9+'18'!W9+'19'!W9+'20'!W9+'21'!W9+'22'!W9+'23'!W9+'24'!W9+'25'!W9+'26'!W9+'27'!W9+'28'!W9+'29'!W9+'30'!W9+'31'!W9+'32'!W9+'33'!W9+'34'!W9+'35'!W9+'36'!W9+'37'!W9+'38'!W9+'39'!W9 -> 7 | F10: ='1'!Y9+'2'!Y9+'3'!Y9+'4'!Y9+'5'!Y9+'6'!Y9+'7'!Y9+'8'!Y9+'9'!Y9+'10'!Y9+'11'!Y9+'12'!Y9+'13'!Y9+'14'!Y9+'15'!Y9+'16'!Y9+'17'!Y9+'18'!Y9+'19'!Y9+'20'!Y9+'21'!Y9+'22'!Y9+'23'!Y9+'24'!Y9+'25'!Y9+'26'!Y9+'27'!Y9+'28'!Y9+'29'!Y9+'30'!Y9+'31'!Y9+'32'!Y9+'33'!Y9+'34'!Y9+'35'!Y9+'36'!Y9+'37'!Y9+'38'!Y9+'39'!Y9 -> 6 | G10: 5 | I10: （資料）兵庫県統計課「市町民経済計算」 | P10: 東播磨地域 | Q10: 2933055 | R10: 2958496
A11: 6 | B11: 繊維製品 | C11: ='1'!S10+'2'!S10+'3'!S10+'4'!S10+'5'!S10+'6'!S10+'7'!S10+'8'!S10+'9'!S10+'10'!S10+'11'!S10+'12'!S10+'13'!S10+'14'!S10+'15'!S10+'16'!S10+'17'!S10+'18'!S10+'19'!S10+'20'!S10+'21'!S10+'22'!S10+'23'!S10+'24'!S10+'25'!S10+'26'!S10+'27'!S10+'28'!S10+'29'!S10+'30'!S10+'31'!S10+'32'!S10+'33'!S10+'34'!S10+'35'!S10+'36'!S10+'37'!S10+'38'!S10+'39'!S10 -> 100 | D11: ='1'!U10+'2'!U10+'3'!U10+'4'!U10+'5'!U10+'6'!U10+'7'!U10+'8'!U10+'9'!U10+'10'!U10+'11'!U10+'12'!U10+'13'!U10+'14'!U10+'15'!U10+'16'!U10+'17'!U10+'18'!U10+'19'!U10+'20'!U10+'21'!U10+'22'!U10+'23'!U10+'24'!U10+'25'!U10+'26'!U10+'27'!U10+'28'!U10+'29'!U10+'30'!U10+'31'!U10+'32'!U10+'33'!U10+'34'!U10+'35'!U10+'36'!U10+'37'!U10+'38'!U10+'39'!U10 -> 38.318378 | E11: ='1'!W10+'2'!W10+'3'!W10+'4'!W10+'5'!W10+'6'!W10+'7'!W10+'8'!W10+'9'!W10+'10'!W10+'11'!W10+'12'!W10+'13'!W10+'14'!W10+'15'!W10+'16'!W10+'17'!W10+'18'!W10+'19'!W10+'20'!W10+'21'!W10+'22'!W10+'23'!W10+'24'!W10+'25'!W10+'26'!W10+'27'!W10+'28'!W10+'29'!W10+'30'!W10+'31'!W10+'32'!W10+'33'!W10+'34'!W10+'35'!W10+'36'!W10+'37'!W10+'38'!W10+'39'!W10 -> 5 | F11: ='1'!Y10+'2'!Y10+'3'!Y10+'4'!Y10+'5'!Y10+'6'!Y10+'7'!Y10+'8'!Y10+'9'!Y10+'10'!Y10+'11'!Y10+'12'!Y10+'13'!Y10+'14'!Y10+'15'!Y10+'16'!Y10+'17'!Y10+'18'!Y10+'19'!Y10+'20'!Y10+'21'!Y10+'22'!Y10+'23'!Y10+'24'!Y10+'25'!Y10+'26'!Y10+'27'!Y10+'28'!Y10+'29'!Y10+'30'!Y10+'31'!Y10+'32'!Y10+'33'!Y10+'34'!Y10+'35'!Y10+'36'!Y10+'37'!Y10+'38'!Y10+'39'!Y10 -> 5 | G11: 6 | P11: 北播磨地域 | Q11: 1278601 | R11: 1266442
A12: 7 | B12: パルプ・紙・木製品 | C12: ='1'!S11+'2'!S11+'3'!S11+'4'!S11+'5'!S11+'6'!S11+'7'!S11+'8'!S11+'9'!S11+'10'!S11+'11'!S11+'12'!S11+'13'!S11+'14'!S11+'15'!S11+'16'!S11+'17'!S11+'18'!S11+'19'!S11+'20'!S11+'21'!S11+'22'!S11+'23'!S11+'24'!S11+'25'!S11+'26'!S11+'27'!S11+'28'!S11+'29'!S11+'30'!S11+'31'!S11+'32'!S11+'33'!S11+'34'!S11+'35'!S11+'36'!S11+'37'!S11+'38'!S11+'39'!S11 -> 105.50601 | D12: ='1'!U11+'2'!U11+'3'!U11+'4'!U11+'5'!U11+'6'!U11+'7'!U11+'8'!U11+'9'!U11+'10'!U11+'11'!U11+'12'!U11+'13'!U11+'14'!U11+'15'!U11+'16'!U11+'17'!U11+'18'!U11+'19'!U11+'20'!U11+'21'!U11+'22'!U11+'23'!U11+'24'!U11+'25'!U11+'26'!U11+'27'!U11+'28'!U11+'29'!U11+'30'!U11+'31'!U11+'32'!U11+'33'!U11+'34'!U11+'35'!U11+'36'!U11+'37'!U11+'38'!U11+'39'!U11 -> 38.057106 | E12: ='1'!W11+'2'!W11+'3'!W11+'4'!W11+'5'!W11+'6'!W11+'7'!W11+'8'!W11+'9'!W11+'10'!W11+'11'!W11+'12'!W11+'13'!W11+'14'!W11+'15'!W11+'16'!W11+'17'!W11+'18'!W11+'19'!W11+'20'!W11+'21'!W11+'22'!W11+'23'!W11+'24'!W11+'25'!W11+'26'!W11+'27'!W11+'28'!W11+'29'!W11+'30'!W11+'31'!W11+'32'!W11+'33'!W11+'34'!W11+'35'!W11+'36'!W11+'37'!W11+'38'!W11+'39'!W11 -> 7 | F12: ='1'!Y11+'2'!Y11+'3'!Y11+'4'!Y11+'5'!Y11+'6'!Y11+'7'!Y11+'8'!Y11+'9'!Y11+'10'!Y11+'11'!Y11+'12'!Y11+'13'!Y11+'14'!Y11+'15'!Y11+'16'!Y11+'17'!Y11+'18'!Y11+'19'!Y11+'20'!Y11+'21'!Y11+'22'!Y11+'23'!Y11+'24'!Y11+'25'!Y11+'26'!Y11+'27'!Y11+'28'!Y11+'29'!Y11+'30'!Y11+'31'!Y11+'32'!Y11+'33'!Y11+'34'!Y11+'35'!Y11+'36'!Y11+'37'!Y11+'38'!Y11+'39'!Y11 -> 7 | G12: 7 | I12: 直接効果 | J12: =最終需要_まとめ!C45 -> 3900 | P12: 中播磨地域 | Q12: 2700326 | R12: 2598785
A13: 8 | B13: 化学製品 | C13: ='1'!S12+'2'!S12+'3'!S12+'4'!S12+'5'!S12+'6'!S12+'7'!S12+'8'!S12+'9'!S12+'10'!S12+'11'!S12+'12'!S12+'13'!S12+'14'!S12+'15'!S12+'16'!S12+'17'!S12+'18'!S12+'19'!S12+'20'!S12+'21'!S12+'22'!S12+'23'!S12+'24'!S12+'25'!S12+'26'!S12+'27'!S12+'28'!S12+'29'!S12+'30'!S12+'31'!S12+'32'!S12+'33'!S12+'34'!S12+'35'!S12+'36'!S12+'37'!S12+'38'!S12+'39'!S12 -> 100 | D13: ='1'!U12+'2'!U12+'3'!U12+'4'!U12+'5'!U12+'6'!U12+'7'!U12+'8'!U12+'9'!U12+'10'!U12+'11'!U12+'12'!U12+'13'!U12+'14'!U12+'15'!U12+'16'!U12+'17'!U12+'18'!U12+'19'!U12+'20'!U12+'21'!U12+'22'!U12+'23'!U12+'24'!U12+'25'!U12+'26'!U12+'27'!U12+'28'!U12+'29'!U12+'30'!U12+'31'!U12+'32'!U12+'33'!U12+'34'!U12+'35'!U12+'36'!U12+'37'!U12+'38'!U12+'39'!U12 -> 30.398168 | E13: ='1'!W12+'2'!W12+'3'!W12+'4'!W12+'5'!W12+'6'!W12+'7'!W12+'8'!W12+'9'!W12+'10'!W12+'11'!W12+'12'!W12+'13'!W12+'14'!W12+'15'!W12+'16'!W12+'17'!W12+'18'!W12+'19'!W12+'20'!W12+'21'!W12+'22'!W12+'23'!W12+'24'!W12+'25'!W12+'26'!W12+'27'!W12+'28'!W12+'29'!W12+'30'!W12+'31'!W12+'32'!W12+'33'!W12+'34'!W12+'35'!W12+'36'!W12+'37'!W12+'38'!W12+'39'!W12 -> 3 | F13: ='1'!Y12+'2'!Y12+'3'!Y12+'4'!Y12+'5'!Y12+'6'!Y12+'7'!Y12+'8'!Y12+'9'!Y12+'10'!Y12+'11'!Y12+'12'!Y12+'13'!Y12+'14'!Y12+'15'!Y12+'16'!Y12+'17'!Y12+'18'!Y12+'19'!Y12+'20'!Y12+'21'!Y12+'22'!Y12+'23'!Y12+'24'!Y12+'25'!Y12+'26'!Y12+'27'!Y12+'28'!Y12+'29'!Y12+'30'!Y12+'31'!Y12+'32'!Y12+'33'!Y12+'34'!Y12+'35'!Y12+'36'!Y12+'37'!Y12+'38'!Y12+'39'!Y12 -> 3 | G13: 8 | I13: 第一次間接効果 | J13: ='1'!H44+'2'!H44+'3'!H44+'4'!H44+'5'!H44+'6'!H44+'7'!H44+'8'!H44+'9'!H44+'10'!H44+'11'!H44+'12'!H44+'13'!H44+'14'!H44+'15'!H44+'16'!H44+'17'!H44+'18'!H44+'19'!H44+'20'!H44+'21'!H44+'22'!H44+'23'!H44+'24'!H44+'25'!H44+'26'!H44+'27'!H44+'28'!H44+'29'!H44+'30'!H44+'31'!H44+'32'!H44+'33'!H44+'34'!H44+'35'!H44+'36'!H44+'37'!H44+'38'!H44+'39'!H44 -> 533.94797 | P13: 西播磨地域 | Q13: 1115874 | R13: 1131429
A14: 9 | B14: 石油・石炭製品 | C14: ='1'!S13+'2'!S13+'3'!S13+'4'!S13+'5'!S13+'6'!S13+'7'!S13+'8'!S13+'9'!S13+'10'!S13+'11'!S13+'12'!S13+'13'!S13+'14'!S13+'15'!S13+'16'!S13+'17'!S13+'18'!S13+'19'!S13+'20'!S13+'21'!S13+'22'!S13+'23'!S13+'24'!S13+'25'!S13+'26'!S13+'27'!S13+'28'!S13+'29'!S13+'30'!S13+'31'!S13+'32'!S13+'33'!S13+'34'!S13+'35'!S13+'36'!S13+'37'!S13+'38'!S13+'39'!S13 -> 103.66287 | D14: ='1'!U13+'2'!U13+'3'!U13+'4'!U13+'5'!U13+'6'!U13+'7'!U13+'8'!U13+'9'!U13+'10'!U13+'11'!U13+'12'!U13+'13'!U13+'14'!U13+'15'!U13+'16'!U13+'17'!U13+'18'!U13+'19'!U13+'20'!U13+'21'!U13+'22'!U13+'23'!U13+'24'!U13+'25'!U13+'26'!U13+'27'!U13+'28'!U13+'29'!U13+'30'!U13+'31'!U13+'32'!U13+'33'!U13+'34'!U13+'35'!U13+'36'!U13+'37'!U13+'38'!U13+'39'!U13 -> 29.915057 | E14: ='1'!W13+'2'!W13+'3'!W13+'4'!W13+'5'!W13+'6'!W13+'7'!W13+'8'!W13+'9'!W13+'10'!W13+'11'!W13+'12'!W13+'13'!W13+'14'!W13+'15'!W13+'16'!W13+'17'!W13+'18'!W13+'19'!W13+'20'!W13+'21'!W13+'22'!W13+'23'!W13+'24'!W13+'25'!W13+'26'!W13+'27'!W13+'28'!W13+'29'!W13+'30'!W13+'31'!W13+'32'!W13+'33'!W13+'34'!W13+'35'!W13+'36'!W13+'37'!W13+'38'!W13+'39'!W13 -> 0 | F14: ='1'!Y13+'2'!Y13+'3'!Y13+'4'!Y13+'5'!Y13+'6'!Y13+'7'!Y13+'8'!Y13+'9'!Y13+'10'!Y13+'11'!Y13+'12'!Y13+'13'!Y13+'14'!Y13+'15'!Y13+'16'!Y13+'17'!Y13+'18'!Y13+'19'!Y13+'20'!Y13+'21'!Y13+'22'!Y13+'23'!Y13+'24'!Y13+'25'!Y13+'26'!Y13+'27'!Y13+'28'!Y13+'29'!Y13+'30'!Y13+'31'!Y13+'32'!Y13+'33'!Y13+'34'!Y13+'35'!Y13+'36'!Y13+'37'!Y13+'38'!Y13+'39'!Y13 -> 0 | G14: 9 | I14: 第二次間接効果 | J14: ='1'!R44+'2'!R44+'3'!R44+'4'!R44+'5'!R44+'6'!R44+'7'!R44+'8'!R44+'9'!R44+'10'!R44+'11'!R44+'12'!R44+'13'!R44+'14'!R44+'15'!R44+'16'!R44+'17'!R44+'18'!R44+'19'!R44+'20'!R44+'21'!R44+'22'!R44+'23'!R44+'24'!R44+'25'!R44+'26'!R44+'27'!R44+'28'!R44+'29'!R44+'30'!R44+'31'!R44+'32'!R44+'33'!R44+'34'!R44+'35'!R44+'36'!R44+'37'!R44+'38'!R44+'39'!R44 -> 246.29746 | P14: 但馬地域 | Q14: 672561 | R14: 686870
A15: 10 | B15: プラスチック・ゴム製品 | C15: ='1'!S14+'2'!S14+'3'!S14+'4'!S14+'5'!S14+'6'!S14+'7'!S14+'8'!S14+'9'!S14+'10'!S14+'11'!S14+'12'!S14+'13'!S14+'14'!S14+'15'!S14+'16'!S14+'17'!S14+'18'!S14+'19'!S14+'20'!S14+'21'!S14+'22'!S14+'23'!S14+'24'!S14+'25'!S14+'26'!S14+'27'!S14+'28'!S14+'29'!S14+'30'!S14+'31'!S14+'32'!S14+'33'!S14+'34'!S14+'35'!S14+'36'!S14+'37'!S14+'38'!S14+'39'!S14 -> 110.76998 | D15: ='1'!U14+'2'!U14+'3'!U14+'4'!U14+'5'!U14+'6'!U14+'7'!U14+'8'!U14+'9'!U14+'10'!U14+'11'!U14+'12'!U14+'13'!U14+'14'!U14+'15'!U14+'16'!U14+'17'!U14+'18'!U14+'19'!U14+'20'!U14+'21'!U14+'22'!U14+'23'!U14+'24'!U14+'25'!U14+'26'!U14+'27'!U14+'28'!U14+'29'!U14+'30'!U14+'31'!U14+'32'!U14+'33'!U14+'34'!U14+'35'!U14+'36'!U14+'37'!U14+'38'!U14+'39'!U14 -> 35.817601 | E15: ='1'!W14+'2'!W14+'3'!W14+'4'!W14+'5'!W14+'6'!W14+'7'!W14+'8'!W14+'9'!W14+'10'!W14+'11'!W14+'12'!W14+'13'!W14+'14'!W14+'15'!W14+'16'!W14+'17'!W14+'18'!W14+'19'!W14+'20'!W14+'21'!W14+'22'!W14+'23'!W14+'24'!W14+'25'!W14+'26'!W14+'27'!W14+'28'!W14+'29'!W14+'30'!W14+'31'!W14+'32'!W14+'33'!W14+'34'!W14+'35'!W14+'36'!W14+'37'!W14+'38'!W14+'39'!W14 -> 5 | F15: ='1'!Y14+'2'!Y14+'3'!Y14+'4'!Y14+'5'!Y14+'6'!Y14+'7'!Y14+'8'!Y14+'9'!Y14+'10'!Y14+'11'!Y14+'12'!Y14+'13'!Y14+'14'!Y14+'15'!Y14+'16'!Y14+'17'!Y14+'18'!Y14+'19'!Y14+'20'!Y14+'21'!Y14+'22'!Y14+'23'!Y14+'24'!Y14+'25'!Y14+'26'!Y14+'27'!Y14+'28'!Y14+'29'!Y14+'30'!Y14+'31'!Y14+'32'!Y14+'33'!Y14+'34'!Y14+'35'!Y14+'36'!Y14+'37'!Y14+'38'!Y14+'39'!Y14 -> 4 | G15: 10 | I15: 計 | J15: =J12+J13+J14 -> 4680.2454 | P15: 丹波地域 | Q15: 474157 | R15: 451615
A16: 11 | B16: 窯業・土石製品 | C16: ='1'!S15+'2'!S15+'3'!S15+'4'!S15+'5'!S15+'6'!S15+'7'!S15+'8'!S15+'9'!S15+'10'!S15+'11'!S15+'12'!S15+'13'!S15+'14'!S15+'15'!S15+'16'!S15+'17'!S15+'18'!S15+'19'!S15+'20'!S15+'21'!S15+'22'!S15+'23'!S15+'24'!S15+'25'!S15+'26'!S15+'27'!S15+'28'!S15+'29'!S15+'30'!S15+'31'!S15+'32'!S15+'33'!S15+'34'!S15+'35'!S15+'36'!S15+'37'!S15+'38'!S15+'39'!S15 -> 142.9516 | D16: ='1'!U15+'2'!U15+'3'!U15+'4'!U15+'5'!U15+'6'!U15+'7'!U15+'8'!U15+'9'!U15+'10'!U15+'11'!U15+'12'!U15+'13'!U15+'14'!U15+'15'!U15+'16'!U15+'17'!U15+'18'!U15+'19'!U15+'20'!U15+'21'!U15+'22'!U15+'23'!U15+'24'!U15+'25'!U15+'26'!U15+'27'!U15+'28'!U15+'29'!U15+'30'!U15+'31'!U15+'32'!U15+'33'!U15+'34'!U15+'35'!U15+'36'!U15+'37'!U15+'38'!U15+'39'!U15 -> 65.74759 | E16: ='1'!W15+'2'!W15+'3'!W15+'4'!W15+'5'!W15+'6'!W15+'7'!W15+'8'!W15+'9'!W15+'10'!W15+'11'!W15+'12'!W15+'13'!W15+'14'!W15+'15'!W15+'16'!W15+'17'!W15+'18'!W15+'19'!W15+'20'!W15+'21'!W15+'22'!W15+'23'!W15+'24'!W15+'25'!W15+'26'!W15+'27'!W15+'28'!W15+'29'!W15+'30'!W15+'31'!W15+'32'!W15+'33'!W15+'34'!W15+'35'!W15+'36'!W15+'37'!W15+'38'!W15+'39'!W15 -> 3 | F16: ='1'!Y15+'2'!Y15+'3'!Y15+'4'!Y15+'5'!Y15+'6'!Y15+'7'!Y15+'8'!Y15+'9'!Y15+'10'!Y15+'11'!Y15+'12'!Y15+'13'!Y15+'14'!Y15+'15'!Y15+'16'!Y15+'17'!Y15+'18'!Y15+'19'!Y15+'20'!Y15+'21'!Y15+'22'!Y15+'23'!Y15+'24'!Y15+'25'!Y15+'26'!Y15+'27'!Y15+'28'!Y15+'29'!Y15+'30'!Y15+'31'!Y15+'32'!Y15+'33'!Y15+'34'!Y15+'35'!Y15+'36'!Y15+'37'!Y15+'38'!Y15+'39'!Y15 -> 3 | G16: 11 | P16: 淡路地域 | Q16: 469330 | R16: 445310
A17: 12 | B17: 鉄鋼 | C17: ='1'!S16+'2'!S16+'3'!S16+'4'!S16+'5'!S16+'6'!S16+'7'!S16+'8'!S16+'9'!S16+'10'!S16+'11'!S16+'12'!S16+'13'!S16+'14'!S16+'15'!S16+'16'!S16+'17'!S16+'18'!S16+'19'!S16+'20'!S16+'21'!S16+'22'!S16+'23'!S16+'24'!S16+'25'!S16+'26'!S16+'27'!S16+'28'!S16+'29'!S16+'30'!S16+'31'!S16+'32'!S16+'33'!S16+'34'!S16+'35'!S16+'36'!S16+'37'!S16+'38'!S16+'39'!S16 -> 133.75089 | D17: ='1'!U16+'2'!U16+'3'!U16+'4'!U16+'5'!U16+'6'!U16+'7'!U16+'8'!U16+'9'!U16+'10'!U16+'11'!U16+'12'!U16+'13'!U16+'14'!U16+'15'!U16+'16'!U16+'17'!U16+'18'!U16+'19'!U16+'20'!U16+'21'!U16+'22'!U16+'23'!U16+'24'!U16+'25'!U16+'26'!U16+'27'!U16+'28'!U16+'29'!U16+'30'!U16+'31'!U16+'32'!U16+'33'!U16+'34'!U16+'35'!U16+'36'!U16+'37'!U16+'38'!U16+'39'!U16 -> 32.120036 | E17: ='1'!W16+'2'!W16+'3'!W16+'4'!W16+'5'!W16+'6'!W16+'7'!W16+'8'!W16+'9'!W16+'10'!W16+'11'!W16+'12'!W16+'13'!W16+'14'!W16+'15'!W16+'16'!W16+'17'!W16+'18'!W16+'19'!W16+'20'!W16+'21'!W16+'22'!W16+'23'!W16+'24'!W16+'25'!W16+'26'!W16+'27'!W16+'28'!W16+'29'!W16+'30'!W16+'31'!W16+'32'!W16+'33'!W16+'34'!W16+'35'!W16+'36'!W16+'37'!W16+'38'!W16+'39'!W16 -> 1 | F17: ='1'!Y16+'2'!Y16+'3'!Y16+'4'!Y16+'5'!Y16+'6'!Y16+'7'!Y16+'8'!Y16+'9'!Y16+'10'!Y16+'11'!Y16+'12'!Y16+'13'!Y16+'14'!Y16+'15'!Y16+'16'!Y16+'17'!Y16+'18'!Y16+'19'!Y16+'20'!Y16+'21'!Y16+'22'!Y16+'23'!Y16+'24'!Y16+'25'!Y16+'26'!Y16+'27'!Y16+'28'!Y16+'29'!Y16+'30'!Y16+'31'!Y16+'32'!Y16+'33'!Y16+'34'!Y16+'35'!Y16+'36'!Y16+'37'!Y16+'38'!Y16+'39'!Y16 -> 1 | G17: 12
A18: 13 | B18: 非鉄金属 | C18: ='1'!S17+'2'!S17+'3'!S17+'4'!S17+'5'!S17+'6'!S17+'7'!S17+'8'!S17+'9'!S17+'10'!S17+'11'!S17+'12'!S17+'13'!S17+'14'!S17+'15'!S17+'16'!S17+'17'!S17+'18'!S17+'19'!S17+'20'!S17+'21'!S17+'22'!S17+'23'!S17+'24'!S17+'25'!S17+'26'!S17+'27'!S17+'28'!S17+'29'!S17+'30'!S17+'31'!S17+'32'!S17+'33'!S17+'34'!S17+'35'!S17+'36'!S17+'37'!S17+'38'!S17+'39'!S17 -> 128.92859 | D18: ='1'!U17+'2'!U17+'3'!U17+'4'!U17+'5'!U17+'6'!U17+'7'!U17+'8'!U17+'9'!U17+'10'!U17+'11'!U17+'12'!U17+'13'!U17+'14'!U17+'15'!U17+'16'!U17+'17'!U17+'18'!U17+'19'!U17+'20'!U17+'21'!U17+'22'!U17+'23'!U17+'24'!U17+'25'!U17+'26'!U17+'27'!U17+'28'!U17+'29'!U17+'30'!U17+'31'!U17+'32'!U17+'33'!U17+'34'!U17+'35'!U17+'36'!U17+'37'!U17+'38'!U17+'39'!U17 -> 28.745152 | E18: ='1'!W17+'2'!W17+'3'!W17+'4'!W17+'5'!W17+'6'!W17+'7'!W17+'8'!W17+'9'!W17+'10'!W17+'11'!W17+'12'!W17+'13'!W17+'14'!W17+'15'!W17+'16'!W17+'17'!W17+'18'!W17+'19'!W17+'20'!W17+'21'!W17+'22'!W17+'23'!W17+'24'!W17+'25'!W17+'26'!W17+'27'!W17+'28'!W17+'29'!W17+'30'!W17+'31'!W17+'32'!W17+'33'!W17+'34'!W17+'35'!W17+'36'!W17+'37'!W17+'38'!W17+'39'!W17 -> 2 | F18: ='1'!Y17+'2'!Y17+'3'!Y17+'4'!Y17+'5'!Y17+'6'!Y17+'7'!Y17+'8'!Y17+'9'!Y17+'10'!Y17+'11'!Y17+'12'!Y17+'13'!Y17+'14'!Y17+'15'!Y17+'16'!Y17+'17'!Y17+'18'!Y17+'19'!Y17+'20'!Y17+'21'!Y17+'22'!Y17+'23'!Y17+'24'!Y17+'25'!Y17+'26'!Y17+'27'!Y17+'28'!Y17+'29'!Y17+'30'!Y17+'31'!Y17+'32'!Y17+'33'!Y17+'34'!Y17+'35'!Y17+'36'!Y17+'37'!Y17+'38'!Y17+'39'!Y17 -> 2 | G18: 13 | O18: 100 | P18: 神戸市 | Q18: 7098009 | R18: 6903478
A19: 14 | B19: 金属製品 | C19: ='1'!S18+'2'!S18+'3'!S18+'4'!S18+'5'!S18+'6'!S18+'7'!S18+'8'!S18+'9'!S18+'10'!S18+'11'!S18+'12'!S18+'13'!S18+'14'!S18+'15'!S18+'16'!S18+'17'!S18+'18'!S18+'19'!S18+'20'!S18+'21'!S18+'22'!S18+'23'!S18+'24'!S18+'25'!S18+'26'!S18+'27'!S18+'28'!S18+'29'!S18+'30'!S18+'31'!S18+'32'!S18+'33'!S18+'34'!S18+'35'!S18+'36'!S18+'37'!S18+'38'!S18+'39'!S18 -> 123.12906 | D19: ='1'!U18+'2'!U18+'3'!U18+'4'!U18+'5'!U18+'6'!U18+'7'!U18+'8'!U18+'9'!U18+'10'!U18+'11'!U18+'12'!U18+'13'!U18+'14'!U18+'15'!U18+'16'!U18+'17'!U18+'18'!U18+'19'!U18+'20'!U18+'21'!U18+'22'!U18+'23'!U18+'24'!U18+'25'!U18+'26'!U18+'27'!U18+'28'!U18+'29'!U18+'30'!U18+'31'!U18+'32'!U18+'33'!U18+'34'!U18+'35'!U18+'36'!U18+'37'!U18+'38'!U18+'39'!U18 -> 52.45009 | E19: ='1'!W18+'2'!W18+'3'!W18+'4'!W18+'5'!W18+'6'!W18+'7'!W18+'8'!W18+'9'!W18+'10'!W18+'11'!W18+'12'!W18+'13'!W18+'14'!W18+'15'!W18+'16'!W18+'17'!W18+'18'!W18+'19'!W18+'20'!W18+'21'!W18+'22'!W18+'23'!W18+'24'!W18+'25'!W18+'26'!W18+'27'!W18+'28'!W18+'29'!W18+'30'!W18+'31'!W18+'32'!W18+'33'!W18+'34'!W18+'35'!W18+'36'!W18+'37'!W18+'38'!W18+'39'!W18 -> 4 | F19: ='1'!Y18+'2'!Y18+'3'!Y18+'4'!Y18+'5'!Y18+'6'!Y18+'7'!Y18+'8'!Y18+'9'!Y18+'10'!Y18+'11'!Y18+'12'!Y18+'13'!Y18+'14'!Y18+'15'!Y18+'16'!Y18+'17'!Y18+'18'!Y18+'19'!Y18+'20'!Y18+'21'!Y18+'22'!Y18+'23'!Y18+'24'!Y18+'25'!Y18+'26'!Y18+'27'!Y18+'28'!Y18+'29'!Y18+'30'!Y18+'31'!Y18+'32'!Y18+'33'!Y18+'34'!Y18+'35'!Y18+'36'!Y18+'37'!Y18+'38'!Y18+'39'!Y18 -> 4 | G19: 14 | P19: 阪神南地域 | Q19: 3587529 | R19: 3385318
A20: 15 | B20: はん用機械 | C20: ='1'!S19+'2'!S19+'3'!S19+'4'!S19+'5'!S19+'6'!S19+'7'!S19+'8'!S19+'9'!S19+'10'!S19+'11'!S19+'12'!S19+'13'!S19+'14'!S19+'15'!S19+'16'!S19+'17'!S19+'18'!S19+'19'!S19+'20'!S19+'21'!S19+'22'!S19+'23'!S19+'24'!S19+'25'!S19+'26'!S19+'27'!S19+'28'!S19+'29'!S19+'30'!S19+'31'!S19+'32'!S19+'33'!S19+'34'!S19+'35'!S19+'36'!S19+'37'!S19+'38'!S19+'39'!S19 -> 105.0815 | D20: ='1'!U19+'2'!U19+'3'!U19+'4'!U19+'5'!U19+'6'!U19+'7'!U19+'8'!U19+'9'!U19+'10'!U19+'11'!U19+'12'!U19+'13'!U19+'14'!U19+'15'!U19+'16'!U19+'17'!U19+'18'!U19+'19'!U19+'20'!U19+'21'!U19+'22'!U19+'23'!U19+'24'!U19+'25'!U19+'26'!U19+'27'!U19+'28'!U19+'29'!U19+'30'!U19+'31'!U19+'32'!U19+'33'!U19+'34'!U19+'35'!U19+'36'!U19+'37'!U19+'38'!U19+'39'!U19 -> 43.422322 | E20: ='1'!W19+'2'!W19+'3'!W19+'4'!W19+'5'!W19+'6'!W19+'7'!W19+'8'!W19+'9'!W19+'10'!W19+'11'!W19+'12'!W19+'13'!W19+'14'!W19+'15'!W19+'16'!W19+'17'!W19+'18'!W19+'19'!W19+'20'!W19+'21'!W19+'22'!W19+'23'!W19+'24'!W19+'25'!W19+'26'!W19+'27'!W19+'28'!W19+'29'!W19+'30'!W19+'31'!W19+'32'!W19+'33'!W19+'34'!W19+'35'!W19+'36'!W19+'37'!W19+'38'!W19+'39'!W19 -> 2 | F20: ='1'!Y19+'2'!Y19+'3'!Y19+'4'!Y19+'5'!Y19+'6'!Y19+'7'!Y19+'8'!Y19+'9'!Y19+'10'!Y19+'11'!Y19+'12'!Y19+'13'!Y19+'14'!Y19+'15'!Y19+'16'!Y19+'17'!Y19+'18'!Y19+'19'!Y19+'20'!Y19+'21'!Y19+'22'!Y19+'23'!Y19+'24'!Y19+'25'!Y19+'26'!Y19+'27'!Y19+'28'!Y19+'29'!Y19+'30'!Y19+'31'!Y19+'32'!Y19+'33'!Y19+'34'!Y19+'35'!Y19+'36'!Y19+'37'!Y19+'38'!Y19+'39'!Y19 -> 2 | G20: 15 | O20: 202 | P20: 尼崎市 | Q20: 1983439 | R20: 1820927
A21: 16 | B21: 生産用機械 | C21: ='1'!S20+'2'!S20+'3'!S20+'4'!S20+'5'!S20+'6'!S20+'7'!S20+'8'!S20+'9'!S20+'10'!S20+'11'!S20+'12'!S20+'13'!S20+'14'!S20+'15'!S20+'16'!S20+'17'!S20+'18'!S20+'19'!S20+'20'!S20+'21'!S20+'22'!S20+'23'!S20+'24'!S20+'25'!S20+'26'!S20+'27'!S20+'28'!S20+'29'!S20+'30'!S20+'31'!S20+'32'!S20+'33'!S20+'34'!S20+'35'!S20+'36'!S20+'37'!S20+'38'!S20+'39'!S20 -> 100 | D21: ='1'!U20+'2'!U20+'3'!U20+'4'!U20+'5'!U20+'6'!U20+'7'!U20+'8'!U20+'9'!U20+'10'!U20+'11'!U20+'12'!U20+'13'!U20+'14'!U20+'15'!U20+'16'!U20+'17'!U20+'18'!U20+'19'!U20+'20'!U20+'21'!U20+'22'!U20+'23'!U20+'24'!U20+'25'!U20+'26'!U20+'27'!U20+'28'!U20+'29'!U20+'30'!U20+'31'!U20+'32'!U20+'33'!U20+'34'!U20+'35'!U20+'36'!U20+'37'!U20+'38'!U20+'39'!U20 -> 44.146929 | E21: ='1'!W20+'2'!W20+'3'!W20+'4'!W20+'5'!W20+'6'!W20+'7'!W20+'8'!W20+'9'!W20+'10'!W20+'11'!W20+'12'!W20+'13'!W20+'14'!W20+'15'!W20+'16'!W20+'17'!W20+'18'!W20+'19'!W20+'20'!W20+'21'!W20+'22'!W20+'23'!W20+'24'!W20+'25'!W20+'26'!W20+'27'!W20+'28'!W20+'29'!W20+'30'!W20+'31'!W20+'32'!W20+'33'!W20+'34'!W20+'35'!W20+'36'!W20+'37'!W20+'38'!W20+'39'!W20 -> 5 | F21: ='1'!Y20+'2'!Y20+'3'!Y20+'4'!Y20+'5'!Y20+'6'!Y20+'7'!Y20+'8'!Y20+'9'!Y20+'10'!Y20+'11'!Y20+'12'!Y20+'13'!Y20+'14'!Y20+'15'!Y20+'16'!Y20+'17'!Y20+'18'!Y20+'19'!Y20+'20'!Y20+'21'!Y20+'22'!Y20+'23'!Y20+'24'!Y20+'25'!Y20+'26'!Y20+'27'!Y20+'28'!Y20+'29'!Y20+'30'!Y20+'31'!Y20+'32'!Y20+'33'!Y20+'34'!Y20+'35'!Y20+'36'!Y20+'37'!Y20+'38'!Y20+'39'!Y20 -> 5 | G21: 16 | O21: 204 | P21: 西宮市 | Q21: 1396599 | R21: 1365527
A22: 17 | B22: 業務用機械 | C22: ='1'!S21+'2'!S21+'3'!S21+'4'!S21+'5'!S21+'6'!S21+'7'!S21+'8'!S21+'9'!S21+'10'!S21+'11'!S21+'12'!S21+'13'!S21+'14'!S21+'15'!S21+'16'!S21+'17'!S21+'18'!S21+'19'!S21+'20'!S21+'21'!S21+'22'!S21+'23'!S21+'24'!S21+'25'!S21+'26'!S21+'27'!S21+'28'!S21+'29'!S21+'30'!S21+'31'!S21+'32'!S21+'33'!S21+'34'!S21+'35'!S21+'36'!S21+'37'!S21+'38'!S21+'39'!S21 -> 108.59251 | D22: ='1'!U21+'2'!U21+'3'!U21+'4'!U21+'5'!U21+'6'!U21+'7'!U21+'8'!U21+'9'!U21+'10'!U21+'11'!U21+'12'!U21+'13'!U21+'14'!U21+'15'!U21+'16'!U21+'17'!U21+'18'!U21+'19'!U21+'20'!U21+'21'!U21+'22'!U21+'23'!U21+'24'!U21+'25'!U21+'26'!U21+'27'!U21+'28'!U21+'29'!U21+'30'!U21+'31'!U21+'32'!U21+'33'!U21+'34'!U21+'35'!U21+'36'!U21+'37'!U21+'38'!U21+'39'!U21 -> 42.539193 | E22: ='1'!W21+'2'!W21+'3'!W21+'4'!W21+'5'!W21+'6'!W21+'7'!W21+'8'!W21+'9'!W21+'10'!W21+'11'!W21+'12'!W21+'13'!W21+'14'!W21+'15'!W21+'16'!W21+'17'!W21+'18'!W21+'19'!W21+'20'!W21+'21'!W21+'22'!W21+'23'!W21+'24'!W21+'25'!W21+'26'!W21+'27'!W21+'28'!W21+'29'!W21+'30'!W21+'31'!W21+'32'!W21+'33'!W21+'34'!W21+'35'!W21+'36'!W21+'37'!W21+'38'!W21+'39'!W21 -> 7 | F22: ='1'!Y21+'2'!Y21+'3'!Y21+'4'!Y21+'5'!Y21+'6'!Y21+'7'!Y21+'8'!Y21+'9'!Y21+'10'!Y21+'11'!Y21+'12'!Y21+'13'!Y21+'14'!Y21+'15'!Y21+'16'!Y21+'17'!Y21+'18'!Y21+'19'!Y21+'20'!Y21+'21'!Y21+'22'!Y21+'23'!Y21+'24'!Y21+'25'!Y21+'26'!Y21+'27'!Y21+'28'!Y21+'29'!Y21+'30'!Y21+'31'!Y21+'32'!Y21+'33'!Y21+'34'!Y21+'35'!Y21+'36'!Y21+'37'!Y21+'38'!Y21+'39'!Y21 -> 7 | G22: 17 | O22: 206 | P22: 芦屋市 | Q22: 207491 | R22: 198864
A23: 18 | B23: 電子部品 | C23: ='1'!S22+'2'!S22+'3'!S22+'4'!S22+'5'!S22+'6'!S22+'7'!S22+'8'!S22+'9'!S22+'10'!S22+'11'!S22+'12'!S22+'13'!S22+'14'!S22+'15'!S22+'16'!S22+'17'!S22+'18'!S22+'19'!S22+'20'!S22+'21'!S22+'22'!S22+'23'!S22+'24'!S22+'25'!S22+'26'!S22+'27'!S22+'28'!S22+'29'!S22+'30'!S22+'31'!S22+'32'!S22+'33'!S22+'34'!S22+'35'!S22+'36'!S22+'37'!S22+'38'!S22+'39'!S22 -> 100.82832 | D23: ='1'!U22+'2'!U22+'3'!U22+'4'!U22+'5'!U22+'6'!U22+'7'!U22+'8'!U22+'9'!U22+'10'!U22+'11'!U22+'12'!U22+'13'!U22+'14'!U22+'15'!U22+'16'!U22+'17'!U22+'18'!U22+'19'!U22+'20'!U22+'21'!U22+'22'!U22+'23'!U22+'24'!U22+'25'!U22+'26'!U22+'27'!U22+'28'!U22+'29'!U22+'30'!U22+'31'!U22+'32'!U22+'33'!U22+'34'!U22+'35'!U22+'36'!U22+'37'!U22+'38'!U22+'39'!U22 -> 35.491568 | E23: ='1'!W22+'2'!W22+'3'!W22+'4'!W22+'5'!W22+'6'!W22+'7'!W22+'8'!W22+'9'!W22+'10'!W22+'11'!W22+'12'!W22+'13'!W22+'14'!W22+'15'!W22+'16'!W22+'17'!W22+'18'!W22+'19'!W22+'20'!W22+'21'!W22+'22'!W22+'23'!W22+'24'!W22+'25'!W22+'26'!W22+'27'!W22+'28'!W22+'29'!W22+'30'!W22+'31'!W22+'32'!W22+'33'!W22+'34'!W22+'35'!W22+'36'!W22+'37'!W22+'38'!W22+'39'!W22 -> 1 | F23: ='1'!Y22+'2'!Y22+'3'!Y22+'4'!Y22+'5'!Y22+'6'!Y22+'7'!Y22+'8'!Y22+'9'!Y22+'10'!Y22+'11'!Y22+'12'!Y22+'13'!Y22+'14'!Y22+'15'!Y22+'16'!Y22+'17'!Y22+'18'!Y22+'19'!Y22+'20'!Y22+'21'!Y22+'22'!Y22+'23'!Y22+'24'!Y22+'25'!Y22+'26'!Y22+'27'!Y22+'28'!Y22+'29'!Y22+'30'!Y22+'31'!Y22+'32'!Y22+'33'!Y22+'34'!Y22+'35'!Y22+'36'!Y22+'37'!Y22+'38'!Y22+'39'!Y22 -> 0 | G23: 18 | P23: 阪神北地域 | Q23: 1982260 | R23: 1908128
A24: 19 | B24: 電気機械 | C24: ='1'!S23+'2'!S23+'3'!S23+'4'!S23+'5'!S23+'6'!S23+'7'!S23+'8'!S23+'9'!S23+'10'!S23+'11'!S23+'12'!S23+'13'!S23+'14'!S23+'15'!S23+'16'!S23+'17'!S23+'18'!S23+'19'!S23+'20'!S23+'21'!S23+'22'!S23+'23'!S23+'24'!S23+'25'!S23+'26'!S23+'27'!S23+'28'!S23+'29'!S23+'30'!S23+'31'!S23+'32'!S23+'33'!S23+'34'!S23+'35'!S23+'36'!S23+'37'!S23+'38'!S23+'39'!S23 -> 104.70844 | D24: ='1'!U23+'2'!U23+'3'!U23+'4'!U23+'5'!U23+'6'!U23+'7'!U23+'8'!U23+'9'!U23+'10'!U23+'11'!U23+'12'!U23+'13'!U23+'14'!U23+'15'!U23+'16'!U23+'17'!U23+'18'!U23+'19'!U23+'20'!U23+'21'!U23+'22'!U23+'23'!U23+'24'!U23+'25'!U23+'26'!U23+'27'!U23+'28'!U23+'29'!U23+'30'!U23+'31'!U23+'32'!U23+'33'!U23+'34'!U23+'35'!U23+'36'!U23+'37'!U23+'38'!U23+'39'!U23 -> 35.165688 | E24: ='1'!W23+'2'!W23+'3'!W23+'4'!W23+'5'!W23+'6'!W23+'7'!W23+'8'!W23+'9'!W23+'10'!W23+'11'!W23+'12'!W23+'13'!W23+'14'!W23+'15'!W23+'16'!W23+'17'!W23+'18'!W23+'19'!W23+'20'!W23+'21'!W23+'22'!W23+'23'!W23+'24'!W23+'25'!W23+'26'!W23+'27'!W23+'28'!W23+'29'!W23+'30'!W23+'31'!W23+'32'!W23+'33'!W23+'34'!W23+'35'!W23+'36'!W23+'37'!W23+'38'!W23+'39'!W23 -> 3 | F24: ='1'!Y23+'2'!Y23+'3'!Y23+'4'!Y23+'5'!Y23+'6'!Y23+'7'!Y23+'8'!Y23+'9'!Y23+'10'!Y23+'11'!Y23+'12'!Y23+'13'!Y23+'14'!Y23+'15'!Y23+'16'!Y23+'17'!Y23+'18'!Y23+'19'!Y23+'20'!Y23+'21'!Y23+'22'!Y23+'23'!Y23+'24'!Y23+'25'!Y23+'26'!Y23+'27'!Y23+'28'!Y23+'29'!Y23+'30'!Y23+'31'!Y23+'32'!Y23+'33'!Y23+'34'!Y23+'35'!Y23+'36'!Y23+'37'!Y23+'38'!Y23+'39'!Y23 -> 4 | G24: 19 | O24: 207 | P24: 伊丹市 | Q24: 654478 | R24: 639533
A25: 20 | B25: 情報通信機器 | C25: ='1'!S24+'2'!S24+'3'!S24+'4'!S24+'5'!S24+'6'!S24+'7'!S24+'8'!S24+'9'!S24+'10'!S24+'11'!S24+'12'!S24+'13'!S24+'14'!S24+'15'!S24+'16'!S24+'17'!S24+'18'!S24+'19'!S24+'20'!S24+'21'!S24+'22'!S24+'23'!S24+'24'!S24+'25'!S24+'26'!S24+'27'!S24+'28'!S24+'29'!S24+'30'!S24+'31'!S24+'32'!S24+'33'!S24+'34'!S24+'35'!S24+'36'!S24+'37'!S24+'38'!S24+'39'!S24 -> 100.32055 | D25: ='1'!U24+'2'!U24+'3'!U24+'4'!U24+'5'!U24+'6'!U24+'7'!U24+'8'!U24+'9'!U24+'10'!U24+'11'!U24+'12'!U24+'13'!U24+'14'!U24+'15'!U24+'16'!U24+'17'!U24+'18'!U24+'19'!U24+'20'!U24+'21'!U24+'22'!U24+'23'!U24+'24'!U24+'25'!U24+'26'!U24+'27'!U24+'28'!U24+'29'!U24+'30'!U24+'31'!U24+'32'!U24+'33'!U24+'34'!U24+'35'!U24+'36'!U24+'37'!U24+'38'!U24+'39'!U24 -> 32.266844 | E25: ='1'!W24+'2'!W24+'3'!W24+'4'!W24+'5'!W24+'6'!W24+'7'!W24+'8'!W24+'9'!W24+'10'!W24+'11'!W24+'12'!W24+'13'!W24+'14'!W24+'15'!W24+'16'!W24+'17'!W24+'18'!W24+'19'!W24+'20'!W24+'21'!W24+'22'!W24+'23'!W24+'24'!W24+'25'!W24+'26'!W24+'27'!W24+'28'!W24+'29'!W24+'30'!W24+'31'!W24+'32'!W24+'33'!W24+'34'!W24+'35'!W24+'36'!W24+'37'!W24+'38'!W24+'39'!W24 -> 0 | F25: ='1'!Y24+'2'!Y24+'3'!Y24+'4'!Y24+'5'!Y24+'6'!Y24+'7'!Y24+'8'!Y24+'9'!Y24+'10'!Y24+'11'!Y24+'12'!Y24+'13'!Y24+'14'!Y24+'15'!Y24+'16'!Y24+'17'!Y24+'18'!Y24+'19'!Y24+'20'!Y24+'21'!Y24+'22'!Y24+'23'!Y24+'24'!Y24+'25'!Y24+'26'!Y24+'27'!Y24+'28'!Y24+'29'!Y24+'30'!Y24+'31'!Y24+'32'!Y24+'33'!Y24+'34'!Y24+'35'!Y24+'36'!Y24+'37'!Y24+'38'!Y24+'39'!Y24 -> 0 | G25: 20 | O25: 214 | P25: 宝塚市 | Q25: 470475 | R25: 449216
A26: 21 | B26: 輸送機械 | C26: ='1'!S25+'2'!S25+'3'!S25+'4'!S25+'5'!S25+'6'!S25+'7'!S25+'8'!S25+'9'!S25+'10'!S25+'11'!S25+'12'!S25+'13'!S25+'14'!S25+'15'!S25+'16'!S25+'17'!S25+'18'!S25+'19'!S25+'20'!S25+'21'!S25+'22'!S25+'23'!S25+'24'!S25+'25'!S25+'26'!S25+'27'!S25+'28'!S25+'29'!S25+'30'!S25+'31'!S25+'32'!S25+'33'!S25+'34'!S25+'35'!S25+'36'!S25+'37'!S25+'38'!S25+'39'!S25 -> 121.80417 | D26: ='1'!U25+'2'!U25+'3'!U25+'4'!U25+'5'!U25+'6'!U25+'7'!U25+'8'!U25+'9'!U25+'10'!U25+'11'!U25+'12'!U25+'13'!U25+'14'!U25+'15'!U25+'16'!U25+'17'!U25+'18'!U25+'19'!U25+'20'!U25+'21'!U25+'22'!U25+'23'!U25+'24'!U25+'25'!U25+'26'!U25+'27'!U25+'28'!U25+'29'!U25+'30'!U25+'31'!U25+'32'!U25+'33'!U25+'34'!U25+'35'!U25+'36'!U25+'37'!U25+'38'!U25+'39'!U25 -> 26.050382 | E26: ='1'!W25+'2'!W25+'3'!W25+'4'!W25+'5'!W25+'6'!W25+'7'!W25+'8'!W25+'9'!W25+'10'!W25+'11'!W25+'12'!W25+'13'!W25+'14'!W25+'15'!W25+'16'!W25+'17'!W25+'18'!W25+'19'!W25+'20'!W25+'21'!W25+'22'!W25+'23'!W25+'24'!W25+'25'!W25+'26'!W25+'27'!W25+'28'!W25+'29'!W25+'30'!W25+'31'!W25+'32'!W25+'33'!W25+'34'!W25+'35'!W25+'36'!W25+'37'!W25+'38'!W25+'39'!W25 -> 1 | F26: ='1'!Y25+'2'!Y25+'3'!Y25+'4'!Y25+'5'!Y25+'6'!Y25+'7'!Y25+'8'!Y25+'9'!Y25+'10'!Y25+'11'!Y25+'12'!Y25+'13'!Y25+'14'!Y25+'15'!Y25+'16'!Y25+'17'!Y25+'18'!Y25+'19'!Y25+'20'!Y25+'21'!Y25+'22'!Y25+'23'!Y25+'24'!Y25+'25'!Y25+'26'!Y25+'27'!Y25+'28'!Y25+'29'!Y25+'30'!Y25+'31'!Y25+'32'!Y25+'33'!Y25+'34'!Y25+'35'!Y25+'36'!Y25+'37'!Y25+'38'!Y25+'39'!Y25 -> 1 | G26: 21 | O26: 217 | P26: 川西市 | Q26: 331657 | R26: 316397
A27: 22 | B27: その他の製造工業製品 | C27: ='1'!S26+'2'!S26+'3'!S26+'4'!S26+'5'!S26+'6'!S26+'7'!S26+'8'!S26+'9'!S26+'10'!S26+'11'!S26+'12'!S26+'13'!S26+'14'!S26+'15'!S26+'16'!S26+'17'!S26+'18'!S26+'19'!S26+'20'!S26+'21'!S26+'22'!S26+'23'!S26+'24'!S26+'25'!S26+'26'!S26+'27'!S26+'28'!S26+'29'!S26+'30'!S26+'31'!S26+'32'!S26+'33'!S26+'34'!S26+'35'!S26+'36'!S26+'37'!S26+'38'!S26+'39'!S26 -> 103.15599 | D27: ='1'!U26+'2'!U26+'3'!U26+'4'!U26+'5'!U26+'6'!U26+'7'!U26+'8'!U26+'9'!U26+'10'!U26+'11'!U26+'12'!U26+'13'!U26+'14'!U26+'15'!U26+'16'!U26+'17'!U26+'18'!U26+'19'!U26+'20'!U26+'21'!U26+'22'!U26+'23'!U26+'24'!U26+'25'!U26+'26'!U26+'27'!U26+'28'!U26+'29'!U26+'30'!U26+'31'!U26+'32'!U26+'33'!U26+'34'!U26+'35'!U26+'36'!U26+'37'!U26+'38'!U26+'39'!U26 -> 41.580498 | E27: ='1'!W26+'2'!W26+'3'!W26+'4'!W26+'5'!W26+'6'!W26+'7'!W26+'8'!W26+'9'!W26+'10'!W26+'11'!W26+'12'!W26+'13'!W26+'14'!W26+'15'!W26+'16'!W26+'17'!W26+'18'!W26+'19'!W26+'20'!W26+'21'!W26+'22'!W26+'23'!W26+'24'!W26+'25'!W26+'26'!W26+'27'!W26+'28'!W26+'29'!W26+'30'!W26+'31'!W26+'32'!W26+'33'!W26+'34'!W26+'35'!W26+'36'!W26+'37'!W26+'38'!W26+'39'!W26 -> 6 | F27: ='1'!Y26+'2'!Y26+'3'!Y26+'4'!Y26+'5'!Y26+'6'!Y26+'7'!Y26+'8'!Y26+'9'!Y26+'10'!Y26+'11'!Y26+'12'!Y26+'13'!Y26+'14'!Y26+'15'!Y26+'16'!Y26+'17'!Y26+'18'!Y26+'19'!Y26+'20'!Y26+'21'!Y26+'22'!Y26+'23'!Y26+'24'!Y26+'25'!Y26+'26'!Y26+'27'!Y26+'28'!Y26+'29'!Y26+'30'!Y26+'31'!Y26+'32'!Y26+'33'!Y26+'34'!Y26+'35'!Y26+'36'!Y26+'37'!Y26+'38'!Y26+'39'!Y26 -> 3 | G27: 22 | O27: 219 | P27: 三田市 | Q27: 462755 | R27: 441083
A28: 23 | B28: 建設 | C28: ='1'!S27+'2'!S27+'3'!S27+'4'!S27+'5'!S27+'6'!S27+'7'!S27+'8'!S27+'9'!S27+'10'!S27+'11'!S27+'12'!S27+'13'!S27+'14'!S27+'15'!S27+'16'!S27+'17'!S27+'18'!S27+'19'!S27+'20'!S27+'21'!S27+'22'!S27+'23'!S27+'24'!S27+'25'!S27+'26'!S27+'27'!S27+'28'!S27+'29'!S27+'30'!S27+'31'!S27+'32'!S27+'33'!S27+'34'!S27+'35'!S27+'36'!S27+'37'!S27+'38'!S27+'39'!S27 -> 116.88673 | D28: ='1'!U27+'2'!U27+'3'!U27+'4'!U27+'5'!U27+'6'!U27+'7'!U27+'8'!U27+'9'!U27+'10'!U27+'11'!U27+'12'!U27+'13'!U27+'14'!U27+'15'!U27+'16'!U27+'17'!U27+'18'!U27+'19'!U27+'20'!U27+'21'!U27+'22'!U27+'23'!U27+'24'!U27+'25'!U27+'26'!U27+'27'!U27+'28'!U27+'29'!U27+'30'!U27+'31'!U27+'32'!U27+'33'!U27+'34'!U27+'35'!U27+'36'!U27+'37'!U27+'38'!U27+'39'!U27 -> 51.541133 | E28: ='1'!W27+'2'!W27+'3'!W27+'4'!W27+'5'!W27+'6'!W27+'7'!W27+'8'!W27+'9'!W27+'10'!W27+'11'!W27+'12'!W27+'13'!W27+'14'!W27+'15'!W27+'16'!W27+'17'!W27+'18'!W27+'19'!W27+'20'!W27+'21'!W27+'22'!W27+'23'!W27+'24'!W27+'25'!W27+'26'!W27+'27'!W27+'28'!W27+'29'!W27+'30'!W27+'31'!W27+'32'!W27+'33'!W27+'34'!W27+'35'!W27+'36'!W27+'37'!W27+'38'!W27+'39'!W27 -> 12 | F28: ='1'!Y27+'2'!Y27+'3'!Y27+'4'!Y27+'5'!Y27+'6'!Y27+'7'!Y27+'8'!Y27+'9'!Y27+'10'!Y27+'11'!Y27+'12'!Y27+'13'!Y27+'14'!Y27+'15'!Y27+'16'!Y27+'17'!Y27+'18'!Y27+'19'!Y27+'20'!Y27+'21'!Y27+'22'!Y27+'23'!Y27+'24'!Y27+'25'!Y27+'26'!Y27+'27'!Y27+'28'!Y27+'29'!Y27+'30'!Y27+'31'!Y27+'32'!Y27+'33'!Y27+'34'!Y27+'35'!Y27+'36'!Y27+'37'!Y27+'38'!Y27+'39'!Y27 -> 8 | G28: 23 | O28: 301 | P28: 猪名川町 | Q28: 62895 | R28: 61899
A29: 24 | B29: 電力・ガス・熱供給 | C29: ='1'!S28+'2'!S28+'3'!S28+'4'!S28+'5'!S28+'6'!S28+'7'!S28+'8'!S28+'9'!S28+'10'!S28+'11'!S28+'12'!S28+'13'!S28+'14'!S28+'15'!S28+'16'!S28+'17'!S28+'18'!S28+'19'!S28+'20'!S28+'21'!S28+'22'!S28+'23'!S28+'24'!S28+'25'!S28+'26'!S28+'27'!S28+'28'!S28+'29'!S28+'30'!S28+'31'!S28+'32'!S28+'33'!S28+'34'!S28+'35'!S28+'36'!S28+'37'!S28+'38'!S28+'39'!S28 -> 111.10688 | D29: ='1'!U28+'2'!U28+'3'!U28+'4'!U28+'5'!U28+'6'!U28+'7'!U28+'8'!U28+'9'!U28+'10'!U28+'11'!U28+'12'!U28+'13'!U28+'14'!U28+'15'!U28+'16'!U28+'17'!U28+'18'!U28+'19'!U28+'20'!U28+'21'!U28+'22'!U28+'23'!U28+'24'!U28+'25'!U28+'26'!U28+'27'!U28+'28'!U28+'29'!U28+'30'!U28+'31'!U28+'32'!U28+'33'!U28+'34'!U28+'35'!U28+'36'!U28+'37'!U28+'38'!U28+'39'!U28 -> 38.360147 | E29: ='1'!W28+'2'!W28+'3'!W28+'4'!W28+'5'!W28+'6'!W28+'7'!W28+'8'!W28+'9'!W28+'10'!W28+'11'!W28+'12'!W28+'13'!W28+'14'!W28+'15'!W28+'16'!W28+'17'!W28+'18'!W28+'19'!W28+'20'!W28+'21'!W28+'22'!W28+'23'!W28+'24'!W28+'25'!W28+'26'!W28+'27'!W28+'28'!W28+'29'!W28+'30'!W28+'31'!W28+'32'!W28+'33'!W28+'34'!W28+'35'!W28+'36'!W28+'37'!W28+'38'!W28+'39'!W28 -> 0 | F29: ='1'!Y28+'2'!Y28+'3'!Y28+'4'!Y28+'5'!Y28+'6'!Y28+'7'!Y28+'8'!Y28+'9'!Y28+'10'!Y28+'11'!Y28+'12'!Y28+'13'!Y28+'14'!Y28+'15'!Y28+'16'!Y28+'17'!Y28+'18'!Y28+'19'!Y28+'20'!Y28+'21'!Y28+'22'!Y28+'23'!Y28+'24'!Y28+'25'!Y28+'26'!Y28+'27'!Y28+'28'!Y28+'29'!Y28+'30'!Y28+'31'!Y28+'32'!Y28+'33'!Y28+'34'!Y28+'35'!Y28+'36'!Y28+'37'!Y28+'38'!Y28+'39'!Y28 -> 0 | G29: 24 | P29: 東播磨地域 | Q29: 2933055 | R29: 2958496
A30: 25 | B30: 水道 | C30: ='1'!S29+'2'!S29+'3'!S29+'4'!S29+'5'!S29+'6'!S29+'7'!S29+'8'!S29+'9'!S29+'10'!S29+'11'!S29+'12'!S29+'13'!S29+'14'!S29+'15'!S29+'16'!S29+'17'!S29+'18'!S29+'19'!S29+'20'!S29+'21'!S29+'22'!S29+'23'!S29+'24'!S29+'25'!S29+'26'!S29+'27'!S29+'28'!S29+'29'!S29+'30'!S29+'31'!S29+'32'!S29+'33'!S29+'34'!S29+'35'!S29+'36'!S29+'37'!S29+'38'!S29+'39'!S29 -> 117.925 | D30: ='1'!U29+'2'!U29+'3'!U29+'4'!U29+'5'!U29+'6'!U29+'7'!U29+'8'!U29+'9'!U29+'10'!U29+'11'!U29+'12'!U29+'13'!U29+'14'!U29+'15'!U29+'16'!U29+'17'!U29+'18'!U29+'19'!U29+'20'!U29+'21'!U29+'22'!U29+'23'!U29+'24'!U29+'25'!U29+'26'!U29+'27'!U29+'28'!U29+'29'!U29+'30'!U29+'31'!U29+'32'!U29+'33'!U29+'34'!U29+'35'!U29+'36'!U29+'37'!U29+'38'!U29+'39'!U29 -> 56.767488 | E30: ='1'!W29+'2'!W29+'3'!W29+'4'!W29+'5'!W29+'6'!W29+'7'!W29+'8'!W29+'9'!W29+'10'!W29+'11'!W29+'12'!W29+'13'!W29+'14'!W29+'15'!W29+'16'!W29+'17'!W29+'18'!W29+'19'!W29+'20'!W29+'21'!W29+'22'!W29+'23'!W29+'24'!W29+'25'!W29+'26'!W29+'27'!W29+'28'!W29+'29'!W29+'30'!W29+'31'!W29+'32'!W29+'33'!W29+'34'!W29+'35'!W29+'36'!W29+'37'!W29+'38'!W29+'39'!W29 -> 2 | F30: ='1'!Y29+'2'!Y29+'3'!Y29+'4'!Y29+'5'!Y29+'6'!Y29+'7'!Y29+'8'!Y29+'9'!Y29+'10'!Y29+'11'!Y29+'12'!Y29+'13'!Y29+'14'!Y29+'15'!Y29+'16'!Y29+'17'!Y29+'18'!Y29+'19'!Y29+'20'!Y29+'21'!Y29+'22'!Y29+'23'!Y29+'24'!Y29+'25'!Y29+'26'!Y29+'27'!Y29+'28'!Y29+'29'!Y29+'30'!Y29+'31'!Y29+'32'!Y29+'33'!Y29+'34'!Y29+'35'!Y29+'36'!Y29+'37'!Y29+'38'!Y29+'39'!Y29 -> 2 | G30: 25 | O30: 203 | P30: 明石市 | Q30: 1187637 | R30: 1167801
A31: 26 | B31: 廃棄物処理 | C31: ='1'!S30+'2'!S30+'3'!S30+'4'!S30+'5'!S30+'6'!S30+'7'!S30+'8'!S30+'9'!S30+'10'!S30+'11'!S30+'12'!S30+'13'!S30+'14'!S30+'15'!S30+'16'!S30+'17'!S30+'18'!S30+'19'!S30+'20'!S30+'21'!S30+'22'!S30+'23'!S30+'24'!S30+'25'!S30+'26'!S30+'27'!S30+'28'!S30+'29'!S30+'30'!S30+'31'!S30+'32'!S30+'33'!S30+'34'!S30+'35'!S30+'36'!S30+'37'!S30+'38'!S30+'39'!S30 -> 112.37595 | D31: ='1'!U30+'2'!U30+'3'!U30+'4'!U30+'5'!U30+'6'!U30+'7'!U30+'8'!U30+'9'!U30+'10'!U30+'11'!U30+'12'!U30+'13'!U30+'14'!U30+'15'!U30+'16'!U30+'17'!U30+'18'!U30+'19'!U30+'20'!U30+'21'!U30+'22'!U30+'23'!U30+'24'!U30+'25'!U30+'26'!U30+'27'!U30+'28'!U30+'29'!U30+'30'!U30+'31'!U30+'32'!U30+'33'!U30+'34'!U30+'35'!U30+'36'!U30+'37'!U30+'38'!U30+'39'!U30 -> 72.722655 | E31: ='1'!W30+'2'!W30+'3'!W30+'4'!W30+'5'!W30+'6'!W30+'7'!W30+'8'!W30+'9'!W30+'10'!W30+'11'!W30+'12'!W30+'13'!W30+'14'!W30+'15'!W30+'16'!W30+'17'!W30+'18'!W30+'19'!W30+'20'!W30+'21'!W30+'22'!W30+'23'!W30+'24'!W30+'25'!W30+'26'!W30+'27'!W30+'28'!W30+'29'!W30+'30'!W30+'31'!W30+'32'!W30+'33'!W30+'34'!W30+'35'!W30+'36'!W30+'37'!W30+'38'!W30+'39'!W30 -> 3 | F31: ='1'!Y30+'2'!Y30+'3'!Y30+'4'!Y30+'5'!Y30+'6'!Y30+'7'!Y30+'8'!Y30+'9'!Y30+'10'!Y30+'11'!Y30+'12'!Y30+'13'!Y30+'14'!Y30+'15'!Y30+'16'!Y30+'17'!Y30+'18'!Y30+'19'!Y30+'20'!Y30+'21'!Y30+'22'!Y30+'23'!Y30+'24'!Y30+'25'!Y30+'26'!Y30+'27'!Y30+'28'!Y30+'29'!Y30+'30'!Y30+'31'!Y30+'32'!Y30+'33'!Y30+'34'!Y30+'35'!Y30+'36'!Y30+'37'!Y30+'38'!Y30+'39'!Y30 -> 3 | G31: 26 | O31: 210 | P31: 加古川市 | Q31: 868757 | R31: 843054
A32: 27 | B32: 商業 | C32: ='1'!S31+'2'!S31+'3'!S31+'4'!S31+'5'!S31+'6'!S31+'7'!S31+'8'!S31+'9'!S31+'10'!S31+'11'!S31+'12'!S31+'13'!S31+'14'!S31+'15'!S31+'16'!S31+'17'!S31+'18'!S31+'19'!S31+'20'!S31+'21'!S31+'22'!S31+'23'!S31+'24'!S31+'25'!S31+'26'!S31+'27'!S31+'28'!S31+'29'!S31+'30'!S31+'31'!S31+'32'!S31+'33'!S31+'34'!S31+'35'!S31+'36'!S31+'37'!S31+'38'!S31+'39'!S31 -> 128.93126 | D32: ='1'!U31+'2'!U31+'3'!U31+'4'!U31+'5'!U31+'6'!U31+'7'!U31+'8'!U31+'9'!U31+'10'!U31+'11'!U31+'12'!U31+'13'!U31+'14'!U31+'15'!U31+'16'!U31+'17'!U31+'18'!U31+'19'!U31+'20'!U31+'21'!U31+'22'!U31+'23'!U31+'24'!U31+'25'!U31+'26'!U31+'27'!U31+'28'!U31+'29'!U31+'30'!U31+'31'!U31+'32'!U31+'33'!U31+'34'!U31+'35'!U31+'36'!U31+'37'!U31+'38'!U31+'39'!U31 -> 90.307244 | E32: ='1'!W31+'2'!W31+'3'!W31+'4'!W31+'5'!W31+'6'!W31+'7'!W31+'8'!W31+'9'!W31+'10'!W31+'11'!W31+'12'!W31+'13'!W31+'14'!W31+'15'!W31+'16'!W31+'17'!W31+'18'!W31+'19'!W31+'20'!W31+'21'!W31+'22'!W31+'23'!W31+'24'!W31+'25'!W31+'26'!W31+'27'!W31+'28'!W31+'29'!W31+'30'!W31+'31'!W31+'32'!W31+'33'!W31+'34'!W31+'35'!W31+'36'!W31+'37'!W31+'38'!W31+'39'!W31 -> 37 | F32: ='1'!Y31+'2'!Y31+'3'!Y31+'4'!Y31+'5'!Y31+'6'!Y31+'7'!Y31+'8'!Y31+'9'!Y31+'10'!Y31+'11'!Y31+'12'!Y31+'13'!Y31+'14'!Y31+'15'!Y31+'16'!Y31+'17'!Y31+'18'!Y31+'19'!Y31+'20'!Y31+'21'!Y31+'22'!Y31+'23'!Y31+'24'!Y31+'25'!Y31+'26'!Y31+'27'!Y31+'28'!Y31+'29'!Y31+'30'!Y31+'31'!Y31+'32'!Y31+'33'!Y31+'34'!Y31+'35'!Y31+'36'!Y31+'37'!Y31+'38'!Y31+'39'!Y31 -> 25 | G32: 27 | O32: 216 | P32: 高砂市 | Q32: 536118 | R32: 620294
A33: 28 | B33: 金融・保険 | C33: ='1'!S32+'2'!S32+'3'!S32+'4'!S32+'5'!S32+'6'!S32+'7'!S32+'8'!S32+'9'!S32+'10'!S32+'11'!S32+'12'!S32+'13'!S32+'14'!S32+'15'!S32+'16'!S32+'17'!S32+'18'!S32+'19'!S32+'20'!S32+'21'!S32+'22'!S32+'23'!S32+'24'!S32+'25'!S32+'26'!S32+'27'!S32+'28'!S32+'29'!S32+'30'!S32+'31'!S32+'32'!S32+'33'!S32+'34'!S32+'35'!S32+'36'!S32+'37'!S32+'38'!S32+'39'!S32 -> 130.44323 | D33: ='1'!U32+'2'!U32+'3'!U32+'4'!U32+'5'!U32+'6'!U32+'7'!U32+'8'!U32+'9'!U32+'10'!U32+'11'!U32+'12'!U32+'13'!U32+'14'!U32+'15'!U32+'16'!U32+'17'!U32+'18'!U32+'19'!U32+'20'!U32+'21'!U32+'22'!U32+'23'!U32+'24'!U32+'25'!U32+'26'!U32+'27'!U32+'28'!U32+'29'!U32+'30'!U32+'31'!U32+'32'!U32+'33'!U32+'34'!U32+'35'!U32+'36'!U32+'37'!U32+'38'!U32+'39'!U32 -> 84.424057 | E33: ='1'!W32+'2'!W32+'3'!W32+'4'!W32+'5'!W32+'6'!W32+'7'!W32+'8'!W32+'9'!W32+'10'!W32+'11'!W32+'12'!W32+'13'!W32+'14'!W32+'15'!W32+'16'!W32+'17'!W32+'18'!W32+'19'!W32+'20'!W32+'21'!W32+'22'!W32+'23'!W32+'24'!W32+'25'!W32+'26'!W32+'27'!W32+'28'!W32+'29'!W32+'30'!W32+'31'!W32+'32'!W32+'33'!W32+'34'!W32+'35'!W32+'36'!W32+'37'!W32+'38'!W32+'39'!W32 -> 4 | F33: ='1'!Y32+'2'!Y32+'3'!Y32+'4'!Y32+'5'!Y32+'6'!Y32+'7'!Y32+'8'!Y32+'9'!Y32+'10'!Y32+'11'!Y32+'12'!Y32+'13'!Y32+'14'!Y32+'15'!Y32+'16'!Y32+'17'!Y32+'18'!Y32+'19'!Y32+'20'!Y32+'21'!Y32+'22'!Y32+'23'!Y32+'24'!Y32+'25'!Y32+'26'!Y32+'27'!Y32+'28'!Y32+'29'!Y32+'30'!Y32+'31'!Y32+'32'!Y32+'33'!Y32+'34'!Y32+'35'!Y32+'36'!Y32+'37'!Y32+'38'!Y32+'39'!Y32 -> 3 | G33: 28 | O33: 381 | P33: 稲美町 | Q33: 162441 | R33: 132372
A34: 29 | B34: 不動産 | C34: ='1'!S33+'2'!S33+'3'!S33+'4'!S33+'5'!S33+'6'!S33+'7'!S33+'8'!S33+'9'!S33+'10'!S33+'11'!S33+'12'!S33+'13'!S33+'14'!S33+'15'!S33+'16'!S33+'17'!S33+'18'!S33+'19'!S33+'20'!S33+'21'!S33+'22'!S33+'23'!S33+'24'!S33+'25'!S33+'26'!S33+'27'!S33+'28'!S33+'29'!S33+'30'!S33+'31'!S33+'32'!S33+'33'!S33+'34'!S33+'35'!S33+'36'!S33+'37'!S33+'38'!S33+'39'!S33 -> 222.8276 | D34: ='1'!U33+'2'!U33+'3'!U33+'4'!U33+'5'!U33+'6'!U33+'7'!U33+'8'!U33+'9'!U33+'10'!U33+'11'!U33+'12'!U33+'13'!U33+'14'!U33+'15'!U33+'16'!U33+'17'!U33+'18'!U33+'19'!U33+'20'!U33+'21'!U33+'22'!U33+'23'!U33+'24'!U33+'25'!U33+'26'!U33+'27'!U33+'28'!U33+'29'!U33+'30'!U33+'31'!U33+'32'!U33+'33'!U33+'34'!U33+'35'!U33+'36'!U33+'37'!U33+'38'!U33+'39'!U33 -> 196.98993 | E34: ='1'!W33+'2'!W33+'3'!W33+'4'!W33+'5'!W33+'6'!W33+'7'!W33+'8'!W33+'9'!W33+'10'!W33+'11'!W33+'12'!W33+'13'!W33+'14'!W33+'15'!W33+'16'!W33+'17'!W33+'18'!W33+'19'!W33+'20'!W33+'21'!W33+'22'!W33+'23'!W33+'24'!W33+'25'!W33+'26'!W33+'27'!W33+'28'!W33+'29'!W33+'30'!W33+'31'!W33+'32'!W33+'33'!W33+'34'!W33+'35'!W33+'36'!W33+'37'!W33+'38'!W33+'39'!W33 -> 1 | F34: ='1'!Y33+'2'!Y33+'3'!Y33+'4'!Y33+'5'!Y33+'6'!Y33+'7'!Y33+'8'!Y33+'9'!Y33+'10'!Y33+'11'!Y33+'12'!Y33+'13'!Y33+'14'!Y33+'15'!Y33+'16'!Y33+'17'!Y33+'18'!Y33+'19'!Y33+'20'!Y33+'21'!Y33+'22'!Y33+'23'!Y33+'24'!Y33+'25'!Y33+'26'!Y33+'27'!Y33+'28'!Y33+'29'!Y33+'30'!Y33+'31'!Y33+'32'!Y33+'33'!Y33+'34'!Y33+'35'!Y33+'36'!Y33+'37'!Y33+'38'!Y33+'39'!Y33 -> 0 | G34: 29 | O34: 382 | P34: 播磨町 | Q34: 178102 | R34: 194975
A35: 30 | B35: 運輸・郵便 | C35: ='1'!S34+'2'!S34+'3'!S34+'4'!S34+'5'!S34+'6'!S34+'7'!S34+'8'!S34+'9'!S34+'10'!S34+'11'!S34+'12'!S34+'13'!S34+'14'!S34+'15'!S34+'16'!S34+'17'!S34+'18'!S34+'19'!S34+'20'!S34+'21'!S34+'22'!S34+'23'!S34+'24'!S34+'25'!S34+'26'!S34+'27'!S34+'28'!S34+'29'!S34+'30'!S34+'31'!S34+'32'!S34+'33'!S34+'34'!S34+'35'!S34+'36'!S34+'37'!S34+'38'!S34+'39'!S34 -> 130.55826 | D35: ='1'!U34+'2'!U34+'3'!U34+'4'!U34+'5'!U34+'6'!U34+'7'!U34+'8'!U34+'9'!U34+'10'!U34+'11'!U34+'12'!U34+'13'!U34+'14'!U34+'15'!U34+'16'!U34+'17'!U34+'18'!U34+'19'!U34+'20'!U34+'21'!U34+'22'!U34+'23'!U34+'24'!U34+'25'!U34+'26'!U34+'27'!U34+'28'!U34+'29'!U34+'30'!U34+'31'!U34+'32'!U34+'33'!U34+'34'!U34+'35'!U34+'36'!U34+'37'!U34+'38'!U34+'39'!U34 -> 85.317499 | E35: ='1'!W34+'2'!W34+'3'!W34+'4'!W34+'5'!W34+'6'!W34+'7'!W34+'8'!W34+'9'!W34+'10'!W34+'11'!W34+'12'!W34+'13'!W34+'14'!W34+'15'!W34+'16'!W34+'17'!W34+'18'!W34+'19'!W34+'20'!W34+'21'!W34+'22'!W34+'23'!W34+'24'!W34+'25'!W34+'26'!W34+'27'!W34+'28'!W34+'29'!W34+'30'!W34+'31'!W34+'32'!W34+'33'!W34+'34'!W34+'35'!W34+'36'!W34+'37'!W34+'38'!W34+'39'!W34 -> 8 | F35: ='1'!Y34+'2'!Y34+'3'!Y34+'4'!Y34+'5'!Y34+'6'!Y34+'7'!Y34+'8'!Y34+'9'!Y34+'10'!Y34+'11'!Y34+'12'!Y34+'13'!Y34+'14'!Y34+'15'!Y34+'16'!Y34+'17'!Y34+'18'!Y34+'19'!Y34+'20'!Y34+'21'!Y34+'22'!Y34+'23'!Y34+'24'!Y34+'25'!Y34+'26'!Y34+'27'!Y34+'28'!Y34+'29'!Y34+'30'!Y34+'31'!Y34+'32'!Y34+'33'!Y34+'34'!Y34+'35'!Y34+'36'!Y34+'37'!Y34+'38'!Y34+'39'!Y34 -> 7 | G35: 30 | P35: 北播磨地域 | Q35: 1278601 | R35: 1266442
A36: 31 | B36: 情報通信 | C36: ='1'!S35+'2'!S35+'3'!S35+'4'!S35+'5'!S35+'6'!S35+'7'!S35+'8'!S35+'9'!S35+'10'!S35+'11'!S35+'12'!S35+'13'!S35+'14'!S35+'15'!S35+'16'!S35+'17'!S35+'18'!S35+'19'!S35+'20'!S35+'21'!S35+'22'!S35+'23'!S35+'24'!S35+'25'!S35+'26'!S35+'27'!S35+'28'!S35+'29'!S35+'30'!S35+'31'!S35+'32'!S35+'33'!S35+'34'!S35+'35'!S35+'36'!S35+'37'!S35+'38'!S35+'39'!S35 -> 102.95944 | D36: ='1'!U35+'2'!U35+'3'!U35+'4'!U35+'5'!U35+'6'!U35+'7'!U35+'8'!U35+'9'!U35+'10'!U35+'11'!U35+'12'!U35+'13'!U35+'14'!U35+'15'!U35+'16'!U35+'17'!U35+'18'!U35+'19'!U35+'20'!U35+'21'!U35+'22'!U35+'23'!U35+'24'!U35+'25'!U35+'26'!U35+'27'!U35+'28'!U35+'29'!U35+'30'!U35+'31'!U35+'32'!U35+'33'!U35+'34'!U35+'35'!U35+'36'!U35+'37'!U35+'38'!U35+'39'!U35 -> 59.00959 | E36: ='1'!W35+'2'!W35+'3'!W35+'4'!W35+'5'!W35+'6'!W35+'7'!W35+'8'!W35+'9'!W35+'10'!W35+'11'!W35+'12'!W35+'13'!W35+'14'!W35+'15'!W35+'16'!W35+'17'!W35+'18'!W35+'19'!W35+'20'!W35+'21'!W35+'22'!W35+'23'!W35+'24'!W35+'25'!W35+'26'!W35+'27'!W35+'28'!W35+'29'!W35+'30'!W35+'31'!W35+'32'!W35+'33'!W35+'34'!W35+'35'!W35+'36'!W35+'37'!W35+'38'!W35+'39'!W35 -> 7 | F36: ='1'!Y35+'2'!Y35+'3'!Y35+'4'!Y35+'5'!Y35+'6'!Y35+'7'!Y35+'8'!Y35+'9'!Y35+'10'!Y35+'11'!Y35+'12'!Y35+'13'!Y35+'14'!Y35+'15'!Y35+'16'!Y35+'17'!Y35+'18'!Y35+'19'!Y35+'20'!Y35+'21'!Y35+'22'!Y35+'23'!Y35+'24'!Y35+'25'!Y35+'26'!Y35+'27'!Y35+'28'!Y35+'29'!Y35+'30'!Y35+'31'!Y35+'32'!Y35+'33'!Y35+'34'!Y35+'35'!Y35+'36'!Y35+'37'!Y35+'38'!Y35+'39'!Y35 -> 9 | G36: 31 | O36: 213 | P36: 西脇市 | Q36: 145212 | R36: 140246
A37: 32 | B37: 公務 | C37: ='1'!S36+'2'!S36+'3'!S36+'4'!S36+'5'!S36+'6'!S36+'7'!S36+'8'!S36+'9'!S36+'10'!S36+'11'!S36+'12'!S36+'13'!S36+'14'!S36+'15'!S36+'16'!S36+'17'!S36+'18'!S36+'19'!S36+'20'!S36+'21'!S36+'22'!S36+'23'!S36+'24'!S36+'25'!S36+'26'!S36+'27'!S36+'28'!S36+'29'!S36+'30'!S36+'31'!S36+'32'!S36+'33'!S36+'34'!S36+'35'!S36+'36'!S36+'37'!S36+'38'!S36+'39'!S36 -> 124.16842 | D37: ='1'!U36+'2'!U36+'3'!U36+'4'!U36+'5'!U36+'6'!U36+'7'!U36+'8'!U36+'9'!U36+'10'!U36+'11'!U36+'12'!U36+'13'!U36+'14'!U36+'15'!U36+'16'!U36+'17'!U36+'18'!U36+'19'!U36+'20'!U36+'21'!U36+'22'!U36+'23'!U36+'24'!U36+'25'!U36+'26'!U36+'27'!U36+'28'!U36+'29'!U36+'30'!U36+'31'!U36+'32'!U36+'33'!U36+'34'!U36+'35'!U36+'36'!U36+'37'!U36+'38'!U36+'39'!U36 -> 87.432358 | E37: ='1'!W36+'2'!W36+'3'!W36+'4'!W36+'5'!W36+'6'!W36+'7'!W36+'8'!W36+'9'!W36+'10'!W36+'11'!W36+'12'!W36+'13'!W36+'14'!W36+'15'!W36+'16'!W36+'17'!W36+'18'!W36+'19'!W36+'20'!W36+'21'!W36+'22'!W36+'23'!W36+'24'!W36+'25'!W36+'26'!W36+'27'!W36+'28'!W36+'29'!W36+'30'!W36+'31'!W36+'32'!W36+'33'!W36+'34'!W36+'35'!W36+'36'!W36+'37'!W36+'38'!W36+'39'!W36 -> 6 | F37: ='1'!Y36+'2'!Y36+'3'!Y36+'4'!Y36+'5'!Y36+'6'!Y36+'7'!Y36+'8'!Y36+'9'!Y36+'10'!Y36+'11'!Y36+'12'!Y36+'13'!Y36+'14'!Y36+'15'!Y36+'16'!Y36+'17'!Y36+'18'!Y36+'19'!Y36+'20'!Y36+'21'!Y36+'22'!Y36+'23'!Y36+'24'!Y36+'25'!Y36+'26'!Y36+'27'!Y36+'28'!Y36+'29'!Y36+'30'!Y36+'31'!Y36+'32'!Y36+'33'!Y36+'34'!Y36+'35'!Y36+'36'!Y36+'37'!Y36+'38'!Y36+'39'!Y36 -> 6 | G37: 32 | O37: 215 | P37: 三木市 | Q37: 296081 | R37: 306229
A38: 33 | B38: 教育・研究 | C38: ='1'!S37+'2'!S37+'3'!S37+'4'!S37+'5'!S37+'6'!S37+'7'!S37+'8'!S37+'9'!S37+'10'!S37+'11'!S37+'12'!S37+'13'!S37+'14'!S37+'15'!S37+'16'!S37+'17'!S37+'18'!S37+'19'!S37+'20'!S37+'21'!S37+'22'!S37+'23'!S37+'24'!S37+'25'!S37+'26'!S37+'27'!S37+'28'!S37+'29'!S37+'30'!S37+'31'!S37+'32'!S37+'33'!S37+'34'!S37+'35'!S37+'36'!S37+'37'!S37+'38'!S37+'39'!S37 -> 115.00575 | D38: ='1'!U37+'2'!U37+'3'!U37+'4'!U37+'5'!U37+'6'!U37+'7'!U37+'8'!U37+'9'!U37+'10'!U37+'11'!U37+'12'!U37+'13'!U37+'14'!U37+'15'!U37+'16'!U37+'17'!U37+'18'!U37+'19'!U37+'20'!U37+'21'!U37+'22'!U37+'23'!U37+'24'!U37+'25'!U37+'26'!U37+'27'!U37+'28'!U37+'29'!U37+'30'!U37+'31'!U37+'32'!U37+'33'!U37+'34'!U37+'35'!U37+'36'!U37+'37'!U37+'38'!U37+'39'!U37 -> 86.463338 | E38: ='1'!W37+'2'!W37+'3'!W37+'4'!W37+'5'!W37+'6'!W37+'7'!W37+'8'!W37+'9'!W37+'10'!W37+'11'!W37+'12'!W37+'13'!W37+'14'!W37+'15'!W37+'16'!W37+'17'!W37+'18'!W37+'19'!W37+'20'!W37+'21'!W37+'22'!W37+'23'!W37+'24'!W37+'25'!W37+'26'!W37+'27'!W37+'28'!W37+'29'!W37+'30'!W37+'31'!W37+'32'!W37+'33'!W37+'34'!W37+'35'!W37+'36'!W37+'37'!W37+'38'!W37+'39'!W37 -> 11 | F38: ='1'!Y37+'2'!Y37+'3'!Y37+'4'!Y37+'5'!Y37+'6'!Y37+'7'!Y37+'8'!Y37+'9'!Y37+'10'!Y37+'11'!Y37+'12'!Y37+'13'!Y37+'14'!Y37+'15'!Y37+'16'!Y37+'17'!Y37+'18'!Y37+'19'!Y37+'20'!Y37+'21'!Y37+'22'!Y37+'23'!Y37+'24'!Y37+'25'!Y37+'26'!Y37+'27'!Y37+'28'!Y37+'29'!Y37+'30'!Y37+'31'!Y37+'32'!Y37+'33'!Y37+'34'!Y37+'35'!Y37+'36'!Y37+'37'!Y37+'38'!Y37+'39'!Y37 -> 7 | G38: 33 | O38: 218 | P38: 小野市 | Q38: 258553 | R38: 243824
A39: 34 | B39: 医療・福祉 | C39: ='1'!S38+'2'!S38+'3'!S38+'4'!S38+'5'!S38+'6'!S38+'7'!S38+'8'!S38+'9'!S38+'10'!S38+'11'!S38+'12'!S38+'13'!S38+'14'!S38+'15'!S38+'16'!S38+'17'!S38+'18'!S38+'19'!S38+'20'!S38+'21'!S38+'22'!S38+'23'!S38+'24'!S38+'25'!S38+'26'!S38+'27'!S38+'28'!S38+'29'!S38+'30'!S38+'31'!S38+'32'!S38+'33'!S38+'34'!S38+'35'!S38+'36'!S38+'37'!S38+'38'!S38+'39'!S38 -> 122.52917 | D39: ='1'!U38+'2'!U38+'3'!U38+'4'!U38+'5'!U38+'6'!U38+'7'!U38+'8'!U38+'9'!U38+'10'!U38+'11'!U38+'12'!U38+'13'!U38+'14'!U38+'15'!U38+'16'!U38+'17'!U38+'18'!U38+'19'!U38+'20'!U38+'21'!U38+'22'!U38+'23'!U38+'24'!U38+'25'!U38+'26'!U38+'27'!U38+'28'!U38+'29'!U38+'30'!U38+'31'!U38+'32'!U38+'33'!U38+'34'!U38+'35'!U38+'36'!U38+'37'!U38+'38'!U38+'39'!U38 -> 67.378114 | E39: ='1'!W38+'2'!W38+'3'!W38+'4'!W38+'5'!W38+'6'!W38+'7'!W38+'8'!W38+'9'!W38+'10'!W38+'11'!W38+'12'!W38+'13'!W38+'14'!W38+'15'!W38+'16'!W38+'17'!W38+'18'!W38+'19'!W38+'20'!W38+'21'!W38+'22'!W38+'23'!W38+'24'!W38+'25'!W38+'26'!W38+'27'!W38+'28'!W38+'29'!W38+'30'!W38+'31'!W38+'32'!W38+'33'!W38+'34'!W38+'35'!W38+'36'!W38+'37'!W38+'38'!W38+'39'!W38 -> 16 | F39: ='1'!Y38+'2'!Y38+'3'!Y38+'4'!Y38+'5'!Y38+'6'!Y38+'7'!Y38+'8'!Y38+'9'!Y38+'10'!Y38+'11'!Y38+'12'!Y38+'13'!Y38+'14'!Y38+'15'!Y38+'16'!Y38+'17'!Y38+'18'!Y38+'19'!Y38+'20'!Y38+'21'!Y38+'22'!Y38+'23'!Y38+'24'!Y38+'25'!Y38+'26'!Y38+'27'!Y38+'28'!Y38+'29'!Y38+'30'!Y38+'31'!Y38+'32'!Y38+'33'!Y38+'34'!Y38+'35'!Y38+'36'!Y38+'37'!Y38+'38'!Y38+'39'!Y38 -> 15 | G39: 34 | O39: 220 | P39: 加西市 | Q39: 236199 | R39: 216961
A40: 35 | B40: 他に分類されない会員制団体 | C40: ='1'!S39+'2'!S39+'3'!S39+'4'!S39+'5'!S39+'6'!S39+'7'!S39+'8'!S39+'9'!S39+'10'!S39+'11'!S39+'12'!S39+'13'!S39+'14'!S39+'15'!S39+'16'!S39+'17'!S39+'18'!S39+'19'!S39+'20'!S39+'21'!S39+'22'!S39+'23'!S39+'24'!S39+'25'!S39+'26'!S39+'27'!S39+'28'!S39+'29'!S39+'30'!S39+'31'!S39+'32'!S39+'33'!S39+'34'!S39+'35'!S39+'36'!S39+'37'!S39+'38'!S39+'39'!S39 -> 110.76673 | D40: ='1'!U39+'2'!U39+'3'!U39+'4'!U39+'5'!U39+'6'!U39+'7'!U39+'8'!U39+'9'!U39+'10'!U39+'11'!U39+'12'!U39+'13'!U39+'14'!U39+'15'!U39+'16'!U39+'17'!U39+'18'!U39+'19'!U39+'20'!U39+'21'!U39+'22'!U39+'23'!U39+'24'!U39+'25'!U39+'26'!U39+'27'!U39+'28'!U39+'29'!U39+'30'!U39+'31'!U39+'32'!U39+'33'!U39+'34'!U39+'35'!U39+'36'!U39+'37'!U39+'38'!U39+'39'!U39 -> 61.88026 | E40: ='1'!W39+'2'!W39+'3'!W39+'4'!W39+'5'!W39+'6'!W39+'7'!W39+'8'!W39+'9'!W39+'10'!W39+'11'!W39+'12'!W39+'13'!W39+'14'!W39+'15'!W39+'16'!W39+'17'!W39+'18'!W39+'19'!W39+'20'!W39+'21'!W39+'22'!W39+'23'!W39+'24'!W39+'25'!W39+'26'!W39+'27'!W39+'28'!W39+'29'!W39+'30'!W39+'31'!W39+'32'!W39+'33'!W39+'34'!W39+'35'!W39+'36'!W39+'37'!W39+'38'!W39+'39'!W39 -> 9 | F40: ='1'!Y39+'2'!Y39+'3'!Y39+'4'!Y39+'5'!Y39+'6'!Y39+'7'!Y39+'8'!Y39+'9'!Y39+'10'!Y39+'11'!Y39+'12'!Y39+'13'!Y39+'14'!Y39+'15'!Y39+'16'!Y39+'17'!Y39+'18'!Y39+'19'!Y39+'20'!Y39+'21'!Y39+'22'!Y39+'23'!Y39+'24'!Y39+'25'!Y39+'26'!Y39+'27'!Y39+'28'!Y39+'29'!Y39+'30'!Y39+'31'!Y39+'32'!Y39+'33'!Y39+'34'!Y39+'35'!Y39+'36'!Y39+'37'!Y39+'38'!Y39+'39'!Y39 -> 8 | G40: 35 | O40: 228 | P40: 加東市 | Q40: 278667 | R40: 294992
A41: 36 | B41: 対事業所サービス | C41: ='1'!S40+'2'!S40+'3'!S40+'4'!S40+'5'!S40+'6'!S40+'7'!S40+'8'!S40+'9'!S40+'10'!S40+'11'!S40+'12'!S40+'13'!S40+'14'!S40+'15'!S40+'16'!S40+'17'!S40+'18'!S40+'19'!S40+'20'!S40+'21'!S40+'22'!S40+'23'!S40+'24'!S40+'25'!S40+'26'!S40+'27'!S40+'28'!S40+'29'!S40+'30'!S40+'31'!S40+'32'!S40+'33'!S40+'34'!S40+'35'!S40+'36'!S40+'37'!S40+'38'!S40+'39'!S40 -> 287.41269 | D41: ='1'!U40+'2'!U40+'3'!U40+'4'!U40+'5'!U40+'6'!U40+'7'!U40+'8'!U40+'9'!U40+'10'!U40+'11'!U40+'12'!U40+'13'!U40+'14'!U40+'15'!U40+'16'!U40+'17'!U40+'18'!U40+'19'!U40+'20'!U40+'21'!U40+'22'!U40+'23'!U40+'24'!U40+'25'!U40+'26'!U40+'27'!U40+'28'!U40+'29'!U40+'30'!U40+'31'!U40+'32'!U40+'33'!U40+'34'!U40+'35'!U40+'36'!U40+'37'!U40+'38'!U40+'39'!U40 -> 176.43378 | E41: ='1'!W40+'2'!W40+'3'!W40+'4'!W40+'5'!W40+'6'!W40+'7'!W40+'8'!W40+'9'!W40+'10'!W40+'11'!W40+'12'!W40+'13'!W40+'14'!W40+'15'!W40+'16'!W40+'17'!W40+'18'!W40+'19'!W40+'20'!W40+'21'!W40+'22'!W40+'23'!W40+'24'!W40+'25'!W40+'26'!W40+'27'!W40+'28'!W40+'29'!W40+'30'!W40+'31'!W40+'32'!W40+'33'!W40+'34'!W40+'35'!W40+'36'!W40+'37'!W40+'38'!W40+'39'!W40 -> 45 | F41: ='1'!Y40+'2'!Y40+'3'!Y40+'4'!Y40+'5'!Y40+'6'!Y40+'7'!Y40+'8'!Y40+'9'!Y40+'10'!Y40+'11'!Y40+'12'!Y40+'13'!Y40+'14'!Y40+'15'!Y40+'16'!Y40+'17'!Y40+'18'!Y40+'19'!Y40+'20'!Y40+'21'!Y40+'22'!Y40+'23'!Y40+'24'!Y40+'25'!Y40+'26'!Y40+'27'!Y40+'28'!Y40+'29'!Y40+'30'!Y40+'31'!Y40+'32'!Y40+'33'!Y40+'34'!Y40+'35'!Y40+'36'!Y40+'37'!Y40+'38'!Y40+'39'!Y40 -> 30 | G41: 36 | O41: 365 | P41: 多可町 | Q41: 63889 | R41: 64190
A42: 37 | B42: 対個人サービス | C42: ='1'!S41+'2'!S41+'3'!S41+'4'!S41+'5'!S41+'6'!S41+'7'!S41+'8'!S41+'9'!S41+'10'!S41+'11'!S41+'12'!S41+'13'!S41+'14'!S41+'15'!S41+'16'!S41+'17'!S41+'18'!S41+'19'!S41+'20'!S41+'21'!S41+'22'!S41+'23'!S41+'24'!S41+'25'!S41+'26'!S41+'27'!S41+'28'!S41+'29'!S41+'30'!S41+'31'!S41+'32'!S41+'33'!S41+'34'!S41+'35'!S41+'36'!S41+'37'!S41+'38'!S41+'39'!S41 -> 122.00107 | D42: ='1'!U41+'2'!U41+'3'!U41+'4'!U41+'5'!U41+'6'!U41+'7'!U41+'8'!U41+'9'!U41+'10'!U41+'11'!U41+'12'!U41+'13'!U41+'14'!U41+'15'!U41+'16'!U41+'17'!U41+'18'!U41+'19'!U41+'20'!U41+'21'!U41+'22'!U41+'23'!U41+'24'!U41+'25'!U41+'26'!U41+'27'!U41+'28'!U41+'29'!U41+'30'!U41+'31'!U41+'32'!U41+'33'!U41+'34'!U41+'35'!U41+'36'!U41+'37'!U41+'38'!U41+'39'!U41 -> 54.341852 | E42: ='1'!W41+'2'!W41+'3'!W41+'4'!W41+'5'!W41+'6'!W41+'7'!W41+'8'!W41+'9'!W41+'10'!W41+'11'!W41+'12'!W41+'13'!W41+'14'!W41+'15'!W41+'16'!W41+'17'!W41+'18'!W41+'19'!W41+'20'!W41+'21'!W41+'22'!W41+'23'!W41+'24'!W41+'25'!W41+'26'!W41+'27'!W41+'28'!W41+'29'!W41+'30'!W41+'31'!W41+'32'!W41+'33'!W41+'34'!W41+'35'!W41+'36'!W41+'37'!W41+'38'!W41+'39'!W41 -> 26 | F42: ='1'!Y41+'2'!Y41+'3'!Y41+'4'!Y41+'5'!Y41+'6'!Y41+'7'!Y41+'8'!Y41+'9'!Y41+'10'!Y41+'11'!Y41+'12'!Y41+'13'!Y41+'14'!Y41+'15'!Y41+'16'!Y41+'17'!Y41+'18'!Y41+'19'!Y41+'20'!Y41+'21'!Y41+'22'!Y41+'23'!Y41+'24'!Y41+'25'!Y41+'26'!Y41+'27'!Y41+'28'!Y41+'29'!Y41+'30'!Y41+'31'!Y41+'32'!Y41+'33'!Y41+'34'!Y41+'35'!Y41+'36'!Y41+'37'!Y41+'38'!Y41+'39'!Y41 -> 17 | G42: 37 | P42: 中播磨地域 | Q42: 2700326 | R42: 2598785
A43: 38 | B43: 事務用品 | C43: ='1'!S42+'2'!S42+'3'!S42+'4'!S42+'5'!S42+'6'!S42+'7'!S42+'8'!S42+'9'!S42+'10'!S42+'11'!S42+'12'!S42+'13'!S42+'14'!S42+'15'!S42+'16'!S42+'17'!S42+'18'!S42+'19'!S42+'20'!S42+'21'!S42+'22'!S42+'23'!S42+'24'!S42+'25'!S42+'26'!S42+'27'!S42+'28'!S42+'29'!S42+'30'!S42+'31'!S42+'32'!S42+'33'!S42+'34'!S42+'35'!S42+'36'!S42+'37'!S42+'38'!S42+'39'!S42 -> 103.4232 | D43: ='1'!U42+'2'!U42+'3'!U42+'4'!U42+'5'!U42+'6'!U42+'7'!U42+'8'!U42+'9'!U42+'10'!U42+'11'!U42+'12'!U42+'13'!U42+'14'!U42+'15'!U42+'16'!U42+'17'!U42+'18'!U42+'19'!U42+'20'!U42+'21'!U42+'22'!U42+'23'!U42+'24'!U42+'25'!U42+'26'!U42+'27'!U42+'28'!U42+'29'!U42+'30'!U42+'31'!U42+'32'!U42+'33'!U42+'34'!U42+'35'!U42+'36'!U42+'37'!U42+'38'!U42+'39'!U42 -> 0 | E43: ='1'!W42+'2'!W42+'3'!W42+'4'!W42+'5'!W42+'6'!W42+'7'!W42+'8'!W42+'9'!W42+'10'!W42+'11'!W42+'12'!W42+'13'!W42+'14'!W42+'15'!W42+'16'!W42+'17'!W42+'18'!W42+'19'!W42+'20'!W42+'21'!W42+'22'!W42+'23'!W42+'24'!W42+'25'!W42+'26'!W42+'27'!W42+'28'!W42+'29'!W42+'30'!W42+'31'!W42+'32'!W42+'33'!W42+'34'!W42+'35'!W42+'36'!W42+'37'!W42+'38'!W42+'39'!W42 -> 0 | F43: ='1'!Y42+'2'!Y42+'3'!Y42+'4'!Y42+'5'!Y42+'6'!Y42+'7'!Y42+'8'!Y42+'9'!Y42+'10'!Y42+'11'!Y42+'12'!Y42+'13'!Y42+'14'!Y42+'15'!Y42+'16'!Y42+'17'!Y42+'18'!Y42+'19'!Y42+'20'!Y42+'21'!Y42+'22'!Y42+'23'!Y42+'24'!Y42+'25'!Y42+'26'!Y42+'27'!Y42+'28'!Y42+'29'!Y42+'30'!Y42+'31'!Y42+'32'!Y42+'33'!Y42+'34'!Y42+'35'!Y42+'36'!Y42+'37'!Y42+'38'!Y42+'39'!Y42 -> 0 | G43: 38 | O43: 201 | P43: 姫路市 | Q43: 2444385 | R43: 2355693
A44: 39 | B44: 分類不明 | C44: ='1'!S43+'2'!S43+'3'!S43+'4'!S43+'5'!S43+'6'!S43+'7'!S43+'8'!S43+'9'!S43+'10'!S43+'11'!S43+'12'!S43+'13'!S43+'14'!S43+'15'!S43+'16'!S43+'17'!S43+'18'!S43+'19'!S43+'20'!S43+'21'!S43+'22'!S43+'23'!S43+'24'!S43+'25'!S43+'26'!S43+'27'!S43+'28'!S43+'29'!S43+'30'!S43+'31'!S43+'32'!S43+'33'!S43+'34'!S43+'35'!S43+'36'!S43+'37'!S43+'38'!S43+'39'!S43 -> 114.70992 | D44: ='1'!U43+'2'!U43+'3'!U43+'4'!U43+'5'!U43+'6'!U43+'7'!U43+'8'!U43+'9'!U43+'10'!U43+'11'!U43+'12'!U43+'13'!U43+'14'!U43+'15'!U43+'16'!U43+'17'!U43+'18'!U43+'19'!U43+'20'!U43+'21'!U43+'22'!U43+'23'!U43+'24'!U43+'25'!U43+'26'!U43+'27'!U43+'28'!U43+'29'!U43+'30'!U43+'31'!U43+'32'!U43+'33'!U43+'34'!U43+'35'!U43+'36'!U43+'37'!U43+'38'!U43+'39'!U43 -> 35.910071 | E44: ='1'!W43+'2'!W43+'3'!W43+'4'!W43+'5'!W43+'6'!W43+'7'!W43+'8'!W43+'9'!W43+'10'!W43+'11'!W43+'12'!W43+'13'!W43+'14'!W43+'15'!W43+'16'!W43+'17'!W43+'18'!W43+'19'!W43+'20'!W43+'21'!W43+'22'!W43+'23'!W43+'24'!W43+'25'!W43+'26'!W43+'27'!W43+'28'!W43+'29'!W43+'30'!W43+'31'!W43+'32'!W43+'33'!W43+'34'!W43+'35'!W43+'36'!W43+'37'!W43+'38'!W43+'39'!W43 -> 0 | F44: ='1'!Y43+'2'!Y43+'3'!Y43+'4'!Y43+'5'!Y43+'6'!Y43+'7'!Y43+'8'!Y43+'9'!Y43+'10'!Y43+'11'!Y43+'12'!Y43+'13'!Y43+'14'!Y43+'15'!Y43+'16'!Y43+'17'!Y43+'18'!Y43+'19'!Y43+'20'!Y43+'21'!Y43+'22'!Y43+'23'!Y43+'24'!Y43+'25'!Y43+'26'!Y43+'27'!Y43+'28'!Y43+'29'!Y43+'30'!Y43+'31'!Y43+'32'!Y43+'33'!Y43+'34'!Y43+'35'!Y43+'36'!Y43+'37'!Y43+'38'!Y43+'39'!Y43 -> 1 | G44: 39 | O44: 442 | P44: 市川町 | Q44: 38269 | R44: 35368
B45: 合計 | C45: =SUM(C6:C44) -> 4680.2509 | D45: =SUM(D6:D44) -> 2155.7099 | E45: =SUM(E6:E44) -> 368 | F45: =SUM(F6:F44) -> 198 | O45: 443 | P45: 福崎町 | Q45: 183066 | R45: 173284
A46: =取引基本表!$E$1 -> 2015年播磨町産業連関表 | O46: 446 | P46: 神河町 | Q46: 34606 | R46: 34440
P47: 西播磨地域 | Q47: 1115874 | R47: 1131429
O48: 208 | P48: 相生市 | Q48: 178175 | R48: 205903
O49: 212 | P49: 赤穂市 | Q49: 264770 | R49: 271944
O50: 227 | P50: 宍粟市 | Q50: 120665 | R50: 111832
O51: 229 | P51: たつの市 | Q51: 348616 | R51: 341914
O52: 464 | P52: 太子町 | Q52: 93387 | R52: 97242
O53: 481 | P53: 上郡町 | Q53: 50484 | R53: 48645
O54: 501 | P54: 佐用町 | Q54: 59777 | R54: 53949
P55: 但馬地域 | Q55: 672561 | R55: 686870
O56: 209 | P56: 豊岡市 | Q56: 314928 | R56: 299944
O57: 222 | P57: 養父市 | Q57: 83428 | R57: 79818
O58: 225 | P58: 朝来市 | Q58: 171979 | R58: 211181
O59: 585 | P59: 香美町 | Q59: 56592 | R59: 53759
O60: 586 | P60: 新温泉町 | Q60: 45634 | R60: 42168
P61: 丹波地域 | Q61: 474157 | R61: 451615
O62: 221 | P62: 丹波篠山市 | Q62: 216783 | R62: 209488
O63: 223 | P63: 丹波市 | Q63: 257374 | R63: 242127
P64: 淡路地域 | Q64: 469330 | R64: 445310
O65: 205 | P65: 洲本市 | Q65: 160450 | R65: 151566
O66: 224 | P66: 南あわじ市 | Q66: 161691 | R66: 152961
O67: 226 | P67: 淡路市 | Q67: 147189 | R67: 140783
O68: (出所）兵庫県統計課「市町民経済計算」

Sheet 1
B1: 経済波及効果計算プロセス | G1: =取引基本表!$E$1 -> 2015年播磨町産業連関表
B2: 農業 | S2: 生産誘発額 | U2: 粗付加価値誘発額 | W2: 就業者誘発数 | Y2: 雇用誘発数
C3: 域内最終需要増加額 （直接効果） | D3: 投入係数（農業） | E3: 需要増加額 | F3: 域内自給率 | G3: 県内需要 増加額 | H3: 1次間接 波及効果 | I3: 直接+1次間接波及効果 | J3: 雇用者 所得率 | K3: 雇用者所得誘発額（直接+1次間接波及効果） | L3: 平均消費 性向 （R2_R4/近畿） | M3: 民間消費による需要 増加額 | N3: 民間消費支出構成比 | O3: 民間消費による需要 増加額 | P3: 域内自給率 | Q3: 民間消費による県内需要増加額 | R3: 2次間接 波及効果 | S3: 総合効果（直接+1次+2次間接波及効果） | T3: 粗付加価値 率 | U3: 粗付加価値誘発額 | V3: 就業係数（百万円当り） | W3: 就業者創出（人） | X3: 雇用係数（百万円当り） | Y3: 雇用者創出（人）
C4: A | D4: B | E4: C=A×B | F4: D | G4: E=C×D | H4: F=逆行列係数×E | I4: G=A+F | J4: H | K4: I=G×H | L4: J | M4: Ｋ=I×J | N4: L | O4: M=K×L | P4: N | Q4: O=M×N | R4: P=逆行列係数×O | S4: Q=G+P | T4: R | U4: S=Q×R | V4: T | W4: U=Q×T | X4: V | Y4: W=Q×V
A5: １ | B5: 農業 | C5: =最終需要_まとめ!C6 -> 100 | D5: =投入係数表!C5 -> 0.15151515 | E5: =$C$5*D5 -> 15.151515 | F5: =分析係数表!C8 -> 0.024086379 | G5: =E5*F5 -> 0.36494513 | H5: {=MMULT(逆行列係数!C5:AO43,'1'!G5:G43)} -> 0.36661374 | I5: =C5+H5 -> 100.36661 | J5: =分析係数表!G8 -> 0.12121212 | K5: =I5*J5 -> 12.16565 | N5: =分析係数表!H8 -> 0.01098604 | O5: =$M$44*N5 -> 0.090515891 | P5: =分析係数表!C8 -> 0.024086379 | Q5: =O5*P5 -> 0.0021802 | R5: {=MMULT(逆行列係数!C5:AO43,'1'!Q5:Q43)} -> 0.0023899973 | S5: =I5+R5 -> 100.369 | T5: =分析係数表!F8 -> 0.48484848 | U5: =S5*T5 -> 48.663759 | V5: =分析係数表!D8 -> 1.0757576 | W5: =ROUND(S5*V5,0) -> 108 | X5: =分析係数表!E8 -> 0 | Y5: =ROUND(S5*X5,0) -> 0
A6: 2 | B6: 林業 | D6: =投入係数表!C6 -> 0 | E6: =$C$5*D6 -> 0 | F6: =分析係数表!C9 -> 0 | G6: =E6*F6 -> 0 | H6: 0 | I6: =C6+H6 -> 0 | J6: =分析係数表!G9 -> 0 | K6: =I6*J6 -> 0 | N6: =分析係数表!H9 -> 0.0005898545 | O6: =$M$44*N6 -> 0.0048599136 | P6: =分析係数表!C9 -> 0 | Q6: =O6*P6 -> 0 | R6: 0 | S6: =I6+R6 -> 0 | T6: =分析係数表!F9 -> 0 | U6: =S6*T6 -> 0 | V6: =分析係数表!D9 -> 0 | W6: =ROUND(S6*V6,0) -> 0 | X6: =分析係数表!E9 -> 0 | Y6: =ROUND(S6*X6,0) -> 0
A7: 3 | B7: 漁業 | D7: =投入係数表!C7 -> 0 | E7: =$C$5*D7 -> 0 | F7: =分析係数表!C10 -> 0.85034014 | G7: =E7*F7 -> 0 | H7: 0.0021197151 | I7: =C7+H7 -> 0.0021197151 | J7: =分析係数表!G10 -> 0.18064516 | K7: =I7*J7 -> 0.00038291628 | N7: =分析係数表!H10 -> 0.0011059772 | O7: =$M$44*N7 -> 0.009112338 | P7: =分析係数表!C10 -> 0.85034014 | Q7: =O7*P7 -> 0.0077485868 | R7: 0.0095908092 | S7: =I7+R7 -> 0.011710524 | T7: =分析係数表!F10 -> 0.52258065 | U7: =S7*T7 -> 0.0061196933 | V7: =分析係数表!D10 -> 0.090322581 | W7: =ROUND(S7*V7,0) -> 0 | X7: =分析係数表!E10 -> 0 | Y7: =ROUND(S7*X7,0) -> 0
A8: 4 | B8: 鉱業 | D8: =投入係数表!C8 -> 0 | E8: =$C$5*D8 -> 0 | F8: =分析係数表!C11 -> 0.016645596 | G8: =E8*F8 -> 0 | H8: 0.00078417794 | I8: =C8+H8 -> 0.00078417794 | J8: =分析係数表!G11 -> 0.35897436 | K8: =I8*J8 -> 0.00028149977 | N8: =分析係数表!H11 -> -2.4577271e-05 | O8: =$M$44*N8 -> -0.0002024964 | P8: =分析係数表!C11 -> 0.016645596 | Q8: =O8*P8 -> -3.3706733e-06 | R8: 0.00020496856 | S8: =I8+R8 -> 0.0009891465 | T8: =分析係数表!F11 -> 0.58974359 | U8: =S8*T8 -> 0.00058334281 | V8: =分析係数表!D11 -> 0.0085470085 | W8: =ROUND(S8*V8,0) -> 0 | X8: =分析係数表!E11 -> 0 | Y8: =ROUND(S8*X8,0) -> 0
A9: 5 | B9: 飲食料品 | D9: =投入係数表!C9 -> 0.13636364 | E9: =$C$5*D9 -> 13.636364 | F9: =分析係数表!C12 -> 0.00518836 | G9: =E9*F9 -> 0.070750364 | H9: 0.071088014 | I9: =C9+H9 -> 0.071088014 | J9: =分析係数表!G12 -> 0.13719512 | K9: =I9*J9 -> 0.0097529287 | N9: =分析係数表!H12 -> 0.089657884 | O9: =$M$44*N9 -> 0.73870687 | P9: =分析係数表!C12 -> 0.00518836 | Q9: =O9*P9 -> 0.0038326772 | R9: 0.004137728 | S9: =I9+R9 -> 0.075225742 | T9: =分析係数表!F12 -> 0.31707317 | U9: =S9*T9 -> 0.023852064 | V9: =分析係数表!D12 -> 0.067073171 | W9: =ROUND(S9*V9,0) -> 0 | X9: =分析係数表!E12 -> 0.057926829 | Y9: =ROUND(S9*X9,0) -> 0
A10: 6 | B10: 繊維製品 | D10: =投入係数表!C10 -> 0 | E10: =$C$5*D10 -> 0 | F10: =分析係数表!C13 -> 0 | G10: =E10*F10 -> 0 | H10: 0 | I10: =C10+H10 -> 0 | J10: =分析係数表!G13 -> 0.24459953 | K10: =I10*J10 -> 0 | N10: =分析係数表!H13 -> 0.014131931 | O10: =$M$44*N10 -> 0.11643543 | P10: =分析係数表!C13 -> 0 | Q10: =O10*P10 -> 0 | R10: 0 | S10: =I10+R10 -> 0 | T10: =分析係数表!F13 -> 0.38318378 | U10: =S10*T10 -> 0 | V10: =分析係数表!D13 -> 0.047856431 | W10: =ROUND(S10*V10,0) -> 0 | X10: =分析係数表!E13 -> 0.049850449 | Y10: =ROUND(S10*X10,0) -> 0
A11: 7 | B11: パルプ・紙・木製品 | D11: =投入係数表!C11 -> 0.03030303 | E11: =$C$5*D11 -> 3.030303 | F11: =分析係数表!C14 -> 0.065770523 | G11: =E11*F11 -> 0.19930462 | H11: 0.20425172 | I11: =C11+H11 -> 0.20425172 | J11: =分析係数表!G14 -> 0.20976693 | K11: =I11*J11 -> 0.042845254 | N11: =分析係数表!H14 -> 0.0011674204 | O11: =$M$44*N11 -> 0.009618579 | P11: =分析係数表!C14 -> 0.065770523 | Q11: =O11*P11 -> 0.00063261898 | R11: 0.0019696433 | S11: =I11+R11 -> 0.20622136 | T11: =分析係数表!F14 -> 0.36071032 | U11: =S11*T11 -> 0.074386173 | V11: =分析係数表!D14 -> 0.067702553 | W11: =ROUND(S11*V11,0) -> 0 | X11: =分析係数表!E14 -> 0.068812431 | Y11: =ROUND(S11*X11,0) -> 0
A12: 8 | B12: 化学製品 | D12: =投入係数表!C12 -> 0.075757576 | E12: =$C$5*D12 -> 7.5757576 | F12: =分析係数表!C15 -> 0 | G12: =E12*F12 -> 0 | H12: 0 | I12: =C12+H12 -> 0 | J12: =分析係数表!G15 -> 0.095622477 | K12: =I12*J12 -> 0 | N12: =分析係数表!H15 -> 0.0082333858 | O12: =$M$44*N12 -> 0.067836294 | P12: =分析係数表!C15 -> 0 | Q12: =O12*P12 -> 0 | R12: 0 | S12: =I12+R12 -> 0 | T12: =分析係数表!F15 -> 0.30398168 | U12: =S12*T12 -> 0 | V12: =分析係数表!D15 -> 0.031667184 | W12: =ROUND(S12*V12,0) -> 0 | X12: =分析係数表!E15 -> 0.029261099 | Y12: =ROUND(S12*X12,0) -> 0
A13: 9 | B13: 石油・石炭製品 | D13: =投入係数表!C13 -> 0 | E13: =$C$5*D13 -> 0 | F13: =分析係数表!C16 -> 0.05867144 | G13: =E13*F13 -> 0 | H13: 0.0011422034 | I13: =C13+H13 -> 0.0011422034 | J13: =分析係数表!G16 -> 0.033950617 | K13: =I13*J13 -> 3.8778509e-05 | N13: =分析係数表!H16 -> 0.016626524 | O13: =$M$44*N13 -> 0.13698881 | P13: =分析係数表!C16 -> 0.05867144 | Q13: =O13*P13 -> 0.008037331 | R13: 0.0086527327 | S13: =I13+R13 -> 0.0097949361 | T13: =分析係数表!F16 -> 0.28858025 | U13: =S13*T13 -> 0.0028266251 | V13: =分析係数表!D16 -> 0 | W13: =ROUND(S13*V13,0) -> 0 | X13: =分析係数表!E16 -> 0 | Y13: =ROUND(S13*X13,0) -> 0
A14: 10 | B14: プラスチック・ゴム製品 | D14: =投入係数表!C14 -> 0 | E14: =$C$5*D14 -> 0 | F14: =分析係数表!C17 -> 0.10640681 | G14: =E14*F14 -> 0 | H14: 0.0035669265 | I14: =C14+H14 -> 0.0035669265 | J14: =分析係数表!G17 -> 0.21283422 | K14: =I14*J14 -> 0.00075916403 | N14: =分析係数表!H17 -> 0.0029861384 | O14: =$M$44*N14 -> 0.024603313 | P14: =分析係数表!C17 -> 0.10640681 | Q14: =O14*P14 -> 0.00261796 | R14: 0.0044688078 | S14: =I14+R14 -> 0.0080357343 | T14: =分析係数表!F17 -> 0.32335116 | U14: =S14*T14 -> 0.002598364 | V14: =分析係数表!D17 -> 0.044206774 | W14: =ROUND(S14*V14,0) -> 0 | X14: =分析係数表!E17 -> 0.040641711 | Y14: =ROUND(S14*X14,0) -> 0
A15: 11 | B15: 窯業・土石製品 | D15: =投入係数表!C15 -> 0 | E15: =$C$5*D15 -> 0 | F15: =分析係数表!C18 -> 0.93182769 | G15: =E15*F15 -> 0 | H15: 0.0050981873 | I15: =C15+H15 -> 0.0050981873 | J15: =分析係数表!G18 -> 0.21565873 | K15: =I15*J15 -> 0.0010994686 | N15: =分析係数表!H18 -> 0.00044239088 | O15: =$M$44*N15 -> 0.0036449352 | P15: =分析係数表!C18 -> 0.93182769 | Q15: =O15*P15 -> 0.0033964515 | R15: 0.0078865102 | S15: =I15+R15 -> 0.012984698 | T15: =分析係数表!F18 -> 0.45992903 | U15: =S15*T15 -> 0.0059720393 | V15: =分析係数表!D18 -> 0.023436345 | W15: =ROUND(S15*V15,0) -> 0 | X15: =分析係数表!E18 -> 0.025506432 | Y15: =ROUND(S15*X15,0) -> 0
A16: 12 | B16: 鉄鋼 | D16: =投入係数表!C16 -> 0 | E16: =$C$5*D16 -> 0 | F16: =分析係数表!C19 -> 0.22734014 | G16: =E16*F16 -> 0 | H16: 0.0028316229 | I16: =C16+H16 -> 0.0028316229 | J16: =分析係数表!G19 -> 0.057679353 | K16: =I16*J16 -> 0.00016332618 | N16: =分析係数表!H19 -> -0.00011059772 | O16: =$M$44*N16 -> -0.0009112338 | P16: =分析係数表!C19 -> 0.22734014 | Q16: =O16*P16 -> -0.00020716002 | R16: 0.0013118777 | S16: =I16+R16 -> 0.0041435006 | T16: =分析係数表!F19 -> 0.2401482 | U16: =S16*T16 -> 0.0009950542 | V16: =分析係数表!D19 -> 0.0069467834 | W16: =ROUND(S16*V16,0) -> 0 | X16: =分析係数表!E19 -> 0.0078309195 | Y16: =ROUND(S16*X16,0) -> 0
A17: 13 | B17: 非鉄金属 | D17: =投入係数表!C17 -> 0 | E17: =$C$5*D17 -> 0 | F17: =分析係数表!C20 -> 0.28316988 | G17: =E17*F17 -> 0 | H17: 0.0012088785 | I17: =C17+H17 -> 0.0012088785 | J17: =分析係数表!G20 -> 0.10003293 | K17: =I17*J17 -> 0.00012092766 | N17: =分析係数表!H20 -> 0.00054069996 | O17: =$M$44*N17 -> 0.0044549208 | P17: =分析係数表!C20 -> 0.28316988 | Q17: =O17*P17 -> 0.0012614994 | R17: 0.0027434261 | S17: =I17+R17 -> 0.0039523046 | T17: =分析係数表!F20 -> 0.22295406 | U17: =S17*T17 -> 0.00088118236 | V17: =分析係数表!D20 -> 0.014243372 | W17: =ROUND(S17*V17,0) -> 0 | X17: =分析係数表!E20 -> 0.016054668 | Y17: =ROUND(S17*X17,0) -> 0
... A43: 39 | B43: 分類不明 | D43: =投入係数表!C43 -> 0 | E43: =$C$5*D43 -> 0 | F43: =分析係数表!C46 -> 0.35026324 | G43: =E43*F43 -> 0 | H43: 0.0067703532 | I43: =C43+H43 -> 0.0067703532 | J43: =分析係数表!G46 -> 0.0088183422 | K43: =I43*J43 -> 5.9703291e-05 | N43: =分析係数表!H46 -> 0.022070389 | O43: =$M$44*N43 -> 0.18184177 | P43: =分析係数表!C46 -> 0.35026324 | Q43: =O43*P43 -> 0.063692487 | R43: 0.068646076 | S43: =I43+R43 -> 0.075416429 | T43: =分析係数表!F46 -> 0.31305115 | U43: =S43*T43 -> 0.023609199 | V43: =分析係数表!D46 -> 0.0026455026 | W43: =ROUND(S43*V43,0) -> 0 | X43: =分析係数表!E46 -> 0.0070546737 | Y43: =ROUND(S43*X43,0) -> 0
A44: 40 | B44: 合計 | C44: =SUM(C5:C43) -> 100 | D44: =投入係数表!C44 -> 0.51515152 | E44: =SUM(E5:E43) -> 51.515152 | F44: =分析係数表!C47 -> 0.31394387 | G44: =SUM(G5:G43) -> 2.8950119 | H44: =SUM(H5:H43) -> 3.262108 | I44: =SUM(I5:I43) -> 103.26211 | J44: =分析係数表!G47 -> 0.19998528 | K44: =SUM(K5:K43) -> 13.140628 | L44: =最終需要_まとめ!$L$33 -> 0.627 | M44: =K44*L44 -> 8.2391735 | N44: =分析係数表!H47 -> 1 | O44: =SUM(O5:O43) -> 8.2391735 | P44: =分析係数表!C47 -> 0.31394387 | Q44: =SUM(Q5:Q43) -> 2.8784709 | R44: =SUM(R5:R43) -> 3.1738092 | S44: =SUM(S5:S43) -> 106.43592 | T44: =分析係数表!F47 -> 0.42668872 | U44: =SUM(U5:U43) -> 52.606091 | V44: =分析係数表!D47 -> 0.049757178 | W44: =SUM(W5:W43) -> 108 | X44: =分析係数表!E47 -> 0.0419071 | Y44: =SUM(Y5:Y43) -> 0
B45: 備考（参照WS) | C45: 最終需要推計 | D45: 投入係数表 | F45: 分析係数 | H45: 逆行列係数表 | J45: 分析係数 | L45: 最終需要推計 | N45: 分析係数 | P45: 分析係数 | S45: 逆行列係数表 | T45: 分析係数 | V45: 分析係数 | X45: 分析係数
B46: ※四捨五入の関係で合計と内訳が一致しない場合があります。

Sheet 2
B1: 経済波及効果計算プロセス | G1: =取引基本表!$E$1 -> 2015年播磨町産業連関表
B2: 林業 | S2: 生産誘発額 | U2: 粗付加価値誘発額 | W2: 就業者誘発数 | Y2: 雇用誘発数
C3: 域内最終需要増加額 （直接効果） | D3: 投入係数（林業） | E3: 需要増加額 | F3: 域内自給率 | G3: 県内需要 増加額 | H3: 1次間接 波及効果 | I3: 直接+1次間接波及効果 | J3: 雇用者 所得率 | K3: 雇用者所得誘発額（直接+1次間接波及効果） | L3: 平均消費 性向 （R2_R4/近畿） | M3: 民間消費による需要 増加額 | N3: 民間消費支出構成比 | O3: 民間消費による需要 増加額 | P3: 域内自給率 | Q3: 民間消費による県内需要増加額 | R3: 2次間接 波及効果 | S3: 総合効果（直接+1次+2次間接波及効果） | T3: 粗付加価値 率 | U3: 粗付加価値誘発額 | V3: 就業係数（百万円当り） | W3: 就業者創出（人） | X3: 雇用係数（百万円当り） | Y3: 雇用者創出（人）
C4: A | D4: B | E4: C=A×B | F4: D | G4: E=C×D | H4: F=逆行列係数×E | I4: G=A+F | J4: H | K4: I=G×H | L4: J | M4: Ｋ=I×J | N4: L | O4: M=K×L | P4: N | Q4: O=M×N | R4: P=逆行列係数×O | S4: Q=G+P | T4: R | U4: S=Q×R | V4: T | W4: U=Q×T | X4: V | Y4: W=Q×V
A5: １ | B5: 農業 | D5: =投入係数表!D5 -> 0 | E5: =$C$6*D5 -> 0 | F5: =分析係数表!C8 -> 0.024086379 | G5: =E5*F5 -> 0 | H5: {=MMULT(逆行列係数!C5:AO43,'2'!G5:G43)} -> 0 | I5: =C5+H5 -> 0 | J5: =分析係数表!G8 -> 0.12121212 | K5: =I5*J5 -> 0 | N5: =分析係数表!H8 -> 0.01098604 | O5: =$M$44*N5 -> 0 | P5: =分析係数表!C8 -> 0.024086379 | Q5: =O5*P5 -> 0 | R5: {=MMULT(逆行列係数!C5:AO43,'2'!Q5:Q43)} -> 0 | S5: =I5+R5 -> 0 | T5: =分析係数表!F8 -> 0.48484848 | U5: =S5*T5 -> 0 | V5: =分析係数表!D8 -> 1.0757576 | W5: =ROUND(S5*V5,0) -> 0 | X5: =分析係数表!E8 -> 0 | Y5: =ROUND(S5*X5,0) -> 0
A6: 2 | B6: 林業 | C6: =最終需要_まとめ!$C$7 -> 100 | D6: =投入係数表!D6 -> 0 | E6: =$C$6*D6 -> 0 | F6: =分析係数表!C9 -> 0 | G6: =E6*F6 -> 0 | H6: 0 | I6: =C6+H6 -> 100 | J6: =分析係数表!G9 -> 0 | K6: =I6*J6 -> 0 | N6: =分析係数表!H9 -> 0.0005898545 | O6: =$M$44*N6 -> 0 | P6: =分析係数表!C9 -> 0 | Q6: =O6*P6 -> 0 | R6: 0 | S6: =I6+R6 -> 100 | T6: =分析係数表!F9 -> 0 | U6: =S6*T6 -> 0 | V6: =分析係数表!D9 -> 0 | W6: =ROUND(S6*V6,0) -> 0 | X6: =分析係数表!E9 -> 0 | Y6: =ROUND(S6*X6,0) -> 0
A7: 3 | B7: 漁業 | D7: =投入係数表!D7 -> 0 | E7: =$C$6*D7 -> 0 | F7: =分析係数表!C10 -> 0.85034014 | G7: =E7*F7 -> 0 | H7: 0 | I7: =C7+H7 -> 0 | J7: =分析係数表!G10 -> 0.18064516 | K7: =I7*J7 -> 0 | N7: =分析係数表!H10 -> 0.0011059772 | O7: =$M$44*N7 -> 0 | P7: =分析係数表!C10 -> 0.85034014 | Q7: =O7*P7 -> 0 | R7: 0 | S7: =I7+R7 -> 0 | T7: =分析係数表!F10 -> 0.52258065 | U7: =S7*T7 -> 0 | V7: =分析係数表!D10 -> 0.090322581 | W7: =ROUND(S7*V7,0) -> 0 | X7: =分析係数表!E10 -> 0 | Y7: =ROUND(S7*X7,0) -> 0
A8: 4 | B8: 鉱業 | D8: =投入係数表!D8 -> 0 | E8: =$C$6*D8 -> 0 | F8: =分析係数表!C11 -> 0.016645596 | G8: =E8*F8 -> 0 | H8: 0 | I8: =C8+H8 -> 0 | J8: =分析係数表!G11 -> 0.35897436 | K8: =I8*J8 -> 0 | N8: =分析係数表!H11 -> -2.4577271e-05 | O8: =$M$44*N8 -> 0 | P8: =分析係数表!C11 -> 0.016645596 | Q8: =O8*P8 -> 0 | R8: 0 | S8: =I8+R8 -> 0 | T8: =分析係数表!F11 -> 0.58974359 | U8: =S8*T8 -> 0 | V8: =分析係数表!D11 -> 0.0085470085 | W8: =ROUND(S8*V8,0) -> 0 | X8: =分析係数表!E11 -> 0 | Y8: =ROUND(S8*X8,0) -> 0
A9: 5 | B9: 飲食料品 | D9: =投入係数表!D9 -> 0 | E9: =$C$6*D9 -> 0 | F9: =分析係数表!C12 -> 0.00518836 | G9: =E9*F9 -> 0 | H9: 0 | I9: =C9+H9 -> 0 | J9: =分析係数表!G12 -> 0.13719512 | K9: =I9*J9 -> 0 | N9: =分析係数表!H12 -> 0.089657884 | O9: =$M$44*N9 -> 0 | P9: =分析係数表!C12 -> 0.00518836 | Q9: =O9*P9 -> 0 | R9: 0 | S9: =I9+R9 -> 0 | T9: =分析係数表!F12 -> 0.31707317 | U9: =S9*T9 -> 0 | V9: =分析係数表!D12 -> 0.067073171 | W9: =ROUND(S9*V9,0) -> 0 | X9: =分析係数表!E12 -> 0.057926829 | Y9: =ROUND(S9*X9,0) -> 0
A10: 6 | B10: 繊維製品 | D10: =投入係数表!D10 -> 0 | E10: =$C$6*D10 -> 0 | F10: =分析係数表!C13 -> 0 | G10: =E10*F10 -> 0 | H10: 0 | I10: =C10+H10 -> 0 | J10: =分析係数表!G13 -> 0.24459953 | K10: =I10*J10 -> 0 | N10: =分析係数表!H13 -> 0.014131931 | O10: =$M$44*N10 -> 0 | P10: =分析係数表!C13 -> 0 | Q10: =O10*P10 -> 0 | R10: 0 | S10: =I10+R10 -> 0 | T10: =分析係数表!F13 -> 0.38318378 | U10: =S10*T10 -> 0 | V10: =分析係数表!D13 -> 0.047856431 | W10: =ROUND(S10*V10,0) -> 0 | X10: =分析係数表!E13 -> 0.049850449 | Y10: =ROUND(S10*X10,0) -> 0
A11: 7 | B11: パルプ・紙・木製品 | D11: =投入係数表!D11 -> 0 | E11: =$C$6*D11 -> 0 | F11: =分析係数表!C14 -> 0.065770523 | G11: =E11*F11 -> 0 | H11: 0 | I11: =C11+H11 -> 0 | J11: =分析係数表!G14 -> 0.20976693 | K11: =I11*J11 -> 0 | N11: =分析係数表!H14 -> 0.0011674204 | O11: =$M$44*N11 -> 0 | P11: =分析係数表!C14 -> 0.065770523 | Q11: =O11*P11 -> 0 | R11: 0 | S11: =I11+R11 -> 0 | T11: =分析係数表!F14 -> 0.36071032 | U11: =S11*T11 -> 0 | V11: =分析係数表!D14 -> 0.067702553 | W11: =ROUND(S11*V11,0) -> 0 | X11: =分析係数表!E14 -> 0.068812431 | Y11: =ROUND(S11*X11,0) -> 0
A12: 8 | B12: 化学製品 | D12: =投入係数表!D12 -> 0 | E12: =$C$6*D12 -> 0 | F12: =分析係数表!C15 -> 0 | G12: =E12*F12 -> 0 | H12: 0 | I12: =C12+H12 -> 0 | J12: =分析係数表!G15 -> 0.095622477 | K12: =I12*J12 -> 0 | N12: =分析係数表!H15 -> 0.0082333858 | O12: =$M$44*N12 -> 0 | P12: =分析係数表!C15 -> 0 | Q12: =O12*P12 -> 0 | R12: 0 | S12: =I12+R12 -> 0 | T12: =分析係数表!F15 -> 0.30398168 | U12: =S12*T12 -> 0 | V12: =分析係数表!D15 -> 0.031667184 | W12: =ROUND(S12*V12,0) -> 0 | X12: =分析係数表!E15 -> 0.029261099 | Y12: =ROUND(S12*X12,0) -> 0
A13: 9 | B13: 石油・石炭製品 | D13: =投入係数表!D13 -> 0 | E13: =$C$6*D13 -> 0 | F13: =分析係数表!C16 -> 0.05867144 | G13: =E13*F13 -> 0 | H13: 0 | I13: =C13+H13 -> 0 | J13: =分析係数表!G16 -> 0.033950617 | K13: =I13*J13 -> 0 | N13: =分析係数表!H16 -> 0.016626524 | O13: =$M$44*N13 -> 0 | P13: =分析係数表!C16 -> 0.05867144 | Q13: =O13*P13 -> 0 | R13: 0 | S13: =I13+R13 -> 0 | T13: =分析係数表!F16 -> 0.28858025 | U13: =S13*T13 -> 0 | V13: =分析係数表!D16 -> 0 | W13: =ROUND(S13*V13,0) -> 0 | X13: =分析係数表!E16 -> 0 | Y13: =ROUND(S13*X13,0) -> 0
A14: 10 | B14: プラスチック・ゴム製品 | D14: =投入係数表!D14 -> 0 | E14: =$C$6*D14 -> 0 | F14: =分析係数表!C17 -> 0.10640681 | G14: =E14*F14 -> 0 | H14: 0 | I14: =C14+H14 -> 0 | J14: =分析係数表!G17 -> 0.21283422 | K14: =I14*J14 -> 0 | N14: =分析係数表!H17 -> 0.0029861384 | O14: =$M$44*N14 -> 0 | P14: =分析係数表!C17 -> 0.10640681 | Q14: =O14*P14 -> 0 | R14: 0 | S14: =I14+R14 -> 0 | T14: =分析係数表!F17 -> 0.32335116 | U14: =S14*T14 -> 0 | V14: =分析係数表!D17 -> 0.044206774 | W14: =ROUND(S14*V14,0) -> 0 | X14: =分析係数表!E17 -> 0.040641711 | Y14: =ROUND(S14*X14,0) -> 0
A15: 11 | B15: 窯業・土石製品 | D15: =投入係数表!D15 -> 0 | E15: =$C$6*D15 -> 0 | F15: =分析係数表!C18 -> 0.93182769 | G15: =E15*F15 -> 0 | H15: 0 | I15: =C15+H15 -> 0 | J15: =分析係数表!G18 -> 0.21565873 | K15: =I15*J15 -> 0 | N15: =分析係数表!H18 -> 0.00044239088 | O15: =$M$44*N15 -> 0 | P15: =分析係数表!C18 -> 0.93182769 | Q15: =O15*P15 -> 0 | R15: 0 | S15: =I15+R15 -> 0 | T15: =分析係数表!F18 -> 0.45992903 | U15: =S15*T15 -> 0 | V15: =分析係数表!D18 -> 0.023436345 | W15: =ROUND(S15*V15,0) -> 0 | X15: =分析係数表!E18 -> 0.025506432 | Y15: =ROUND(S15*X15,0) -> 0
A16: 12 | B16: 鉄鋼 | D16: =投入係数表!D16 -> 0 | E16: =$C$6*D16 -> 0 | F16: =分析係数表!C19 -> 0.22734014 | G16: =E16*F16 -> 0 | H16: 0 | I16: =C16+H16 -> 0 | J16: =分析係数表!G19 -> 0.057679353 | K16: =I16*J16 -> 0 | N16: =分析係数表!H19 -> -0.00011059772 | O16: =$M$44*N16 -> 0 | P16: =分析係数表!C19 -> 0.22734014 | Q16: =O16*P16 -> 0 | R16: 0 | S16: =I16+R16 -> 0 | T16: =分析係数表!F19 -> 0.2401482 | U16: =S16*T16 -> 0 | V16: =分析係数表!D19 -> 0.0069467834 | W16: =ROUND(S16*V16,0) -> 0 | X16: =分析係数表!E19 -> 0.0078309195 | Y16: =ROUND(S16*X16,0) -> 0
A17: 13 | B17: 非鉄金属 | D17: =投入係数表!D17 -> 0 | E17: =$C$6*D17 -> 0 | F17: =分析係数表!C20 -> 0.28316988 | G17: =E17*F17 -> 0 | H17: 0 | I17: =C17+H17 -> 0 | J17: =分析係数表!G20 -> 0.10003293 | K17: =I17*J17 -> 0 | N17: =分析係数表!H20 -> 0.00054069996 | O17: =$M$44*N17 -> 0 | P17: =分析係数表!C20 -> 0.28316988 | Q17: =O17*P17 -> 0 | R17: 0 | S17: =I17+R17 -> 0 | T17: =分析係数表!F20 -> 0.22295406 | U17: =S17*T17 -> 0 | V17: =分析係数表!D20 -> 0.014243372 | W17: =ROUND(S17*V17,0) -> 0 | X17: =分析係数表!E20 -> 0.016054668 | Y17: =ROUND(S17*X17,0) -> 0
A18: 14 | B18: 金属製品 | D18: =投入係数表!D18 -> 0 | E18: =$C$6*D18 -> 0 | F18: =分析係数表!C21 -> 0.39165775 | G18: =E18*F18 -> 0 | H18: 0 | I18: =C18+H18 -> 0 | J18: =分析係数表!G21 -> 0.28516577 | K18: =I18*J18 -> 0 | N18: =分析係数表!H21 -> 0.00092164766 | O18: =$M$44*N18 -> 0 | P18: =分析係数表!C21 -> 0.39165775 | Q18: =O18*P18 -> 0 | R18: 0 | S18: =I18+R18 -> 0 | T18: =分析係数表!F21 -> 0.42597652 | U18: =S18*T18 -> 0 | V18: =分析係数表!D21 -> 0.038470058 | W18: =ROUND(S18*V18,0) -> 0 | X18: =分析係数表!E21 -> 0.035885697 | Y18: =ROUND(S18*X18,0) -> 0
... A43: 39 | B43: 分類不明 | D43: =投入係数表!D43 -> 0 | E43: =$C$6*D43 -> 0 | F43: =分析係数表!C46 -> 0.35026324 | G43: =E43*F43 -> 0 | H43: 0 | I43: =C43+H43 -> 0 | J43: =分析係数表!G46 -> 0.0088183422 | K43: =I43*J43 -> 0 | N43: =分析係数表!H46 -> 0.022070389 | O43: =$M$44*N43 -> 0 | P43: =分析係数表!C46 -> 0.35026324 | Q43: =O43*P43 -> 0 | R43: 0 | S43: =I43+R43 -> 0 | T43: =分析係数表!F46 -> 0.31305115 | U43: =S43*T43 -> 0 | V43: =分析係数表!D46 -> 0.0026455026 | W43: =ROUND(S43*V43,0) -> 0 | X43: =分析係数表!E46 -> 0.0070546737 | Y43: =ROUND(S43*X43,0) -> 0
A44: 40 | B44: 合計 | C44: =SUM(C5:C43) -> 100 | D44: =投入係数表!D44 -> 0 | E44: =SUM(E5:E43) -> 0 | F44: =分析係数表!C47 -> 0.31394387 | G44: =SUM(G5:G43) -> 0 | H44: =SUM(H5:H43) -> 0 | I44: =SUM(I5:I43) -> 100 | J44: =分析係数表!G47 -> 0.19998528 | K44: =SUM(K5:K43) -> 0 | L44: =最終需要_まとめ!$L$33 -> 0.627 | M44: =K44*L44 -> 0 | N44: =分析係数表!H47 -> 1 | O44: =SUM(O5:O43) -> 0 | P44: =分析係数表!C47 -> 0.31394387 | Q44: =SUM(Q5:Q43) -> 0 | R44: =SUM(R5:R43) -> 0 | S44: =SUM(S5:S43) -> 100 | T44: =分析係数表!F47 -> 0.42668872 | U44: =SUM(U5:U43) -> 0 | V44: =分析係数表!D47 -> 0.049757178 | W44: =SUM(W5:W43) -> 0 | X44: =分析係数表!E47 -> 0.0419071 | Y44: =SUM(Y5:Y43) -> 0
B45: 備考（参照WS) | C45: 最終需要推計 | D45: 投入係数表 | F45: 分析係数 | H45: 逆行列係数表 | J45: 分析係数 | L45: 最終需要推計 | N45: 分析係数 | P45: 分析係数 | S45: 逆行列係数表 | T45: 分析係数 | V45: 分析係数 | X45: 分析係数
B46: ※四捨五入の関係で合計と内訳が一致しない場合があります。

Sheet 3
B1: 経済波及効果計算プロセス | G1: =取引基本表!$E$1 -> 2015年播磨町産業連関表
B2: 漁業 | S2: 生産誘発額 | U2: 粗付加価値誘発額 | W2: 就業者誘発数 | Y2: 雇用誘発数
C3: 域内最終需要増加額 （直接効果） | D3: 投入係数（漁業） | E3: 需要増加額 | F3: 域内自給率 | G3: 県内需要 増加額 | H3: 1次間接 波及効果 | I3: 直接+1次間接波及効果 | J3: 雇用者 所得率 | K3: 雇用者所得誘発額（直接+1次間接波及効果） | L3: 平均消費 性向 （R2_R4/近畿） | M3: 民間消費による需要 増加額 | N3: 民間消費支出構成比 | O3: 民間消費による需要 増加額 | P3: 域内自給率 | Q3: 民間消費による県内需要増加額 | R3: 2次間接 波及効果 | S3: 総合効果（直接+1次+2次間接波及効果） | T3: 粗付加価値 率 | U3: 粗付加価値誘発額 | V3: 就業係数（百万円当り） | W3: 就業者創出（人） | X3: 雇用係数（百万円当り） | Y3: 雇用者創出（人）
C4: A | D4: B | E4: C=A×B | F4: D | G4: E=C×D | H4: F=逆行列係数×E | I4: G=A+F | J4: H | K4: I=G×H | L4: J | M4: Ｋ=I×J | N4: L | O4: M=K×L | P4: N | Q4: O=M×N | R4: P=逆行列係数×O | S4: Q=G+P | T4: R | U4: S=Q×R | V4: T | W4: U=Q×T | X4: V | Y4: W=Q×V
A5: １ | B5: 農業 | D5: =投入係数表!E5 -> 0 | E5: =$C$7*D5 -> 0 | F5: =分析係数表!C8 -> 0.024086379 | G5: =E5*F5 -> 0 | H5: {=MMULT(逆行列係数!C5:AO43,'3'!G5:G43)} -> 0.00032199435 | I5: =C5+H5 -> 0.00032199435 | J5: =分析係数表!G8 -> 0.12121212 | K5: =I5*J5 -> 3.9029618e-05 | N5: =分析係数表!H8 -> 0.01098604 | O5: =$M$44*N5 -> 0.13846474 | P5: =分析係数表!C8 -> 0.024086379 | Q5: =O5*P5 -> 0.0033351142 | R5: {=MMULT(逆行列係数!C5:AO43,'3'!Q5:Q43)} -> 0.0036560471 | S5: =I5+R5 -> 0.0039780414 | T5: =分析係数表!F8 -> 0.48484848 | U5: =S5*T5 -> 0.0019287474 | V5: =分析係数表!D8 -> 1.0757576 | W5: =ROUND(S5*V5,0) -> 0 | X5: =分析係数表!E8 -> 0 | Y5: =ROUND(S5*X5,0) -> 0
A6: 2 | B6: 林業 | D6: =投入係数表!E6 -> 0 | E6: =$C$7*D6 -> 0 | F6: =分析係数表!C9 -> 0 | G6: =E6*F6 -> 0 | H6: 0 | I6: =C6+H6 -> 0 | J6: =分析係数表!G9 -> 0 | K6: =I6*J6 -> 0 | N6: =分析係数表!H9 -> 0.0005898545 | O6: =$M$44*N6 -> 0.0074343486 | P6: =分析係数表!C9 -> 0 | Q6: =O6*P6 -> 0 | R6: 0 | S6: =I6+R6 -> 0 | T6: =分析係数表!F9 -> 0 | U6: =S6*T6 -> 0 | V6: =分析係数表!D9 -> 0 | W6: =ROUND(S6*V6,0) -> 0 | X6: =分析係数表!E9 -> 0 | Y6: =ROUND(S6*X6,0) -> 0
A7: 3 | B7: 漁業 | C7: =最終需要_まとめ!$C$8 -> 100 | D7: =投入係数表!E7 -> 0.04516129 | E7: =$C$7*D7 -> 4.516129 | F7: =分析係数表!C10 -> 0.85034014 | G7: =E7*F7 -> 3.8402458 | H7: 3.995714 | I7: =C7+H7 -> 103.99571 | J7: =分析係数表!G10 -> 0.18064516 | K7: =I7*J7 -> 18.786323 | N7: =分析係数表!H10 -> 0.0011059772 | O7: =$M$44*N7 -> 0.013939404 | P7: =分析係数表!C10 -> 0.85034014 | Q7: =O7*P7 -> 0.011853234 | R7: 0.014671335 | S7: =I7+R7 -> 104.01039 | T7: =分析係数表!F10 -> 0.52258065 | U7: =S7*T7 -> 54.353814 | V7: =分析係数表!D10 -> 0.090322581 | W7: =ROUND(S7*V7,0) -> 9 | X7: =分析係数表!E10 -> 0 | Y7: =ROUND(S7*X7,0) -> 0
A8: 4 | B8: 鉱業 | D8: =投入係数表!E8 -> 0 | E8: =$C$7*D8 -> 0 | F8: =分析係数表!C11 -> 0.016645596 | G8: =E8*F8 -> 0 | H8: 0.0039198325 | I8: =C8+H8 -> 0.0039198325 | J8: =分析係数表!G11 -> 0.35897436 | K8: =I8*J8 -> 0.0014071194 | N8: =分析係数表!H11 -> -2.4577271e-05 | O8: =$M$44*N8 -> -0.00030976453 | P8: =分析係数表!C11 -> 0.016645596 | Q8: =O8*P8 -> -5.1562153e-06 | R8: 0.00031354626 | S8: =I8+R8 -> 0.0042333788 | T8: =分析係数表!F11 -> 0.58974359 | U8: =S8*T8 -> 0.002496608 | V8: =分析係数表!D11 -> 0.0085470085 | W8: =ROUND(S8*V8,0) -> 0 | X8: =分析係数表!E11 -> 0 | Y8: =ROUND(S8*X8,0) -> 0
A9: 5 | B9: 飲食料品 | D9: =投入係数表!E9 -> 0.10967742 | E9: =$C$7*D9 -> 10.967742 | F9: =分析係数表!C12 -> 0.00518836 | G9: =E9*F9 -> 0.056904594 | H9: 0.059256556 | I9: =C9+H9 -> 0.059256556 | J9: =分析係数表!G12 -> 0.13719512 | K9: =I9*J9 -> 0.0081297104 | N9: =分析係数表!H12 -> 0.089657884 | O9: =$M$44*N9 -> 1.130021 | P9: =分析係数表!C12 -> 0.00518836 | Q9: =O9*P9 -> 0.0058629557 | R9: 0.0063296007 | S9: =I9+R9 -> 0.065586157 | T9: =分析係数表!F12 -> 0.31707317 | U9: =S9*T9 -> 0.020795611 | V9: =分析係数表!D12 -> 0.067073171 | W9: =ROUND(S9*V9,0) -> 0 | X9: =分析係数表!E12 -> 0.057926829 | Y9: =ROUND(S9*X9,0) -> 0
A10: 6 | B10: 繊維製品 | D10: =投入係数表!E10 -> 0.025806452 | E10: =$C$7*D10 -> 2.5806452 | F10: =分析係数表!C13 -> 0 | G10: =E10*F10 -> 0 | H10: 0 | I10: =C10+H10 -> 0 | J10: =分析係数表!G13 -> 0.24459953 | K10: =I10*J10 -> 0 | N10: =分析係数表!H13 -> 0.014131931 | O10: =$M$44*N10 -> 0.1781146 | P10: =分析係数表!C13 -> 0 | Q10: =O10*P10 -> 0 | R10: 0 | S10: =I10+R10 -> 0 | T10: =分析係数表!F13 -> 0.38318378 | U10: =S10*T10 -> 0 | V10: =分析係数表!D13 -> 0.047856431 | W10: =ROUND(S10*V10,0) -> 0 | X10: =分析係数表!E13 -> 0.049850449 | Y10: =ROUND(S10*X10,0) -> 0
A11: 7 | B11: パルプ・紙・木製品 | D11: =投入係数表!E11 -> 0 | E11: =$C$7*D11 -> 0 | F11: =分析係数表!C14 -> 0.065770523 | G11: =E11*F11 -> 0 | H11: 0.0056117491 | I11: =C11+H11 -> 0.0056117491 | J11: =分析係数表!G14 -> 0.20976693 | K11: =I11*J11 -> 0.0011771594 | N11: =分析係数表!H14 -> 0.0011674204 | O11: =$M$44*N11 -> 0.014713815 | P11: =分析係数表!C14 -> 0.065770523 | Q11: =O11*P11 -> 0.00096773531 | R11: 0.0030130196 | S11: =I11+R11 -> 0.0086247687 | T11: =分析係数表!F14 -> 0.36071032 | U11: =S11*T11 -> 0.0031110431 | V11: =分析係数表!D14 -> 0.067702553 | W11: =ROUND(S11*V11,0) -> 0 | X11: =分析係数表!E14 -> 0.068812431 | Y11: =ROUND(S11*X11,0) -> 0
A12: 8 | B12: 化学製品 | D12: =投入係数表!E12 -> 0.012903226 | E12: =$C$7*D12 -> 1.2903226 | F12: =分析係数表!C15 -> 0 | G12: =E12*F12 -> 0 | H12: 0 | I12: =C12+H12 -> 0 | J12: =分析係数表!G15 -> 0.095622477 | K12: =I12*J12 -> 0 | N12: =分析係数表!H15 -> 0.0082333858 | O12: =$M$44*N12 -> 0.10377112 | P12: =分析係数表!C15 -> 0 | Q12: =O12*P12 -> 0 | R12: 0 | S12: =I12+R12 -> 0 | T12: =分析係数表!F15 -> 0.30398168 | U12: =S12*T12 -> 0 | V12: =分析係数表!D15 -> 0.031667184 | W12: =ROUND(S12*V12,0) -> 0 | X12: =分析係数表!E15 -> 0.029261099 | Y12: =ROUND(S12*X12,0) -> 0
A13: 9 | B13: 石油・石炭製品 | D13: =投入係数表!E13 -> 0.058064516 | E13: =$C$7*D13 -> 5.8064516 | F13: =分析係数表!C16 -> 0.05867144 | G13: =E13*F13 -> 0.34067288 | H13: 0.3571177 | I13: =C13+H13 -> 0.3571177 | J13: =分析係数表!G16 -> 0.033950617 | K13: =I13*J13 -> 0.012124366 | N13: =分析係数表!H16 -> 0.016626524 | O13: =$M$44*N13 -> 0.2095557 | P13: =分析係数表!C16 -> 0.05867144 | Q13: =O13*P13 -> 0.012294935 | R13: 0.013236332 | S13: =I13+R13 -> 0.37035403 | T13: =分析係数表!F16 -> 0.28858025 | U13: =S13*T13 -> 0.10687686 | V13: =分析係数表!D16 -> 0 | W13: =ROUND(S13*V13,0) -> 0 | X13: =分析係数表!E16 -> 0 | Y13: =ROUND(S13*X13,0) -> 0
A14: 10 | B14: プラスチック・ゴム製品 | D14: =投入係数表!E14 -> 0.019354839 | E14: =$C$7*D14 -> 1.9354839 | F14: =分析係数表!C17 -> 0.10640681 | G14: =E14*F14 -> 0.20594866 | H14: 0.23015677 | I14: =C14+H14 -> 0.23015677 | J14: =分析係数表!G17 -> 0.21283422 | K14: =I14*J14 -> 0.048985238 | N14: =分析係数表!H17 -> 0.0029861384 | O14: =$M$44*N14 -> 0.03763639 | P14: =分析係数表!C17 -> 0.10640681 | Q14: =O14*P14 -> 0.0040047682 | R14: 0.0068360629 | S14: =I14+R14 -> 0.23699284 | T14: =分析係数表!F17 -> 0.32335116 | U14: =S14*T14 -> 0.076631908 | V14: =分析係数表!D17 -> 0.044206774 | W14: =ROUND(S14*V14,0) -> 0 | X14: =分析係数表!E17 -> 0.040641711 | Y14: =ROUND(S14*X14,0) -> 0
A15: 11 | B15: 窯業・土石製品 | D15: =投入係数表!E15 -> 0 | E15: =$C$7*D15 -> 0 | F15: =分析係数表!C18 -> 0.93182769 | G15: =E15*F15 -> 0 | H15: 0.016088294 | I15: =C15+H15 -> 0.016088294 | J15: =分析係数表!G18 -> 0.21565873 | K15: =I15*J15 -> 0.0034695811 | N15: =分析係数表!H18 -> 0.00044239088 | O15: =$M$44*N15 -> 0.0055757615 | P15: =分析係数表!C18 -> 0.93182769 | Q15: =O15*P15 -> 0.0051956489 | R15: 0.01206422 | S15: =I15+R15 -> 0.028152514 | T15: =分析係数表!F18 -> 0.45992903 | U15: =S15*T15 -> 0.012948158 | V15: =分析係数表!D18 -> 0.023436345 | W15: =ROUND(S15*V15,0) -> 0 | X15: =分析係数表!E18 -> 0.025506432 | Y15: =ROUND(S15*X15,0) -> 0
A16: 12 | B16: 鉄鋼 | D16: =投入係数表!E16 -> 0 | E16: =$C$7*D16 -> 0 | F16: =分析係数表!C19 -> 0.22734014 | G16: =E16*F16 -> 0 | H16: 0.022923649 | I16: =C16+H16 -> 0.022923649 | J16: =分析係数表!G19 -> 0.057679353 | K16: =I16*J16 -> 0.0013222212 | N16: =分析係数表!H19 -> -0.00011059772 | O16: =$M$44*N16 -> -0.0013939404 | P16: =分析係数表!C19 -> 0.22734014 | Q16: =O16*P16 -> -0.0003168986 | R16: 0.0020068168 | S16: =I16+R16 -> 0.024930466 | T16: =分析係数表!F19 -> 0.2401482 | U16: =S16*T16 -> 0.0059870064 | V16: =分析係数表!D19 -> 0.0069467834 | W16: =ROUND(S16*V16,0) -> 0 | X16: =分析係数表!E19 -> 0.0078309195 | Y16: =ROUND(S16*X16,0) -> 0
A17: 13 | B17: 非鉄金属 | D17: =投入係数表!E17 -> 0 | E17: =$C$7*D17 -> 0 | F17: =分析係数表!C20 -> 0.28316988 | G17: =E17*F17 -> 0 | H17: 0.013534847 | I17: =C17+H17 -> 0.013534847 | J17: =分析係数表!G20 -> 0.10003293 | K17: =I17*J17 -> 0.0013539304 | N17: =分析係数表!H20 -> 0.00054069996 | O17: =$M$44*N17 -> 0.0068148196 | P17: =分析係数表!C20 -> 0.28316988 | Q17: =O17*P17 -> 0.0019297516 | R17: 0.0041966973 | S17: =I17+R17 -> 0.017731544 | T17: =分析係数表!F20 -> 0.22295406 | U17: =S17*T17 -> 0.0039533197 | V17: =分析係数表!D20 -> 0.014243372 | W17: =ROUND(S17*V17,0) -> 0 | X17: =分析係数表!E20 -> 0.016054668 | Y17: =ROUND(S17*X17,0) -> 0
A18: 14 | B18: 金属製品 | D18: =投入係数表!E18 -> 0 | E18: =$C$7*D18 -> 0 | F18: =分析係数表!C21 -> 0.39165775 | G18: =E18*F18 -> 0 | H18: 0.01161888 | I18: =C18+H18 -> 0.01161888 | J18: =分析係数表!G21 -> 0.28516577 | K18: =I18*J18 -> 0.0033133069 | N18: =分析係数表!H21 -> 0.00092164766 | O18: =$M$44*N18 -> 0.01161617 | P18: =分析係数表!C21 -> 0.39165775 | Q18: =O18*P18 -> 0.004549563 | R18: 0.0089104716 | S18: =I18+R18 -> 0.020529352 | T18: =分析係数表!F21 -> 0.42597652 | U18: =S18*T18 -> 0.0087450218 | V18: =分析係数表!D21 -> 0.038470058 | W18: =ROUND(S18*V18,0) -> 0 | X18: =分析係数表!E21 -> 0.035885697 | Y18: =ROUND(S18*X18,0) -> 0
A19: 15 | B19: はん用機械 | D19: =投入係数表!E19 -> 0 | E19: =$C$7*D19 -> 0 | F19: =分析係数表!C22 -> 0.15642616 | G19: =E19*F19 -> 0 | H19: 0.003351829 | I19: =C19+H19 -> 0.003351829 | J19: =分析係数表!G22 -> 0.19460413 | K19: =I19*J19 -> 0.00065227975 | N19: =分析係数表!H22 -> 4.9154542e-05 | O19: =$M$44*N19 -> 0.00061952905 | P19: =分析係数表!C22 -> 0.15642616 | Q19: =O19*P19 -> 9.6910548e-05 | R19: 0.001328681 | S19: =I19+R19 -> 0.0046805099 | T19: =分析係数表!F22 -> 0.41322518 | U19: =S19*T19 -> 0.0019341046 | V19: =分析係数表!D22 -> 0.021407159 | W19: =ROUND(S19*V19,0) -> 0 | X19: =分析係数表!E22 -> 0.022006701 | Y19: =ROUND(S19*X19,0) -> 0
... A43: 39 | B43: 分類不明 | D43: =投入係数表!E43 -> 0.012903226 | E43: =$C$7*D43 -> 1.2903226 | F43: =分析係数表!C46 -> 0.35026324 | G43: =E43*F43 -> 0.45195257 | H43: 0.4790863 | I43: =C43+H43 -> 0.4790863 | J43: =分析係数表!G46 -> 0.0088183422 | K43: =I43*J43 -> 0.0042247469 | N43: =分析係数表!H46 -> 0.022070389 | O43: =$M$44*N43 -> 0.27816854 | P43: =分析係数表!C46 -> 0.35026324 | Q43: =O43*P43 -> 0.097432216 | R43: 0.10500986 | S43: =I43+R43 -> 0.58409616 | T43: =分析係数表!F46 -> 0.31305115 | U43: =S43*T43 -> 0.18285197 | V43: =分析係数表!D46 -> 0.0026455026 | W43: =ROUND(S43*V43,0) -> 0 | X43: =分析係数表!E46 -> 0.0070546737 | Y43: =ROUND(S43*X43,0) -> 0
A44: 40 | B44: 合計 | C44: =SUM(C5:C43) -> 100 | D44: =投入係数表!E44 -> 0.44516129 | E44: =SUM(E5:E43) -> 44.516129 | F44: =分析係数表!C47 -> 0.31394387 | G44: =SUM(G5:G43) -> 8.3237665 | H44: =SUM(H5:H43) -> 9.4415193 | I44: =SUM(I5:I43) -> 109.44152 | J44: =分析係数表!G47 -> 0.19998528 | K44: =SUM(K5:K43) -> 20.101593 | L44: =最終需要_まとめ!$L$33 -> 0.627 | M44: =K44*L44 -> 12.603699 | N44: =分析係数表!H47 -> 1 | O44: =$M$44*N44 -> 12.603699 | P44: =分析係数表!C47 -> 0.31394387 | Q44: =SUM(Q5:Q43) -> 4.4032792 | R44: =SUM(R5:R43) -> 4.8550666 | S44: =SUM(S5:S43) -> 114.29659 | T44: =分析係数表!F47 -> 0.42668872 | U44: =SUM(U5:U43) -> 60.143985 | V44: =分析係数表!D47 -> 0.049757178 | W44: =SUM(W5:W43) -> 9 | X44: =分析係数表!E47 -> 0.0419071 | Y44: =SUM(Y5:Y43) -> 0
B45: 備考（参照WS) | C45: 最終需要推計 | D45: 投入係数表 | F45: 分析係数 | H45: 逆行列係数表 | J45: 分析係数 | L45: 最終需要推計 | N45: 分析係数 | P45: 分析係数 | S45: 逆行列係数表 | T45: 分析係数 | V45: 分析係数 | X45: 分析係数
B46: ※四捨五入の関係で合計と内訳が一致しない場合があります。

Sheet 4
B1: 経済波及効果計算プロセス | G1: =取引基本表!$E$1 -> 2015年播磨町産業連関表
B2: 鉱業 | S2: 生産誘発額 | U2: 粗付加価値誘発額 | W2: 就業者誘発数 | Y2: 雇用誘発数
C3: 域内最終需要増加額 （直接効果） | D3: 投入係数（鉱業） | E3: 需要増加額 | F3: 域内自給率 | G3: 県内需要 増加額 | H3: 1次間接 波及効果 | I3: 直接+1次間接波及効果 | J3: 雇用者 所得率 | K3: 雇用者所得誘発額（直接+1次間接波及効果） | L3: 平均消費 性向 （R2_R4/近畿） | M3: 民間消費による需要 増加額 | N3: 民間消費支出構成比 | O3: 民間消費による需要 増加額 | P3: 域内自給率 | Q3: 民間消費による県内需要増加額 | R3: 2次間接 波及効果 | S3: 総合効果（直接+1次+2次間接波及効果） | T3: 粗付加価値 率 | U3: 粗付加価値誘発額 | V3: 就業係数（百万円当り） | W3: 就業者創出（人） | X3: 雇用係数（百万円当り） | Y3: 雇用者創出（人）
C4: A | D4: B | E4: C=A×B | F4: D | G4: E=C×D | H4: F=逆行列係数×E | I4: G=A+F | J4: H | K4: I=G×H | L4: J | M4: Ｋ=I×J | N4: L | O4: M=K×L | P4: N | Q4: O=M×N | R4: P=逆行列係数×O | S4: Q=G+P | T4: R | U4: S=Q×R | V4: T | W4: U=Q×T | X4: V | Y4: W=Q×V
A5: １ | B5: 農業 | D5: =投入係数表!F5 -> 0 | E5: =$C$8*D5 -> 0 | F5: =分析係数表!C8 -> 0.024086379 | G5: =E5*F5 -> 0 | H5: {=MMULT(逆行列係数!C5:AO43,'4'!G5:G43)} -> 4.5378313e-06 | I5: =C5+H5 -> 4.5378313e-06 | J5: =分析係数表!G8 -> 0.12121212 | K5: =I5*J5 -> 5.5004016e-07 | N5: =分析係数表!H8 -> 0.01098604 | O5: =$M$44*N5 -> 0.26806331 | P5: =分析係数表!C8 -> 0.024086379 | Q5: =O5*P5 -> 0.0064566744 | R5: {=MMULT(逆行列係数!C5:AO43,'4'!Q5:Q43)} -> 0.0070779901 | S5: =I5+R5 -> 0.007082528 | T5: =分析係数表!F8 -> 0.48484848 | U5: =S5*T5 -> 0.0034339529 | V5: =分析係数表!D8 -> 1.0757576 | W5: =ROUND(S5*V5,0) -> 0 | X5: =分析係数表!E8 -> 0 | Y5: =ROUND(S5*X5,0) -> 0
A6: 2 | B6: 林業 | D6: =投入係数表!F6 -> 0 | E6: =$C$8*D6 -> 0 | F6: =分析係数表!C9 -> 0 | G6: =E6*F6 -> 0 | H6: 0 | I6: =C6+H6 -> 0 | J6: =分析係数表!G9 -> 0 | K6: =I6*J6 -> 0 | N6: =分析係数表!H9 -> 0.0005898545 | O6: =$M$44*N6 -> 0.014392661 | P6: =分析係数表!C9 -> 0 | Q6: =O6*P6 -> 0 | R6: 0 | S6: =I6+R6 -> 0 | T6: =分析係数表!F9 -> 0 | U6: =S6*T6 -> 0 | V6: =分析係数表!D9 -> 0 | W6: =ROUND(S6*V6,0) -> 0 | X6: =分析係数表!E9 -> 0 | Y6: =ROUND(S6*X6,0) -> 0
A7: 3 | B7: 漁業 | D7: =投入係数表!F7 -> 0 | E7: =$C$8*D7 -> 0 | F7: =分析係数表!C10 -> 0.85034014 | G7: =E7*F7 -> 0 | H7: 5.9865997e-05 | I7: =C7+H7 -> 5.9865997e-05 | J7: =分析係数表!G10 -> 0.18064516 | K7: =I7*J7 -> 1.0814503e-05 | N7: =分析係数表!H10 -> 0.0011059772 | O7: =$M$44*N7 -> 0.026986239 | P7: =分析係数表!C10 -> 0.85034014 | Q7: =O7*P7 -> 0.022947482 | R7: 0.028403234 | S7: =I7+R7 -> 0.0284631 | T7: =分析係数表!F10 -> 0.52258065 | U7: =S7*T7 -> 0.014874265 | V7: =分析係数表!D10 -> 0.090322581 | W7: =ROUND(S7*V7,0) -> 0 | X7: =分析係数表!E10 -> 0 | Y7: =ROUND(S7*X7,0) -> 0
A8: 4 | B8: 鉱業 | C8: =最終需要_まとめ!C9 -> 100 | D8: =投入係数表!F8 -> 0 | E8: =$C$8*D8 -> 0 | F8: =分析係数表!C11 -> 0.016645596 | G8: =E8*F8 -> 0 | H8: 0.0051063754 | I8: =C8+H8 -> 100.00511 | J8: =分析係数表!G11 -> 0.35897436 | K8: =I8*J8 -> 35.899269 | N8: =分析係数表!H11 -> -2.4577271e-05 | O8: =$M$44*N8 -> -0.00059969421 | P8: =分析係数表!C11 -> 0.016645596 | Q8: =O8*P8 -> -9.9822676e-06 | R8: 0.00060701552 | S8: =I8+R8 -> 100.00571 | T8: =分析係数表!F11 -> 0.58974359 | U8: =S8*T8 -> 58.977728 | V8: =分析係数表!D11 -> 0.0085470085 | W8: =ROUND(S8*V8,0) -> 1 | X8: =分析係数表!E11 -> 0 | Y8: =ROUND(S8*X8,0) -> 0
A9: 5 | B9: 飲食料品 | D9: =投入係数表!F9 -> 0 | E9: =$C$8*D9 -> 0 | F9: =分析係数表!C12 -> 0.00518836 | G9: =E9*F9 -> 0 | H9: 1.6771535e-05 | I9: =C9+H9 -> 1.6771535e-05 | J9: =分析係数表!G12 -> 0.13719512 | K9: =I9*J9 -> 2.3009728e-06 | N9: =分析係数表!H12 -> 0.089657884 | O9: =$M$44*N9 -> 2.1876845 | P9: =分析係数表!C12 -> 0.00518836 | Q9: =O9*P9 -> 0.011350495 | R9: 0.012253904 | S9: =I9+R9 -> 0.012270676 | T9: =分析係数表!F12 -> 0.31707317 | U9: =S9*T9 -> 0.0038907021 | V9: =分析係数表!D12 -> 0.067073171 | W9: =ROUND(S9*V9,0) -> 0 | X9: =分析係数表!E12 -> 0.057926829 | Y9: =ROUND(S9*X9,0) -> 0
A10: 6 | B10: 繊維製品 | D10: =投入係数表!F10 -> 0 | E10: =$C$8*D10 -> 0 | F10: =分析係数表!C13 -> 0 | G10: =E10*F10 -> 0 | H10: 0 | I10: =C10+H10 -> 0 | J10: =分析係数表!G13 -> 0.24459953 | K10: =I10*J10 -> 0 | N10: =分析係数表!H13 -> 0.014131931 | O10: =$M$44*N10 -> 0.34482417 | P10: =分析係数表!C13 -> 0 | Q10: =O10*P10 -> 0 | R10: 0 | S10: =I10+R10 -> 0 | T10: =分析係数表!F13 -> 0.38318378 | U10: =S10*T10 -> 0 | V10: =分析係数表!D13 -> 0.047856431 | W10: =ROUND(S10*V10,0) -> 0 | X10: =分析係数表!E13 -> 0.049850449 | Y10: =ROUND(S10*X10,0) -> 0
A11: 7 | B11: パルプ・紙・木製品 | D11: =投入係数表!F11 -> 0 | E11: =$C$8*D11 -> 0 | F11: =分析係数表!C14 -> 0.065770523 | G11: =E11*F11 -> 0 | H11: 0.0091423752 | I11: =C11+H11 -> 0.0091423752 | J11: =分析係数表!G14 -> 0.20976693 | K11: =I11*J11 -> 0.0019177679 | N11: =分析係数表!H14 -> 0.0011674204 | O11: =$M$44*N11 -> 0.028485475 | P11: =分析係数表!C14 -> 0.065770523 | Q11: =O11*P11 -> 0.0018735046 | R11: 0.0058331095 | S11: =I11+R11 -> 0.014975485 | T11: =分析係数表!F14 -> 0.36071032 | U11: =S11*T11 -> 0.0054018119 | V11: =分析係数表!D14 -> 0.067702553 | W11: =ROUND(S11*V11,0) -> 0 | X11: =分析係数表!E14 -> 0.068812431 | Y11: =ROUND(S11*X11,0) -> 0
A12: 8 | B12: 化学製品 | D12: =投入係数表!F12 -> 0.025641026 | E12: =$C$8*D12 -> 2.5641026 | F12: =分析係数表!C15 -> 0 | G12: =E12*F12 -> 0 | H12: 0 | I12: =C12+H12 -> 0 | J12: =分析係数表!G15 -> 0.095622477 | K12: =I12*J12 -> 0 | N12: =分析係数表!H15 -> 0.0082333858 | O12: =$M$44*N12 -> 0.20089756 | P12: =分析係数表!C15 -> 0 | Q12: =O12*P12 -> 0 | R12: 0 | S12: =I12+R12 -> 0 | T12: =分析係数表!F15 -> 0.30398168 | U12: =S12*T12 -> 0 | V12: =分析係数表!D15 -> 0.031667184 | W12: =ROUND(S12*V12,0) -> 0 | X12: =分析係数表!E15 -> 0.029261099 | Y12: =ROUND(S12*X12,0) -> 0
A13: 9 | B13: 石油・石炭製品 | D13: =投入係数表!F13 -> 0.034188034 | E13: =$C$8*D13 -> 3.4188034 | F13: =分析係数表!C16 -> 0.05867144 | G13: =E13*F13 -> 0.20058612 | H13: 0.2055454 | I13: =C13+H13 -> 0.2055454 | J13: =分析係数表!G16 -> 0.033950617 | K13: =I13*J13 -> 0.0069783931 | N13: =分析係数表!H16 -> 0.016626524 | O13: =$M$44*N13 -> 0.40569313 | P13: =分析係数表!C16 -> 0.05867144 | Q13: =O13*P13 -> 0.0238026 | R13: 0.025625116 | S13: =I13+R13 -> 0.23117051 | T13: =分析係数表!F16 -> 0.28858025 | U13: =S13*T13 -> 0.066711243 | V13: =分析係数表!D16 -> 0 | W13: =ROUND(S13*V13,0) -> 0 | X13: =分析係数表!E16 -> 0 | Y13: =ROUND(S13*X13,0) -> 0
A14: 10 | B14: プラスチック・ゴム製品 | D14: =投入係数表!F14 -> 0 | E14: =$C$8*D14 -> 0 | F14: =分析係数表!C17 -> 0.10640681 | G14: =E14*F14 -> 0 | H14: 0.011406667 | I14: =C14+H14 -> 0.011406667 | J14: =分析係数表!G17 -> 0.21283422 | K14: =I14*J14 -> 0.0024277292 | N14: =分析係数表!H17 -> 0.0029861384 | O14: =$M$44*N14 -> 0.072862846 | P14: =分析係数表!C17 -> 0.10640681 | Q14: =O14*P14 -> 0.007753103 | R14: 0.013234399 | S14: =I14+R14 -> 0.024641066 | T14: =分析係数表!F17 -> 0.32335116 | U14: =S14*T14 -> 0.0079677173 | V14: =分析係数表!D17 -> 0.044206774 | W14: =ROUND(S14*V14,0) -> 0 | X14: =分析係数表!E17 -> 0.040641711 | Y14: =ROUND(S14*X14,0) -> 0
A15: 11 | B15: 窯業・土石製品 | D15: =投入係数表!F15 -> 0 | E15: =$C$8*D15 -> 0 | F15: =分析係数表!C18 -> 0.93182769 | G15: =E15*F15 -> 0 | H15: 0.0190625 | I15: =C15+H15 -> 0.0190625 | J15: =分析係数表!G18 -> 0.21565873 | K15: =I15*J15 -> 0.0041109946 | N15: =分析係数表!H18 -> 0.00044239088 | O15: =$M$44*N15 -> 0.010794496 | P15: =分析係数表!C18 -> 0.93182769 | Q15: =O15*P15 -> 0.01005861 | R15: 0.023355943 | S15: =I15+R15 -> 0.042418444 | T15: =分析係数表!F18 -> 0.45992903 | U15: =S15*T15 -> 0.019509473 | V15: =分析係数表!D18 -> 0.023436345 | W15: =ROUND(S15*V15,0) -> 0 | X15: =分析係数表!E18 -> 0.025506432 | Y15: =ROUND(S15*X15,0) -> 0
A16: 12 | B16: 鉄鋼 | D16: =投入係数表!F16 -> 0 | E16: =$C$8*D16 -> 0 | F16: =分析係数表!C19 -> 0.22734014 | G16: =E16*F16 -> 0 | H16: 0.066554586 | I16: =C16+H16 -> 0.066554586 | J16: =分析係数表!G19 -> 0.057679353 | K16: =I16*J16 -> 0.0038388255 | N16: =分析係数表!H19 -> -0.00011059772 | O16: =$M$44*N16 -> -0.0026986239 | P16: =分析係数表!C19 -> 0.22734014 | Q16: =O16*P16 -> -0.00061350555 | R16: 0.0038851331 | S16: =I16+R16 -> 0.070439719 | T16: =分析係数表!F19 -> 0.2401482 | U16: =S16*T16 -> 0.016915972 | V16: =分析係数表!D19 -> 0.0069467834 | W16: =ROUND(S16*V16,0) -> 0 | X16: =分析係数表!E19 -> 0.0078309195 | Y16: =ROUND(S16*X16,0) -> 0
A17: 13 | B17: 非鉄金属 | D17: =投入係数表!F17 -> 0 | E17: =$C$8*D17 -> 0 | F17: =分析係数表!C20 -> 0.28316988 | G17: =E17*F17 -> 0 | H17: 0.025995139 | I17: =C17+H17 -> 0.025995139 | J17: =分析係数表!G20 -> 0.10003293 | K17: =I17*J17 -> 0.00260037 | N17: =分析係数表!H20 -> 0.00054069996 | O17: =$M$44*N17 -> 0.013193273 | P17: =分析係数表!C20 -> 0.28316988 | Q17: =O17*P17 -> 0.0037359374 | R17: 0.0081246716 | S17: =I17+R17 -> 0.034119811 | T17: =分析係数表!F20 -> 0.22295406 | U17: =S17*T17 -> 0.0076071503 | V17: =分析係数表!D20 -> 0.014243372 | W17: =ROUND(S17*V17,0) -> 0 | X17: =分析係数表!E20 -> 0.016054668 | Y17: =ROUND(S17*X17,0) -> 0
A18: 14 | B18: 金属製品 | D18: =投入係数表!F18 -> 0.025641026 | E18: =$C$8*D18 -> 2.5641026 | F18: =分析係数表!C21 -> 0.39165775 | G18: =E18*F18 -> 1.0042507 | H18: 1.0427614 | I18: =C18+H18 -> 1.0427614 | J18: =分析係数表!G21 -> 0.28516577 | K18: =I18*J18 -> 0.29735986 | N18: =分析係数表!H21 -> 0.00092164766 | O18: =$M$44*N18 -> 0.022488533 | P18: =分析係数表!C21 -> 0.39165775 | Q18: =O18*P18 -> 0.0088078082 | R18: 0.017250388 | S18: =I18+R18 -> 1.0600118 | T18: =分析係数表!F21 -> 0.42597652 | U18: =S18*T18 -> 0.45154014 | V18: =分析係数表!D21 -> 0.038470058 | W18: =ROUND(S18*V18,0) -> 0 | X18: =分析係数表!E21 -> 0.035885697 | Y18: =ROUND(S18*X18,0) -> 0
A19: 15 | B19: はん用機械 | D19: =投入係数表!F19 -> 0 | E19: =$C$8*D19 -> 0 | F19: =分析係数表!C22 -> 0.15642616 | G19: =E19*F19 -> 0 | H19: 0.0097079694 | I19: =C19+H19 -> 0.0097079694 | J19: =分析係数表!G22 -> 0.19460413 | K19: =I19*J19 -> 0.0018892109 | N19: =分析係数表!H22 -> 4.9154542e-05 | O19: =$M$44*N19 -> 0.0011993884 | P19: =分析係数表!C22 -> 0.15642616 | Q19: =O19*P19 -> 0.00018761572 | R19: 0.0025722838 | S19: =I19+R19 -> 0.012280253 | T19: =分析係数表!F22 -> 0.41322518 | U19: =S19*T19 -> 0.0050745099 | V19: =分析係数表!D22 -> 0.021407159 | W19: =ROUND(S19*V19,0) -> 0 | X19: =分析係数表!E22 -> 0.022006701 | Y19: =ROUND(S19*X19,0) -> 0
A20: 16 | B20: 生産用機械 | D20: =投入係数表!F20 -> 0 | E20: =$C$8*D20 -> 0 | F20: =分析係数表!C23 -> 0 | G20: =E20*F20 -> 0 | H20: 0 | I20: =C20+H20 -> 0 | J20: =分析係数表!G23 -> 0.21581694 | K20: =I20*J20 -> 0 | N20: =分析係数表!H23 -> 2.4577271e-05 | O20: =$M$44*N20 -> 0.00059969421 | P20: =分析係数表!C23 -> 0 | Q20: =O20*P20 -> 0 | R20: 0 | S20: =I20+R20 -> 0 | T20: =分析係数表!F23 -> 0.44146929 | U20: =S20*T20 -> 0 | V20: =分析係数表!D23 -> 0.048735448 | W20: =ROUND(S20*V20,0) -> 0 | X20: =分析係数表!E23 -> 0.052107587 | Y20: =ROUND(S20*X20,0) -> 0
... A43: 39 | B43: 分類不明 | D43: =投入係数表!F43 -> 0.025641026 | E43: =$C$8*D43 -> 2.5641026 | F43: =分析係数表!C46 -> 0.35026324 | G43: =E43*F43 -> 0.89811087 | H43: 0.91666113 | I43: =C43+H43 -> 0.91666113 | J43: =分析係数表!G46 -> 0.0088183422 | K43: =I43*J43 -> 0.0080834314 | N43: =分析係数表!H46 -> 0.022070389 | O43: =$M$44*N43 -> 0.5385254 | P43: =分析係数表!C46 -> 0.35026324 | Q43: =O43*P43 -> 0.18862565 | R43: 0.20329573 | S43: =I43+R43 -> 1.1199569 | T43: =分析係数表!F46 -> 0.31305115 | U43: =S43*T43 -> 0.35060378 | V43: =分析係数表!D46 -> 0.0026455026 | W43: =ROUND(S43*V43,0) -> 0 | X43: =分析係数表!E46 -> 0.0070546737 | Y43: =ROUND(S43*X43,0) -> 0
A44: 40 | B44: 合計 | C44: =SUM(C5:C43) -> 100 | D44: =投入係数表!F44 -> 0.33333333 | E44: =SUM(E5:E43) -> 33.333333 | F44: =分析係数表!C47 -> 0.31394387 | G44: =SUM(G5:G43) -> 9.5445199 | H44: =SUM(H5:H43) -> 11.06868 | I44: =SUM(I5:I43) -> 111.06868 | J44: =分析係数表!G47 -> 0.19998528 | K44: =SUM(K5:K43) -> 38.916041 | L44: =最終需要_まとめ!$L$33 -> 0.627 | M44: =K44*L44 -> 24.400358 | N44: =分析係数表!H47 -> 1 | O44: =SUM(O5:O43) -> 24.400358 | P44: =分析係数表!C47 -> 0.31394387 | Q44: =SUM(Q5:Q43) -> 8.5246075 | R44: =SUM(R5:R43) -> 9.3992535 | S44: =SUM(S5:S43) -> 120.46793 | T44: =分析係数表!F47 -> 0.42668872 | U44: =SUM(U5:U43) -> 71.841588 | V44: =分析係数表!D47 -> 0.049757178 | W44: =SUM(W5:W43) -> 2 | X44: =分析係数表!E47 -> 0.0419071 | Y44: =SUM(Y5:Y43) -> 1
B45: 備考（参照WS) | C45: 最終需要推計 | D45: 投入係数表 | F45: 分析係数 | H45: 逆行列係数表 | J45: 分析係数 | L45: 最終需要推計 | N45: 分析係数 | P45: 分析係数 | S45: 逆行列係数表 | T45: 分析係数 | V45: 分析係数 | X45: 分析係数
B46: ※四捨五入の関係で合計と内訳が一致しない場合があります。

Sheet 5
B1: 経済波及効果計算プロセス | G1: =取引基本表!$E$1 -> 2015年播磨町産業連関表
B2: 飲食料品 | S2: 生産誘発額 | U2: 粗付加価値誘発額 | W2: 就業者誘発数 | Y2: 雇用誘発数
C3: 域内最終需要増加額 （直接効果） | D3: 投入係数（飲食料品） | E3: 需要増加額 | F3: 域内自給率 | G3: 県内需要 増加額 | H3: 1次間接 波及効果 | I3: 直接+1次間接波及効果 | J3: 雇用者 所得率 | K3: 雇用者所得誘発額（直接+1次間接波及効果） | L3: 平均消費 性向 （R2_R4/近畿） | M3: 民間消費による需要 増加額 | N3: 民間消費支出構成比 | O3: 民間消費による需要 増加額 | P3: 域内自給率 | Q3: 民間消費による県内需要増加額 | R3: 2次間接 波及効果 | S3: 総合効果（直接+1次+2次間接波及効果） | T3: 粗付加価値 率 | U3: 粗付加価値誘発額 | V3: 就業係数（百万円当り） | W3: 就業者創出（人） | X3: 雇用係数（百万円当り） | Y3: 雇用者創出（人）
C4: A | D4: B | E4: C=A×B | F4: D | G4: E=C×D | H4: F=逆行列係数×E | I4: G=A+F | J4: H | K4: I=G×H | L4: J | M4: Ｋ=I×J | N4: L | O4: M=K×L | P4: N | Q4: O=M×N | R4: P=逆行列係数×O | S4: Q=G+P | T4: R | U4: S=Q×R | V4: T | W4: U=Q×T | X4: V | Y4: W=Q×V
A5: １ | B5: 農業 | D5: =投入係数表!G5 -> 0.19207317 | E5: =$C$9*D5 -> 19.207317 | F5: =分析係数表!C8 -> 0.024086379 | G5: =E5*F5 -> 0.46263471 | H5: {=MMULT(逆行列係数!C5:AO43,'5'!G5:G43)} -> 0.46483734 | I5: =C5+H5 -> 0.46483734 | J5: =分析係数表!G8 -> 0.12121212 | K5: =I5*J5 -> 0.05634392 | N5: =分析係数表!H8 -> 0.01098604 | O5: =$M$44*N5 -> 0.11203496 | P5: =分析係数表!C8 -> 0.024086379 | Q5: =O5*P5 -> 0.0026985165 | R5: {=MMULT(逆行列係数!C5:AO43,'5'!Q5:Q43)} -> 0.0029581906 | S5: =I5+R5 -> 0.46779553 | T5: =分析係数表!F8 -> 0.48484848 | U5: =S5*T5 -> 0.22680995 | V5: =分析係数表!D8 -> 1.0757576 | W5: =ROUND(S5*V5,0) -> 1 | X5: =分析係数表!E8 -> 0 | Y5: =ROUND(S5*X5,0) -> 0
A6: 2 | B6: 林業 | D6: =投入係数表!G6 -> 0 | E6: =$C$9*D6 -> 0 | F6: =分析係数表!C9 -> 0 | G6: =E6*F6 -> 0 | H6: 0 | I6: =C6+H6 -> 0 | J6: =分析係数表!G9 -> 0 | K6: =I6*J6 -> 0 | N6: =分析係数表!H9 -> 0.0005898545 | O6: =$M$44*N6 -> 0.0060153 | P6: =分析係数表!C9 -> 0 | Q6: =O6*P6 -> 0 | R6: 0 | S6: =I6+R6 -> 0 | T6: =分析係数表!F9 -> 0 | U6: =S6*T6 -> 0 | V6: =分析係数表!D9 -> 0 | W6: =ROUND(S6*V6,0) -> 0 | X6: =分析係数表!E9 -> 0 | Y6: =ROUND(S6*X6,0) -> 0
A7: 3 | B7: 漁業 | D7: =投入係数表!G7 -> 0.033536585 | E7: =$C$9*D7 -> 3.3536585 | F7: =分析係数表!C10 -> 0.85034014 | G7: =E7*F7 -> 2.8517505 | H7: 2.9692592 | I7: =C7+H7 -> 2.9692592 | J7: =分析係数表!G10 -> 0.18064516 | K7: =I7*J7 -> 0.53638231 | N7: =分析係数表!H10 -> 0.0011059772 | O7: =$M$44*N7 -> 0.011278687 | P7: =分析係数表!C10 -> 0.85034014 | Q7: =O7*P7 -> 0.0095907206 | R7: 0.011870909 | S7: =I7+R7 -> 2.9811301 | T7: =分析係数表!F10 -> 0.52258065 | U7: =S7*T7 -> 1.5578809 | V7: =分析係数表!D10 -> 0.090322581 | W7: =ROUND(S7*V7,0) -> 0 | X7: =分析係数表!E10 -> 0 | Y7: =ROUND(S7*X7,0) -> 0
A8: 4 | B8: 鉱業 | D8: =投入係数表!G8 -> 0 | E8: =$C$9*D8 -> 0 | F8: =分析係数表!C11 -> 0.016645596 | G8: =E8*F8 -> 0 | H8: 0.0015340159 | I8: =C8+H8 -> 0.0015340159 | J8: =分析係数表!G11 -> 0.35897436 | K8: =I8*J8 -> 0.00055067237 | N8: =分析係数表!H11 -> -2.4577271e-05 | O8: =$M$44*N8 -> -0.0002506375 | P8: =分析係数表!C11 -> 0.016645596 | Q8: =O8*P8 -> -4.1720106e-06 | R8: 0.00025369739 | S8: =I8+R8 -> 0.0017877133 | T8: =分析係数表!F11 -> 0.58974359 | U8: =S8*T8 -> 0.0010542924 | V8: =分析係数表!D11 -> 0.0085470085 | W8: =ROUND(S8*V8,0) -> 0 | X8: =分析係数表!E11 -> 0 | Y8: =ROUND(S8*X8,0) -> 0
A9: 5 | B9: 飲食料品 | C9: =最終需要_まとめ!C10 -> 100 | D9: =投入係数表!G9 -> 0.20121951 | E9: =$C$9*D9 -> 20.121951 | F9: =分析係数表!C12 -> 0.00518836 | G9: =E9*F9 -> 0.10439993 | H9: 0.10654087 | I9: =C9+H9 -> 100.10654 | J9: =分析係数表!G12 -> 0.13719512 | K9: =I9*J9 -> 13.734129 | N9: =分析係数表!H12 -> 0.089657884 | O9: =$M$44*N9 -> 0.9143256 | P9: =分析係数表!C12 -> 0.00518836 | Q9: =O9*P9 -> 0.0047438504 | R9: 0.0051214234 | S9: =I9+R9 -> 100.11166 | T9: =分析係数表!F12 -> 0.31707317 | U9: =S9*T9 -> 31.742722 | V9: =分析係数表!D12 -> 0.067073171 | W9: =ROUND(S9*V9,0) -> 7 | X9: =分析係数表!E12 -> 0.057926829 | Y9: =ROUND(S9*X9,0) -> 6
A10: 6 | B10: 繊維製品 | D10: =投入係数表!G10 -> 0 | E10: =$C$9*D10 -> 0 | F10: =分析係数表!C13 -> 0 | G10: =E10*F10 -> 0 | H10: 0 | I10: =C10+H10 -> 0 | J10: =分析係数表!G13 -> 0.24459953 | K10: =I10*J10 -> 0 | N10: =分析係数表!H13 -> 0.014131931 | O10: =$M$44*N10 -> 0.14411656 | P10: =分析係数表!C13 -> 0 | Q10: =O10*P10 -> 0 | R10: 0 | S10: =I10+R10 -> 0 | T10: =分析係数表!F13 -> 0.38318378 | U10: =S10*T10 -> 0 | V10: =分析係数表!D13 -> 0.047856431 | W10: =ROUND(S10*V10,0) -> 0 | X10: =分析係数表!E13 -> 0.049850449 | Y10: =ROUND(S10*X10,0) -> 0
A11: 7 | B11: パルプ・紙・木製品 | D11: =投入係数表!G11 -> 0.015243902 | E11: =$C$9*D11 -> 1.5243902 | F11: =分析係数表!C14 -> 0.065770523 | G11: =E11*F11 -> 0.10025994 | H11: 0.10813563 | I11: =C11+H11 -> 0.10813563 | J11: =分析係数表!G14 -> 0.20976693 | K11: =I11*J11 -> 0.022683278 | N11: =分析係数表!H14 -> 0.0011674204 | O11: =$M$44*N11 -> 0.011905281 | P11: =分析係数表!C14 -> 0.065770523 | Q11: =O11*P11 -> 0.00078301657 | R11: 0.0024379024 | S11: =I11+R11 -> 0.11057353 | T11: =分析係数表!F14 -> 0.36071032 | U11: =S11*T11 -> 0.039885014 | V11: =分析係数表!D14 -> 0.067702553 | W11: =ROUND(S11*V11,0) -> 0 | X11: =分析係数表!E14 -> 0.068812431 | Y11: =ROUND(S11*X11,0) -> 0
A12: 8 | B12: 化学製品 | D12: =投入係数表!G12 -> 0.012195122 | E12: =$C$9*D12 -> 1.2195122 | F12: =分析係数表!C15 -> 0 | G12: =E12*F12 -> 0 | H12: 0 | I12: =C12+H12 -> 0 | J12: =分析係数表!G15 -> 0.095622477 | K12: =I12*J12 -> 0 | N12: =分析係数表!H15 -> 0.0082333858 | O12: =$M$44*N12 -> 0.083963562 | P12: =分析係数表!C15 -> 0 | Q12: =O12*P12 -> 0 | R12: 0 | S12: =I12+R12 -> 0 | T12: =分析係数表!F15 -> 0.30398168 | U12: =S12*T12 -> 0 | V12: =分析係数表!D15 -> 0.031667184 | W12: =ROUND(S12*V12,0) -> 0 | X12: =分析係数表!E15 -> 0.029261099 | Y12: =ROUND(S12*X12,0) -> 0
A13: 9 | B13: 石油・石炭製品 | D13: =投入係数表!G13 -> 0.0030487805 | E13: =$C$9*D13 -> 0.30487805 | F13: =分析係数表!C16 -> 0.05867144 | G13: =E13*F13 -> 0.017887634 | H13: 0.03081582 | I13: =C13+H13 -> 0.03081582 | J13: =分析係数表!G16 -> 0.033950617 | K13: =I13*J13 -> 0.0010462161 | N13: =分析係数表!H16 -> 0.016626524 | O13: =$M$44*N13 -> 0.16955627 | P13: =分析係数表!C16 -> 0.05867144 | Q13: =O13*P13 -> 0.0099481104 | R13: 0.010709816 | S13: =I13+R13 -> 0.041525636 | T13: =分析係数表!F16 -> 0.28858025 | U13: =S13*T13 -> 0.011983478 | V13: =分析係数表!D16 -> 0 | W13: =ROUND(S13*V13,0) -> 0 | X13: =分析係数表!E16 -> 0 | Y13: =ROUND(S13*X13,0) -> 0
A14: 10 | B14: プラスチック・ゴム製品 | D14: =投入係数表!G14 -> 0.021341463 | E14: =$C$9*D14 -> 2.1341463 | F14: =分析係数表!C17 -> 0.10640681 | G14: =E14*F14 -> 0.2270877 | H14: 0.24849722 | I14: =C14+H14 -> 0.24849722 | J14: =分析係数表!G17 -> 0.21283422 | K14: =I14*J14 -> 0.052888713 | N14: =分析係数表!H17 -> 0.0029861384 | O14: =$M$44*N14 -> 0.030452456 | P14: =分析係数表!C17 -> 0.10640681 | Q14: =O14*P14 -> 0.0032403487 | R14: 0.0055312135 | S14: =I14+R14 -> 0.25402843 | T14: =分析係数表!F17 -> 0.32335116 | U14: =S14*T14 -> 0.082140388 | V14: =分析係数表!D17 -> 0.044206774 | W14: =ROUND(S14*V14,0) -> 0 | X14: =分析係数表!E17 -> 0.040641711 | Y14: =ROUND(S14*X14,0) -> 0
A15: 11 | B15: 窯業・土石製品 | D15: =投入係数表!G15 -> 0.0030487805 | E15: =$C$9*D15 -> 0.30487805 | F15: =分析係数表!C18 -> 0.93182769 | G15: =E15*F15 -> 0.28409381 | H15: 0.32289542 | I15: =C15+H15 -> 0.32289542 | J15: =分析係数表!G18 -> 0.21565873 | K15: =I15*J15 -> 0.069635217 | N15: =分析係数表!H18 -> 0.00044239088 | O15: =$M$44*N15 -> 0.004511475 | P15: =分析係数表!C18 -> 0.93182769 | Q15: =O15*P15 -> 0.0042039173 | R15: 0.0097614337 | S15: =I15+R15 -> 0.33265685 | T15: =分析係数表!F18 -> 0.45992903 | U15: =S15*T15 -> 0.15299854 | V15: =分析係数表!D18 -> 0.023436345 | W15: =ROUND(S15*V15,0) -> 0 | X15: =分析係数表!E18 -> 0.025506432 | Y15: =ROUND(S15*X15,0) -> 0
A16: 12 | B16: 鉄鋼 | D16: =投入係数表!G16 -> 0 | E16: =$C$9*D16 -> 0 | F16: =分析係数表!C19 -> 0.22734014 | G16: =E16*F16 -> 0 | H16: 0.027175365 | I16: =C16+H16 -> 0.027175365 | J16: =分析係数表!G19 -> 0.057679353 | K16: =I16*J16 -> 0.0015674575 | N16: =分析係数表!H19 -> -0.00011059772 | O16: =$M$44*N16 -> -0.0011278687 | P16: =分析係数表!C19 -> 0.22734014 | Q16: =O16*P16 -> -0.00025640984 | R16: 0.001623761 | S16: =I16+R16 -> 0.028799126 | T16: =分析係数表!F19 -> 0.2401482 | U16: =S16*T16 -> 0.0069160581 | V16: =分析係数表!D19 -> 0.0069467834 | W16: =ROUND(S16*V16,0) -> 0 | X16: =分析係数表!E19 -> 0.0078309195 | Y16: =ROUND(S16*X16,0) -> 0
A17: 13 | B17: 非鉄金属 | D17: =投入係数表!G17 -> 0 | E17: =$C$9*D17 -> 0 | F17: =分析係数表!C20 -> 0.28316988 | G17: =E17*F17 -> 0 | H17: 0.012084397 | I17: =C17+H17 -> 0.012084397 | J17: =分析係数表!G20 -> 0.10003293 | K17: =I17*J17 -> 0.0012088377 | N17: =分析係数表!H20 -> 0.00054069996 | O17: =$M$44*N17 -> 0.005514025 | P17: =分析係数表!C20 -> 0.28316988 | Q17: =O17*P17 -> 0.0015614058 | R17: 0.0033956429 | S17: =I17+R17 -> 0.01548004 | T17: =分析係数表!F20 -> 0.22295406 | U17: =S17*T17 -> 0.0034513377 | V17: =分析係数表!D20 -> 0.014243372 | W17: =ROUND(S17*V17,0) -> 0 | X17: =分析係数表!E20 -> 0.016054668 | Y17: =ROUND(S17*X17,0) -> 0
A18: 14 | B18: 金属製品 | D18: =投入係数表!G18 -> 0.0091463415 | E18: =$C$9*D18 -> 0.91463415 | F18: =分析係数表!C21 -> 0.39165775 | G18: =E18*F18 -> 0.35822356 | H18: 0.37926664 | I18: =C18+H18 -> 0.37926664 | J18: =分析係数表!G21 -> 0.28516577 | K18: =I18*J18 -> 0.10815386 | N18: =分析係数表!H21 -> 0.00092164766 | O18: =$M$44*N18 -> 0.0093989062 | P18: =分析係数表!C21 -> 0.39165775 | Q18: =O18*P18 -> 0.0036811545 | R18: 0.0072096645 | S18: =I18+R18 -> 0.3864763 | T18: =分析係数表!F21 -> 0.42597652 | U18: =S18*T18 -> 0.16462983 | V18: =分析係数表!D21 -> 0.038470058 | W18: =ROUND(S18*V18,0) -> 0 | X18: =分析係数表!E21 -> 0.035885697 | Y18: =ROUND(S18*X18,0) -> 0
A19: 15 | B19: はん用機械 | D19: =投入係数表!G19 -> 0 | E19: =$C$9*D19 -> 0 | F19: =分析係数表!C22 -> 0.15642616 | G19: =E19*F19 -> 0 | H19: 0.0058487278 | I19: =C19+H19 -> 0.0058487278 | J19: =分析係数表!G22 -> 0.19460413 | K19: =I19*J19 -> 0.0011381866 | N19: =分析係数表!H22 -> 4.9154542e-05 | O19: =$M$44*N19 -> 0.000501275 | P19: =分析係数表!C22 -> 0.15642616 | Q19: =O19*P19 -> 7.8412521e-05 | R19: 0.0010750659 | S19: =I19+R19 -> 0.0069237937 | T19: =分析係数表!F22 -> 0.41322518 | U19: =S19*T19 -> 0.0028610859 | V19: =分析係数表!D22 -> 0.021407159 | W19: =ROUND(S19*V19,0) -> 0 | X19: =分析係数表!E22 -> 0.022006701 | Y19: =ROUND(S19*X19,0) -> 0
A20: 16 | B20: 生産用機械 | D20: =投入係数表!G20 -> 0 | E20: =$C$9*D20 -> 0 | F20: =分析係数表!C23 -> 0 | G20: =E20*F20 -> 0 | H20: 0 | I20: =C20+H20 -> 0 | J20: =分析係数表!G23 -> 0.21581694 | K20: =I20*J20 -> 0 | N20: =分析係数表!H23 -> 2.4577271e-05 | O20: =$M$44*N20 -> 0.0002506375 | P20: =分析係数表!C23 -> 0 | Q20: =O20*P20 -> 0 | R20: 0 | S20: =I20+R20 -> 0 | T20: =分析係数表!F23 -> 0.44146929 | U20: =S20*T20 -> 0 | V20: =分析係数表!D23 -> 0.048735448 | W20: =ROUND(S20*V20,0) -> 0 | X20: =分析係数表!E23 -> 0.052107587 | Y20: =ROUND(S20*X20,0) -> 0
A21: 17 | B21: 業務用機械 | D21: =投入係数表!G21 -> 0 | E21: =$C$9*D21 -> 0 | F21: =分析係数表!C24 -> 0.44109195 | G21: =E21*F21 -> 0 | H21: 0.0088371192 | I21: =C21+H21 -> 0.0088371192 | J21: =分析係数表!G24 -> 0.20767717 | K21: =I21*J21 -> 0.0018352679 | N21: =分析係数表!H24 -> 0.00033179316 | O21: =$M$44*N21 -> 0.0033836062 | P21: =分析係数表!C24 -> 0.44109195 | Q21: =O21*P21 -> 0.0014924815 | R21: 0.0052050338 | S21: =I21+R21 -> 0.014042153 | T21: =分析係数表!F24 -> 0.39173228 | U21: =S21*T21 -> 0.0055007646 | V21: =分析係数表!D24 -> 0.067913386 | W21: =ROUND(S21*V21,0) -> 0 | X21: =分析係数表!E24 -> 0.071850394 | Y21: =ROUND(S21*X21,0) -> 0
... A43: 39 | B43: 分類不明 | D43: =投入係数表!G43 -> 0.0091463415 | E43: =$C$9*D43 -> 0.91463415 | F43: =分析係数表!C46 -> 0.35026324 | G43: =E43*F43 -> 0.32036272 | H43: 0.34765746 | I43: =C43+H43 -> 0.34765746 | J43: =分析係数表!G46 -> 0.0088183422 | K43: =I43*J43 -> 0.0030657625 | N43: =分析係数表!H46 -> 0.022070389 | O43: =$M$44*N43 -> 0.22507247 | P43: =分析係数表!C46 -> 0.35026324 | Q43: =O43*P43 -> 0.078834614 | R43: 0.084965859 | S43: =I43+R43 -> 0.43262332 | T43: =分析係数表!F46 -> 0.31305115 | U43: =S43*T43 -> 0.13543323 | V43: =分析係数表!D46 -> 0.0026455026 | W43: =ROUND(S43*V43,0) -> 0 | X43: =分析係数表!E46 -> 0.0070546737 | Y43: =ROUND(S43*X43,0) -> 0
A44: 40 | B44: 合計 | C44: =SUM(C5:C43) -> 100 | D44: =投入係数表!G44 -> 0.67073171 | E44: =SUM(E5:E43) -> 67.073171 | F44: =分析係数表!C47 -> 0.31394387 | G44: =SUM(G5:G43) -> 8.7857842 | H44: =SUM(H5:H43) -> 9.9723401 | I44: =SUM(I5:I43) -> 109.97234 | J44: =分析係数表!G47 -> 0.19998528 | K44: =SUM(K5:K43) -> 16.264655 | L44: =最終需要_まとめ!$L$33 -> 0.627 | M44: =K44*L44 -> 10.197939 | N44: =分析係数表!H47 -> 1 | O44: =SUM(O5:O43) -> 10.197939 | P44: =分析係数表!C47 -> 0.31394387 | Q44: =SUM(Q5:Q43) -> 3.562793 | R44: =SUM(R5:R43) -> 3.9283444 | S44: =SUM(S5:S43) -> 113.90068 | T44: =分析係数表!F47 -> 0.42668872 | U44: =SUM(U5:U43) -> 39.84287 | V44: =分析係数表!D47 -> 0.049757178 | W44: =SUM(W5:W43) -> 8 | X44: =分析係数表!E47 -> 0.0419071 | Y44: =SUM(Y5:Y43) -> 6
B45: 備考（参照WS) | C45: 最終需要推計 | D45: 投入係数表 | F45: 分析係数 | H45: 逆行列係数表 | J45: 分析係数 | L45: 最終需要推計 | N45: 分析係数 | P45: 分析係数 | S45: 逆行列係数表 | T45: 分析係数 | V45: 分析係数 | X45: 分析係数
B46: ※四捨五入の関係で合計と内訳が一致しない場合があります。

Sheet 6
B1: 経済波及効果計算プロセス | G1: =取引基本表!$E$1 -> 2015年播磨町産業連関表
B2: 繊維製品 | S2: 生産誘発額 | U2: 粗付加価値誘発額 | W2: 就業者誘発数 | Y2: 雇用誘発数
C3: 域内最終需要増加額 （直接効果） | D3: 投入係数（繊維製品） | E3: 需要増加額 | F3: 域内自給率 | G3: 県内需要 増加額 | H3: 1次間接 波及効果 | I3: 直接+1次間接波及効果 | J3: 雇用者 所得率 | K3: 雇用者所得誘発額（直接+1次間接波及効果） | L3: 平均消費 性向 （R2_R4/近畿） | M3: 民間消費による需要 増加額 | N3: 民間消費支出構成比 | O3: 民間消費による需要 増加額 | P3: 域内自給率 | Q3: 民間消費による県内需要増加額 | R3: 2次間接 波及効果 | S3: 総合効果（直接+1次+2次間接波及効果） | T3: 粗付加価値 率 | U3: 粗付加価値誘発額 | V3: 就業係数（百万円当り） | W3: 就業者創出（人） | X3: 雇用係数（百万円当り） | Y3: 雇用者創出（人）
C4: A | D4: B | E4: C=A×B | F4: D | G4: E=C×D | H4: F=逆行列係数×E | I4: G=A+F | J4: H | K4: I=G×H | L4: J | M4: Ｋ=I×J | N4: L | O4: M=K×L | P4: N | Q4: O=M×N | R4: P=逆行列係数×O | S4: Q=G+P | T4: R | U4: S=Q×R | V4: T | W4: U=Q×T | X4: V | Y4: W=Q×V
A5: １ | B5: 農業 | D5: =投入係数表!H5 -> 0.0086407444 | E5: =$C$10*D5 -> 0.86407444 | F5: =分析係数表!C8 -> 0.024086379 | G5: =E5*F5 -> 0.020812424 | H5: {=MMULT(逆行列係数!C5:AO43,'6'!G5:G43)} -> 0.020912811 | I5: =C5+H5 -> 0.020912811 | J5: =分析係数表!G8 -> 0.12121212 | K5: =I5*J5 -> 0.0025348862 | N5: =分析係数表!H8 -> 0.01098604 | O5: =$M$44*N5 -> 0.18148809 | P5: =分析係数表!C8 -> 0.024086379 | Q5: =O5*P5 -> 0.0043713909 | R5: {=MMULT(逆行列係数!C5:AO43,'6'!Q5:Q43)} -> 0.004792043 | S5: =I5+R5 -> 0.025704854 | T5: =分析係数表!F8 -> 0.48484848 | U5: =S5*T5 -> 0.012462959 | V5: =分析係数表!D8 -> 1.0757576 | W5: =ROUND(S5*V5,0) -> 0 | X5: =分析係数表!E8 -> 0 | Y5: =ROUND(S5*X5,0) -> 0
A6: 2 | B6: 林業 | D6: =投入係数表!H6 -> 0 | E6: =$C$10*D6 -> 0 | F6: =分析係数表!C9 -> 0 | G6: =E6*F6 -> 0 | H6: 0 | I6: =C6+H6 -> 0 | J6: =分析係数表!G9 -> 0 | K6: =I6*J6 -> 0 | N6: =分析係数表!H9 -> 0.0005898545 | O6: =$M$44*N6 -> 0.009744327 | P6: =分析係数表!C9 -> 0 | Q6: =O6*P6 -> 0 | R6: 0 | S6: =I6+R6 -> 0 | T6: =分析係数表!F9 -> 0 | U6: =S6*T6 -> 0 | V6: =分析係数表!D9 -> 0 | W6: =ROUND(S6*V6,0) -> 0 | X6: =分析係数表!E9 -> 0 | Y6: =ROUND(S6*X6,0) -> 0
A7: 3 | B7: 漁業 | D7: =投入係数表!H7 -> 0 | E7: =$C$10*D7 -> 0 | F7: =分析係数表!C10 -> 0.85034014 | G7: =E7*F7 -> 0 | H7: 0.00084610954 | I7: =C7+H7 -> 0.00084610954 | J7: =分析係数表!G10 -> 0.18064516 | K7: =I7*J7 -> 0.00015284559 | N7: =分析係数表!H10 -> 0.0011059772 | O7: =$M$44*N7 -> 0.018270613 | P7: =分析係数表!C10 -> 0.85034014 | Q7: =O7*P7 -> 0.015536236 | R7: 0.019229967 | S7: =I7+R7 -> 0.020076077 | T7: =分析係数表!F10 -> 0.52258065 | U7: =S7*T7 -> 0.010491369 | V7: =分析係数表!D10 -> 0.090322581 | W7: =ROUND(S7*V7,0) -> 0 | X7: =分析係数表!E10 -> 0 | Y7: =ROUND(S7*X7,0) -> 0
A8: 4 | B8: 鉱業 | D8: =投入係数表!H8 -> 0.00033233632 | E8: =$C$10*D8 -> 0.033233632 | F8: =分析係数表!C11 -> 0.016645596 | G8: =E8*F8 -> 0.00055319363 | H8: 0.0026145105 | I8: =C8+H8 -> 0.0026145105 | J8: =分析係数表!G11 -> 0.35897436 | K8: =I8*J8 -> 0.00093854224 | N8: =分析係数表!H11 -> -2.4577271e-05 | O8: =$M$44*N8 -> -0.00040601362 | P8: =分析係数表!C11 -> 0.016645596 | Q8: =O8*P8 -> -6.7583389e-06 | R8: 0.00041097041 | S8: =I8+R8 -> 0.0030254809 | T8: =分析係数表!F11 -> 0.58974359 | U8: =S8*T8 -> 0.001784258 | V8: =分析係数表!D11 -> 0.0085470085 | W8: =ROUND(S8*V8,0) -> 0 | X8: =分析係数表!E11 -> 0 | Y8: =ROUND(S8*X8,0) -> 0
A9: 5 | B9: 飲食料品 | D9: =投入係数表!H9 -> 0.0023263543 | E9: =$C$10*D9 -> 0.23263543 | F9: =分析係数表!C12 -> 0.00518836 | G9: =E9*F9 -> 0.0012069964 | H9: 0.0012308628 | I9: =C9+H9 -> 0.0012308628 | J9: =分析係数表!G12 -> 0.13719512 | K9: =I9*J9 -> 0.00016886837 | N9: =分析係数表!H12 -> 0.089657884 | O9: =$M$44*N9 -> 1.4811377 | P9: =分析係数表!C12 -> 0.00518836 | Q9: =O9*P9 -> 0.0076846756 | R9: 0.0082963151 | S9: =I9+R9 -> 0.0095271779 | T9: =分析係数表!F12 -> 0.31707317 | U9: =S9*T9 -> 0.0030208125 | V9: =分析係数表!D12 -> 0.067073171 | W9: =ROUND(S9*V9,0) -> 0 | X9: =分析係数表!E12 -> 0.057926829 | Y9: =ROUND(S9*X9,0) -> 0
A10: 6 | B10: 繊維製品 | C10: =最終需要_まとめ!C11 -> 100 | D10: =投入係数表!H10 -> 0.24559654 | E10: =$C$10*D10 -> 24.559654 | F10: =分析係数表!C13 -> 0 | G10: =E10*F10 -> 0 | H10: 0 | I10: =C10+H10 -> 100 | J10: =分析係数表!G13 -> 0.24459953 | K10: =I10*J10 -> 24.459953 | N10: =分析係数表!H13 -> 0.014131931 | O10: =$M$44*N10 -> 0.23345783 | P10: =分析係数表!C13 -> 0 | Q10: =O10*P10 -> 0 | R10: 0 | S10: =I10+R10 -> 100 | T10: =分析係数表!F13 -> 0.38318378 | U10: =S10*T10 -> 38.318378 | V10: =分析係数表!D13 -> 0.047856431 | W10: =ROUND(S10*V10,0) -> 5 | X10: =分析係数表!E13 -> 0.049850449 | Y10: =ROUND(S10*X10,0) -> 5
A11: 7 | B11: パルプ・紙・木製品 | D11: =投入係数表!H11 -> 0.0063143902 | E11: =$C$10*D11 -> 0.63143902 | F11: =分析係数表!C14 -> 0.065770523 | G11: =E11*F11 -> 0.041530075 | H11: 0.046990223 | I11: =C11+H11 -> 0.046990223 | J11: =分析係数表!G14 -> 0.20976693 | K11: =I11*J11 -> 0.0098569947 | N11: =分析係数表!H14 -> 0.0011674204 | O11: =$M$44*N11 -> 0.019285647 | P11: =分析係数表!C14 -> 0.065770523 | Q11: =O11*P11 -> 0.0012684271 | R11: 0.003949216 | S11: =I11+R11 -> 0.050939439 | T11: =分析係数表!F14 -> 0.36071032 | U11: =S11*T11 -> 0.018374382 | V11: =分析係数表!D14 -> 0.067702553 | W11: =ROUND(S11*V11,0) -> 0 | X11: =分析係数表!E14 -> 0.068812431 | Y11: =ROUND(S11*X11,0) -> 0
A12: 8 | B12: 化学製品 | D12: =投入係数表!H12 -> 0.11399136 | E12: =$C$10*D12 -> 11.399136 | F12: =分析係数表!C15 -> 0 | G12: =E12*F12 -> 0 | H12: 0 | I12: =C12+H12 -> 0 | J12: =分析係数表!G15 -> 0.095622477 | K12: =I12*J12 -> 0 | N12: =分析係数表!H15 -> 0.0082333858 | O12: =$M$44*N12 -> 0.13601456 | P12: =分析係数表!C15 -> 0 | Q12: =O12*P12 -> 0 | R12: 0 | S12: =I12+R12 -> 0 | T12: =分析係数表!F15 -> 0.30398168 | U12: =S12*T12 -> 0 | V12: =分析係数表!D15 -> 0.031667184 | W12: =ROUND(S12*V12,0) -> 0 | X12: =分析係数表!E15 -> 0.029261099 | Y12: =ROUND(S12*X12,0) -> 0
A13: 9 | B13: 石油・石炭製品 | D13: =投入係数表!H13 -> 0.0059820538 | E13: =$C$10*D13 -> 0.59820538 | F13: =分析係数表!C16 -> 0.05867144 | G13: =E13*F13 -> 0.035097571 | H13: 0.037742171 | I13: =C13+H13 -> 0.037742171 | J13: =分析係数表!G16 -> 0.033950617 | K13: =I13*J13 -> 0.00128137 | N13: =分析係数表!H16 -> 0.016626524 | O13: =$M$44*N13 -> 0.27466822 | P13: =分析係数表!C16 -> 0.05867144 | Q13: =O13*P13 -> 0.01611518 | R13: 0.017349086 | S13: =I13+R13 -> 0.055091256 | T13: =分析係数表!F16 -> 0.28858025 | U13: =S13*T13 -> 0.015898248 | V13: =分析係数表!D16 -> 0 | W13: =ROUND(S13*V13,0) -> 0 | X13: =分析係数表!E16 -> 0 | Y13: =ROUND(S13*X13,0) -> 0
A14: 10 | B14: プラスチック・ゴム製品 | D14: =投入係数表!H14 -> 0.010967099 | E14: =$C$10*D14 -> 1.0967099 | F14: =分析係数表!C17 -> 0.10640681 | G14: =E14*F14 -> 0.1166974 | H14: 0.12820142 | I14: =C14+H14 -> 0.12820142 | J14: =分析係数表!G17 -> 0.21283422 | K14: =I14*J14 -> 0.027285649 | N14: =分析係数表!H17 -> 0.0029861384 | O14: =$M$44*N14 -> 0.049330655 | P14: =分析係数表!C17 -> 0.10640681 | Q14: =O14*P14 -> 0.0052491177 | R14: 0.0089601438 | S14: =I14+R14 -> 0.13716156 | T14: =分析係数表!F17 -> 0.32335116 | U14: =S14*T14 -> 0.04435135 | V14: =分析係数表!D17 -> 0.044206774 | W14: =ROUND(S14*V14,0) -> 0 | X14: =分析係数表!E17 -> 0.040641711 | Y14: =ROUND(S14*X14,0) -> 0
A15: 11 | B15: 窯業・土石製品 | D15: =投入係数表!H15 -> 0.00066467265 | E15: =$C$10*D15 -> 0.066467265 | F15: =分析係数表!C18 -> 0.93182769 | G15: =E15*F15 -> 0.061936038 | H15: 0.097100272 | I15: =C15+H15 -> 0.097100272 | J15: =分析係数表!G18 -> 0.21565873 | K15: =I15*J15 -> 0.020940522 | N15: =分析係数表!H18 -> 0.00044239088 | O15: =$M$44*N15 -> 0.0073082452 | P15: =分析係数表!C18 -> 0.93182769 | Q15: =O15*P15 -> 0.0068100253 | R15: 0.015812778 | S15: =I15+R15 -> 0.11291305 | T15: =分析係数表!F18 -> 0.45992903 | U15: =S15*T15 -> 0.051931989 | V15: =分析係数表!D18 -> 0.023436345 | W15: =ROUND(S15*V15,0) -> 0 | X15: =分析係数表!E18 -> 0.025506432 | Y15: =ROUND(S15*X15,0) -> 0
A16: 12 | B16: 鉄鋼 | D16: =投入係数表!H16 -> 0.00033233632 | E16: =$C$10*D16 -> 0.033233632 | F16: =分析係数表!C19 -> 0.22734014 | G16: =E16*F16 -> 0.0075553387 | H16: 0.019777341 | I16: =C16+H16 -> 0.019777341 | J16: =分析係数表!G19 -> 0.057679353 | K16: =I16*J16 -> 0.0011407442 | N16: =分析係数表!H19 -> -0.00011059772 | O16: =$M$44*N16 -> -0.0018270613 | P16: =分析係数表!C19 -> 0.22734014 | Q16: =O16*P16 -> -0.00041536438 | R16: 0.0026303689 | S16: =I16+R16 -> 0.02240771 | T16: =分析係数表!F19 -> 0.2401482 | U16: =S16*T16 -> 0.0053811711 | V16: =分析係数表!D19 -> 0.0069467834 | W16: =ROUND(S16*V16,0) -> 0 | X16: =分析係数表!E19 -> 0.0078309195 | Y16: =ROUND(S16*X16,0) -> 0
A17: 13 | B17: 非鉄金属 | D17: =投入係数表!H17 -> 0 | E17: =$C$10*D17 -> 0 | F17: =分析係数表!C20 -> 0.28316988 | G17: =E17*F17 -> 0 | H17: 0.0062388865 | I17: =C17+H17 -> 0.0062388865 | J17: =分析係数表!G20 -> 0.10003293 | K17: =I17*J17 -> 0.00062409411 | N17: =分析係数表!H20 -> 0.00054069996 | O17: =$M$44*N17 -> 0.0089322997 | P17: =分析係数表!C20 -> 0.28316988 | Q17: =O17*P17 -> 0.0025293582 | R17: 0.0055006824 | S17: =I17+R17 -> 0.011739569 | T17: =分析係数表!F20 -> 0.22295406 | U17: =S17*T17 -> 0.0026173845 | V17: =分析係数表!D20 -> 0.014243372 | W17: =ROUND(S17*V17,0) -> 0 | X17: =分析係数表!E20 -> 0.016054668 | Y17: =ROUND(S17*X17,0) -> 0
A18: 14 | B18: 金属製品 | D18: =投入係数表!H18 -> 0.0026586906 | E18: =$C$10*D18 -> 0.26586906 | F18: =分析係数表!C21 -> 0.39165775 | G18: =E18*F18 -> 0.10412968 | H18: 0.12398075 | I18: =C18+H18 -> 0.12398075 | J18: =分析係数表!G21 -> 0.28516577 | K18: =I18*J18 -> 0.035355067 | N18: =分析係数表!H21 -> 0.00092164766 | O18: =$M$44*N18 -> 0.015225511 | P18: =分析係数表!C21 -> 0.39165775 | Q18: =O18*P18 -> 0.0059631894 | R18: 0.011679106 | S18: =I18+R18 -> 0.13565986 | T18: =分析係数表!F21 -> 0.42597652 | U18: =S18*T18 -> 0.057787915 | V18: =分析係数表!D21 -> 0.038470058 | W18: =ROUND(S18*V18,0) -> 0 | X18: =分析係数表!E21 -> 0.035885697 | Y18: =ROUND(S18*X18,0) -> 0
A19: 15 | B19: はん用機械 | D19: =投入係数表!H19 -> 0 | E19: =$C$10*D19 -> 0 | F19: =分析係数表!C22 -> 0.15642616 | G19: =E19*F19 -> 0 | H19: 0.0056152463 | I19: =C19+H19 -> 0.0056152463 | J19: =分析係数表!G22 -> 0.19460413 | K19: =I19*J19 -> 0.0010927501 | N19: =分析係数表!H22 -> 4.9154542e-05 | O19: =$M$44*N19 -> 0.00081202725 | P19: =分析係数表!C22 -> 0.15642616 | Q19: =O19*P19 -> 0.0001270223 | R19: 0.0017415247 | S19: =I19+R19 -> 0.007356771 | T19: =分析係数表!F22 -> 0.41322518 | U19: =S19*T19 -> 0.003040003 | V19: =分析係数表!D22 -> 0.021407159 | W19: =ROUND(S19*V19,0) -> 0 | X19: =分析係数表!E22 -> 0.022006701 | Y19: =ROUND(S19*X19,0) -> 0
A20: 16 | B20: 生産用機械 | D20: =投入係数表!H20 -> 0 | E20: =$C$10*D20 -> 0 | F20: =分析係数表!C23 -> 0 | G20: =E20*F20 -> 0 | H20: 0 | I20: =C20+H20 -> 0 | J20: =分析係数表!G23 -> 0.21581694 | K20: =I20*J20 -> 0 | N20: =分析係数表!H23 -> 2.4577271e-05 | O20: =$M$44*N20 -> 0.00040601362 | P20: =分析係数表!C23 -> 0 | Q20: =O20*P20 -> 0 | R20: 0 | S20: =I20+R20 -> 0 | T20: =分析係数表!F23 -> 0.44146929 | U20: =S20*T20 -> 0 | V20: =分析係数表!D23 -> 0.048735448 | W20: =ROUND(S20*V20,0) -> 0 | X20: =分析係数表!E23 -> 0.052107587 | Y20: =ROUND(S20*X20,0) -> 0
A21: 17 | B21: 業務用機械 | D21: =投入係数表!H21 -> 0 | E21: =$C$10*D21 -> 0 | F21: =分析係数表!C24 -> 0.44109195 | G21: =E21*F21 -> 0 | H21: 0.0092511 | I21: =C21+H21 -> 0.0092511 | J21: =分析係数表!G24 -> 0.20767717 | K21: =I21*J21 -> 0.0019212422 | N21: =分析係数表!H24 -> 0.00033179316 | O21: =$M$44*N21 -> 0.0054811839 | P21: =分析係数表!C24 -> 0.44109195 | Q21: =O21*P21 -> 0.0024177061 | R21: 0.0084317575 | S21: =I21+R21 -> 0.017682858 | T21: =分析係数表!F24 -> 0.39173228 | U21: =S21*T21 -> 0.0069269462 | V21: =分析係数表!D24 -> 0.067913386 | W21: =ROUND(S21*V21,0) -> 0 | X21: =分析係数表!E24 -> 0.071850394 | Y21: =ROUND(S21*X21,0) -> 0
A22: 18 | B22: 電子部品 | D22: =投入係数表!H22 -> 0 | E22: =$C$10*D22 -> 0 | F22: =分析係数表!C25 -> 0.0078343593 | G22: =E22*F22 -> 0 | H22: 0.00040671964 | I22: =C22+H22 -> 0.00040671964 | J22: =分析係数表!G25 -> 0.2 | K22: =I22*J22 -> 8.1343929e-05 | N22: =分析係数表!H25 -> 0.00050383405 | O22: =$M$44*N22 -> 0.0083232793 | P22: =分析係数表!C25 -> 0.0078343593 | Q22: =O22*P22 -> 6.520756e-05 | R22: 0.00022389532 | S22: =I22+R22 -> 0.00063061496 | T22: =分析係数表!F25 -> 0.352 | U22: =S22*T22 -> 0.00022197647 | V22: =分析係数表!D25 -> 0.008 | W22: =ROUND(S22*V22,0) -> 0 | X22: =分析係数表!E25 -> 0.004 | Y22: =ROUND(S22*X22,0) -> 0
... A43: 39 | B43: 分類不明 | D43: =投入係数表!H43 -> 0.0036556996 | E43: =$C$10*D43 -> 0.36556996 | F43: =分析係数表!C46 -> 0.35026324 | G43: =E43*F43 -> 0.12804572 | H43: 0.14166663 | I43: =C43+H43 -> 0.14166663 | J43: =分析係数表!G46 -> 0.0088183422 | K43: =I43*J43 -> 0.0012492648 | N43: =分析係数表!H46 -> 0.022070389 | O43: =$M$44*N43 -> 0.36460023 | P43: =分析係数表!C46 -> 0.35026324 | Q43: =O43*P43 -> 0.12770606 | R43: 0.13763821 | S43: =I43+R43 -> 0.27930484 | T43: =分析係数表!F46 -> 0.31305115 | U43: =S43*T43 -> 0.087436701 | V43: =分析係数表!D46 -> 0.0026455026 | W43: =ROUND(S43*V43,0) -> 0 | X43: =分析係数表!E46 -> 0.0070546737 | Y43: =ROUND(S43*X43,0) -> 0
A44: 40 | B44: 合計 | C44: =SUM(C5:C43) -> 100 | D44: =投入係数表!H44 -> 0.60518445 | E44: =SUM(E5:E43) -> 60.518445 | F44: =分析係数表!C47 -> 0.31394387 | G44: =SUM(G5:G43) -> 5.3896806 | H44: =SUM(H5:H43) -> 6.2121342 | I44: =SUM(I5:I43) -> 106.21213 | J44: =分析係数表!G47 -> 0.19998528 | K44: =SUM(K5:K43) -> 26.3475 | L44: =最終需要_まとめ!$L$33 -> 0.627 | M44: =K44*L44 -> 16.519882 | N44: =分析係数表!H47 -> 1 | O44: =SUM(O5:O43) -> 16.519882 | P44: =分析係数表!C47 -> 0.31394387 | Q44: =SUM(Q5:Q43) -> 5.7714528 | R44: =SUM(R5:R43) -> 6.3636182 | S44: =SUM(S5:S43) -> 112.57575 | T44: =分析係数表!F47 -> 0.42668872 | U44: =SUM(U5:U43) -> 46.361353 | V44: =分析係数表!D47 -> 0.049757178 | W44: =SUM(W5:W43) -> 5 | X44: =分析係数表!E47 -> 0.0419071 | Y44: =SUM(Y5:Y43) -> 5
B45: 備考（参照WS) | C45: 最終需要推計 | D45: 投入係数表 | F45: 分析係数 | H45: 逆行列係数表 | J45: 分析係数 | L45: 最終需要推計 | N45: 分析係数 | P45: 分析係数 | S45: 逆行列係数表 | T45: 分析係数 | V45: 分析係数 | X45: 分析係数
B46: ※四捨五入の関係で合計と内訳が一致しない場合があります。

Sheet 7
B1: 経済波及効果計算プロセス | G1: =取引基本表!$E$1 -> 2015年播磨町産業連関表
B2: パルプ・紙・木製品 | S2: 生産誘発額 | U2: 粗付加価値誘発額 | W2: 就業者誘発数 | Y2: 雇用誘発数
C3: 域内最終需要増加額 （直接効果） | D3: 投入係数（パルプ・紙・木製品） | E3: 需要増加額 | F3: 域内自給率 | G3: 県内需要 増加額 | H3: 1次間接 波及効果 | I3: 直接+1次間接波及効果 | J3: 雇用者 所得率 | K3: 雇用者所得誘発額（直接+1次間接波及効果） | L3: 平均消費 性向 （R2_R4/近畿） | M3: 民間消費による需要 増加額 | N3: 民間消費支出構成比 | O3: 民間消費による需要 増加額 | P3: 域内自給率 | Q3: 民間消費による県内需要増加額 | R3: 2次間接 波及効果 | S3: 総合効果（直接+1次+2次間接波及効果） | T3: 粗付加価値 率 | U3: 粗付加価値誘発額 | V3: 就業係数（百万円当り） | W3: 就業者創出（人） | X3: 雇用係数（百万円当り） | Y3: 雇用者創出（人）
C4: A | D4: B | E4: C=A×B | F4: D | G4: E=C×D | H4: F=逆行列係数×E | I4: G=A+F | J4: H | K4: I=G×H | L4: J | M4: Ｋ=I×J | N4: L | O4: M=K×L | P4: N | Q4: O=M×N | R4: P=逆行列係数×O | S4: Q=G+P | T4: R | U4: S=Q×R | V4: T | W4: U=Q×T | X4: V | Y4: W=Q×V
A5: １ | B5: 農業 | D5: =投入係数表!I5 -> 0 | E5: =$C$11*D5 -> 0 | F5: =分析係数表!C8 -> 0.024086379 | G5: =E5*F5 -> 0 | H5: {=MMULT(逆行列係数!C5:AO43,'7'!G5:G43)} -> 2.9540029e-05 | I5: =C5+H5 -> 2.9540029e-05 | J5: =分析係数表!G8 -> 0.12121212 | K5: =I5*J5 -> 3.5806096e-06 | N5: =分析係数表!H8 -> 0.01098604 | O5: =$M$44*N5 -> 0.16468907 | P5: =分析係数表!C8 -> 0.024086379 | Q5: =O5*P5 -> 0.0039667633 | R5: {=MMULT(逆行列係数!C5:AO43,'7'!Q5:Q43)} -> 0.0043484788 | S5: =I5+R5 -> 0.0043780188 | T5: =分析係数表!F8 -> 0.48484848 | U5: =S5*T5 -> 0.0021226758 | V5: =分析係数表!D8 -> 1.0757576 | W5: =ROUND(S5*V5,0) -> 0 | X5: =分析係数表!E8 -> 0 | Y5: =ROUND(S5*X5,0) -> 0
A6: 2 | B6: 林業 | D6: =投入係数表!I6 -> 0.038845727 | E6: =$C$11*D6 -> 3.8845727 | F6: =分析係数表!C9 -> 0 | G6: =E6*F6 -> 0 | H6: 0 | I6: =C6+H6 -> 0 | J6: =分析係数表!G9 -> 0 | K6: =I6*J6 -> 0 | N6: =分析係数表!H9 -> 0.0005898545 | O6: =$M$44*N6 -> 0.0088423662 | P6: =分析係数表!C9 -> 0 | Q6: =O6*P6 -> 0 | R6: 0 | S6: =I6+R6 -> 0 | T6: =分析係数表!F9 -> 0 | U6: =S6*T6 -> 0 | V6: =分析係数表!D9 -> 0 | W6: =ROUND(S6*V6,0) -> 0 | X6: =分析係数表!E9 -> 0 | Y6: =ROUND(S6*X6,0) -> 0
A7: 3 | B7: 漁業 | D7: =投入係数表!I7 -> 0 | E7: =$C$11*D7 -> 0 | F7: =分析係数表!C10 -> 0.85034014 | G7: =E7*F7 -> 0 | H7: 0.00061668867 | I7: =C7+H7 -> 0.00061668867 | J7: =分析係数表!G10 -> 0.18064516 | K7: =I7*J7 -> 0.00011140182 | N7: =分析係数表!H10 -> 0.0011059772 | O7: =$M$44*N7 -> 0.016579437 | P7: =分析係数表!C10 -> 0.85034014 | Q7: =O7*P7 -> 0.01409816 | R7: 0.017449991 | S7: =I7+R7 -> 0.018066679 | T7: =分析係数表!F10 -> 0.52258065 | U7: =S7*T7 -> 0.0094412969 | V7: =分析係数表!D10 -> 0.090322581 | W7: =ROUND(S7*V7,0) -> 0 | X7: =分析係数表!E10 -> 0 | Y7: =ROUND(S7*X7,0) -> 0
A8: 4 | B8: 鉱業 | D8: =投入係数表!I8 -> 0.0011098779 | E8: =$C$11*D8 -> 0.11098779 | F8: =分析係数表!C11 -> 0.016645596 | G8: =E8*F8 -> 0.001847458 | H8: 0.006276058 | I8: =C8+H8 -> 0.006276058 | J8: =分析係数表!G11 -> 0.35897436 | K8: =I8*J8 -> 0.0022529439 | N8: =分析係数表!H11 -> -2.4577271e-05 | O8: =$M$44*N8 -> -0.00036843192 | P8: =分析係数表!C11 -> 0.016645596 | Q8: =O8*P8 -> -6.1327691e-06 | R8: 0.0003729299 | S8: =I8+R8 -> 0.0066489879 | T8: =分析係数表!F11 -> 0.58974359 | U8: =S8*T8 -> 0.003921198 | V8: =分析係数表!D11 -> 0.0085470085 | W8: =ROUND(S8*V8,0) -> 0 | X8: =分析係数表!E11 -> 0 | Y8: =ROUND(S8*X8,0) -> 0
A9: 5 | B9: 飲食料品 | D9: =投入係数表!I9 -> 0 | E9: =$C$11*D9 -> 0 | F9: =分析係数表!C12 -> 0.00518836 | G9: =E9*F9 -> 0 | H9: 1.2526752e-05 | I9: =C9+H9 -> 1.2526752e-05 | J9: =分析係数表!G12 -> 0.13719512 | K9: =I9*J9 -> 1.7186093e-06 | N9: =分析係数表!H12 -> 0.089657884 | O9: =$M$44*N9 -> 1.3440397 | P9: =分析係数表!C12 -> 0.00518836 | Q9: =O9*P9 -> 0.0069733616 | R9: 0.0075283861 | S9: =I9+R9 -> 0.0075409128 | T9: =分析係数表!F12 -> 0.31707317 | U9: =S9*T9 -> 0.0023910211 | V9: =分析係数表!D12 -> 0.067073171 | W9: =ROUND(S9*V9,0) -> 0 | X9: =分析係数表!E12 -> 0.057926829 | Y9: =ROUND(S9*X9,0) -> 0
A10: 6 | B10: 繊維製品 | D10: =投入係数表!I10 -> 0.0088790233 | E10: =$C$11*D10 -> 0.88790233 | F10: =分析係数表!C13 -> 0 | G10: =E10*F10 -> 0 | H10: 0 | I10: =C10+H10 -> 0 | J10: =分析係数表!G13 -> 0.24459953 | K10: =I10*J10 -> 0 | N10: =分析係数表!H13 -> 0.014131931 | O10: =$M$44*N10 -> 0.21184836 | P10: =分析係数表!C13 -> 0 | Q10: =O10*P10 -> 0 | R10: 0 | S10: =I10+R10 -> 0 | T10: =分析係数表!F13 -> 0.38318378 | U10: =S10*T10 -> 0 | V10: =分析係数表!D13 -> 0.047856431 | W10: =ROUND(S10*V10,0) -> 0 | X10: =分析係数表!E13 -> 0.049850449 | Y10: =ROUND(S10*X10,0) -> 0
A11: 7 | B11: パルプ・紙・木製品 | C11: =最終需要_まとめ!C12 -> 100 | D11: =投入係数表!I11 -> 0.21642619 | E11: =$C$11*D11 -> 21.642619 | F11: =分析係数表!C14 -> 0.065770523 | G11: =E11*F11 -> 1.4234464 | H11: 1.4515179 | I11: =C11+H11 -> 101.45152 | J11: =分析係数表!G14 -> 0.20976693 | K11: =I11*J11 -> 21.281173 | N11: =分析係数表!H14 -> 0.0011674204 | O11: =$M$44*N11 -> 0.017500516 | P11: =分析係数表!C14 -> 0.065770523 | Q11: =O11*P11 -> 0.0011510181 | R11: 0.003583666 | S11: =I11+R11 -> 101.4551 | T11: =分析係数表!F14 -> 0.36071032 | U11: =S11*T11 -> 36.595902 | V11: =分析係数表!D14 -> 0.067702553 | W11: =ROUND(S11*V11,0) -> 7 | X11: =分析係数表!E14 -> 0.068812431 | Y11: =ROUND(S11*X11,0) -> 7
A12: 8 | B12: 化学製品 | D12: =投入係数表!I12 -> 0.034406215 | E12: =$C$11*D12 -> 3.4406215 | F12: =分析係数表!C15 -> 0 | G12: =E12*F12 -> 0 | H12: 0 | I12: =C12+H12 -> 0 | J12: =分析係数表!G15 -> 0.095622477 | K12: =I12*J12 -> 0 | N12: =分析係数表!H15 -> 0.0082333858 | O12: =$M$44*N12 -> 0.12342469 | P12: =分析係数表!C15 -> 0 | Q12: =O12*P12 -> 0 | R12: 0 | S12: =I12+R12 -> 0 | T12: =分析係数表!F15 -> 0.30398168 | U12: =S12*T12 -> 0 | V12: =分析係数表!D15 -> 0.031667184 | W12: =ROUND(S12*V12,0) -> 0 | X12: =分析係数表!E15 -> 0.029261099 | Y12: =ROUND(S12*X12,0) -> 0
A13: 9 | B13: 石油・石炭製品 | D13: =投入係数表!I13 -> 0.0033296337 | E13: =$C$11*D13 -> 0.33296337 | F13: =分析係数表!C16 -> 0.05867144 | G13: =E13*F13 -> 0.019535441 | H13: 0.025468426 | I13: =C13+H13 -> 0.025468426 | J13: =分析係数表!G16 -> 0.033950617 | K13: =I13*J13 -> 0.00086466878 | N13: =分析係数表!H16 -> 0.016626524 | O13: =$M$44*N13 -> 0.2492442 | P13: =分析係数表!C16 -> 0.05867144 | Q13: =O13*P13 -> 0.014623516 | R13: 0.015743208 | S13: =I13+R13 -> 0.041211634 | T13: =分析係数表!F16 -> 0.28858025 | U13: =S13*T13 -> 0.011892863 | V13: =分析係数表!D16 -> 0 | W13: =ROUND(S13*V13,0) -> 0 | X13: =分析係数表!E16 -> 0 | Y13: =ROUND(S13*X13,0) -> 0
A14: 10 | B14: プラスチック・ゴム製品 | D14: =投入係数表!I14 -> 0.02663707 | E14: =$C$11*D14 -> 2.663707 | F14: =分析係数表!C17 -> 0.10640681 | G14: =E14*F14 -> 0.28343656 | H14: 0.30580829 | I14: =C14+H14 -> 0.30580829 | J14: =分析係数表!G17 -> 0.21283422 | K14: =I14*J14 -> 0.06508647 | N14: =分析係数表!H17 -> 0.0029861384 | O14: =$M$44*N14 -> 0.044764479 | P14: =分析係数表!C17 -> 0.10640681 | Q14: =O14*P14 -> 0.0047632454 | R14: 0.008130769 | S14: =I14+R14 -> 0.31393906 | T14: =分析係数表!F17 -> 0.32335116 | U14: =S14*T14 -> 0.10151256 | V14: =分析係数表!D17 -> 0.044206774 | W14: =ROUND(S14*V14,0) -> 0 | X14: =分析係数表!E17 -> 0.040641711 | Y14: =ROUND(S14*X14,0) -> 0
A15: 11 | B15: 窯業・土石製品 | D15: =投入係数表!I15 -> 0.0099889012 | E15: =$C$11*D15 -> 0.99889012 | F15: =分析係数表!C18 -> 0.93182769 | G15: =E15*F15 -> 0.93079347 | H15: 1.0762598 | I15: =C15+H15 -> 1.0762598 | J15: =分析係数表!G18 -> 0.21565873 | K15: =I15*J15 -> 0.23210482 | N15: =分析係数表!H18 -> 0.00044239088 | O15: =$M$44*N15 -> 0.0066317746 | P15: =分析係数表!C18 -> 0.93182769 | Q15: =O15*P15 -> 0.0061796712 | R15: 0.014349105 | S15: =I15+R15 -> 1.0906089 | T15: =分析係数表!F18 -> 0.45992903 | U15: =S15*T15 -> 0.50160268 | V15: =分析係数表!D18 -> 0.023436345 | W15: =ROUND(S15*V15,0) -> 0 | X15: =分析係数表!E18 -> 0.025506432 | Y15: =ROUND(S15*X15,0) -> 0
A16: 12 | B16: 鉄鋼 | D16: =投入係数表!I16 -> 0.035516093 | E16: =$C$11*D16 -> 3.5516093 | F16: =分析係数表!C19 -> 0.22734014 | G16: =E16*F16 -> 0.80742337 | H16: 1.0368107 | I16: =C16+H16 -> 1.0368107 | J16: =分析係数表!G19 -> 0.057679353 | K16: =I16*J16 -> 0.059802569 | N16: =分析係数表!H19 -> -0.00011059772 | O16: =$M$44*N16 -> -0.0016579437 | P16: =分析係数表!C19 -> 0.22734014 | Q16: =O16*P16 -> -0.00037691715 | R16: 0.0023868949 | S16: =I16+R16 -> 1.0391976 | T16: =分析係数表!F19 -> 0.2401482 | U16: =S16*T16 -> 0.24956142 | V16: =分析係数表!D19 -> 0.0069467834 | W16: =ROUND(S16*V16,0) -> 0 | X16: =分析係数表!E19 -> 0.0078309195 | Y16: =ROUND(S16*X16,0) -> 0
A17: 13 | B17: 非鉄金属 | D17: =投入係数表!I17 -> 0.0077691454 | E17: =$C$11*D17 -> 0.77691454 | F17: =分析係数表!C20 -> 0.28316988 | G17: =E17*F17 -> 0.2199988 | H17: 0.29838909 | I17: =C17+H17 -> 0.29838909 | J17: =分析係数表!G20 -> 0.10003293 | K17: =I17*J17 -> 0.029848736 | N17: =分析係数表!H20 -> 0.00054069996 | O17: =$M$44*N17 -> 0.0081055023 | P17: =分析係数表!C20 -> 0.28316988 | Q17: =O17*P17 -> 0.0022952341 | R17: 0.0049915246 | S17: =I17+R17 -> 0.30338062 | T17: =分析係数表!F20 -> 0.22295406 | U17: =S17*T17 -> 0.06763994 | V17: =分析係数表!D20 -> 0.014243372 | W17: =ROUND(S17*V17,0) -> 0 | X17: =分析係数表!E20 -> 0.016054668 | Y17: =ROUND(S17*X17,0) -> 0
A18: 14 | B18: 金属製品 | D18: =投入係数表!I18 -> 0.037735849 | E18: =$C$11*D18 -> 3.7735849 | F18: =分析係数表!C21 -> 0.39165775 | G18: =E18*F18 -> 1.4779538 | H18: 1.5668337 | I18: =C18+H18 -> 1.5668337 | J18: =分析係数表!G21 -> 0.28516577 | K18: =I18*J18 -> 0.44680735 | N18: =分析係数表!H21 -> 0.00092164766 | O18: =$M$44*N18 -> 0.013816197 | P18: =分析係数表!C21 -> 0.39165775 | Q18: =O18*P18 -> 0.0054112207 | R18: 0.010598057 | S18: =I18+R18 -> 1.5774318 | T18: =分析係数表!F21 -> 0.42597652 | U18: =S18*T18 -> 0.67194891 | V18: =分析係数表!D21 -> 0.038470058 | W18: =ROUND(S18*V18,0) -> 0 | X18: =分析係数表!E21 -> 0.035885697 | Y18: =ROUND(S18*X18,0) -> 0
A19: 15 | B19: はん用機械 | D19: =投入係数表!I19 -> 0.0044395117 | E19: =$C$11*D19 -> 0.44395117 | F19: =分析係数表!C22 -> 0.15642616 | G19: =E19*F19 -> 0.069445574 | H19: 0.078147228 | I19: =C19+H19 -> 0.078147228 | J19: =分析係数表!G22 -> 0.19460413 | K19: =I19*J19 -> 0.015207773 | N19: =分析係数表!H22 -> 4.9154542e-05 | O19: =$M$44*N19 -> 0.00073686385 | P19: =分析係数表!C22 -> 0.15642616 | Q19: =O19*P19 -> 0.00011526478 | R19: 0.0015803246 | S19: =I19+R19 -> 0.079727553 | T19: =分析係数表!F22 -> 0.41322518 | U19: =S19*T19 -> 0.032945432 | V19: =分析係数表!D22 -> 0.021407159 | W19: =ROUND(S19*V19,0) -> 0 | X19: =分析係数表!E22 -> 0.022006701 | Y19: =ROUND(S19*X19,0) -> 0
A20: 16 | B20: 生産用機械 | D20: =投入係数表!I20 -> 0 | E20: =$C$11*D20 -> 0 | F20: =分析係数表!C23 -> 0 | G20: =E20*F20 -> 0 | H20: 0 | I20: =C20+H20 -> 0 | J20: =分析係数表!G23 -> 0.21581694 | K20: =I20*J20 -> 0 | N20: =分析係数表!H23 -> 2.4577271e-05 | O20: =$M$44*N20 -> 0.00036843192 | P20: =分析係数表!C23 -> 0 | Q20: =O20*P20 -> 0 | R20: 0 | S20: =I20+R20 -> 0 | T20: =分析係数表!F23 -> 0.44146929 | U20: =S20*T20 -> 0 | V20: =分析係数表!D23 -> 0.048735448 | W20: =ROUND(S20*V20,0) -> 0 | X20: =分析係数表!E23 -> 0.052107587 | Y20: =ROUND(S20*X20,0) -> 0
A21: 17 | B21: 業務用機械 | D21: =投入係数表!I21 -> 0 | E21: =$C$11*D21 -> 0 | F21: =分析係数表!C24 -> 0.44109195 | G21: =E21*F21 -> 0 | H21: 0.0098272126 | I21: =C21+H21 -> 0.0098272126 | J21: =分析係数表!G24 -> 0.20767717 | K21: =I21*J21 -> 0.0020408876 | N21: =分析係数表!H24 -> 0.00033179316 | O21: =$M$44*N21 -> 0.004973831 | P21: =分析係数表!C24 -> 0.44109195 | Q21: =O21*P21 -> 0.0021939168 | R21: 0.0076512916 | S21: =I21+R21 -> 0.017478504 | T21: =分析係数表!F24 -> 0.39173228 | U21: =S21*T21 -> 0.0068468944 | V21: =分析係数表!D24 -> 0.067913386 | W21: =ROUND(S21*V21,0) -> 0 | X21: =分析係数表!E24 -> 0.071850394 | Y21: =ROUND(S21*X21,0) -> 0
A22: 18 | B22: 電子部品 | D22: =投入係数表!I22 -> 0 | E22: =$C$11*D22 -> 0 | F22: =分析係数表!C25 -> 0.0078343593 | G22: =E22*F22 -> 0 | H22: 0.00043954911 | I22: =C22+H22 -> 0.00043954911 | J22: =分析係数表!G25 -> 0.2 | K22: =I22*J22 -> 8.7909822e-05 | N22: =分析係数表!H25 -> 0.00050383405 | O22: =$M$44*N22 -> 0.0075528544 | P22: =分析係数表!C25 -> 0.0078343593 | Q22: =O22*P22 -> 5.9171775e-05 | R22: 0.00020317097 | S22: =I22+R22 -> 0.00064272008 | T22: =分析係数表!F25 -> 0.352 | U22: =S22*T22 -> 0.00022623747 | V22: =分析係数表!D25 -> 0.008 | W22: =ROUND(S22*V22,0) -> 0 | X22: =分析係数表!E25 -> 0.004 | Y22: =ROUND(S22*X22,0) -> 0
A23: 19 | B23: 電気機械 | D23: =投入係数表!I23 -> 0.0011098779 | E23: =$C$11*D23 -> 0.11098779 | F23: =分析係数表!C26 -> 0.12107728 | G23: =E23*F23 -> 0.0134381 | H23: 0.017728764 | I23: =C23+H23 -> 0.017728764 | J23: =分析係数表!G26 -> 0.19685039 | K23: =I23*J23 -> 0.0034899142 | N23: =分析係数表!H26 -> 0.010396186 | O23: =$M$44*N23 -> 0.1558467 | P23: =分析係数表!C26 -> 0.12107728 | Q23: =O23*P23 -> 0.018869495 | R23: 0.020361065 | S23: =I23+R23 -> 0.038089829 | T23: =分析係数表!F26 -> 0.33584389 | U23: =S23*T23 -> 0.012792236 | V23: =分析係数表!D26 -> 0.032865457 | W23: =ROUND(S23*V23,0) -> 0 | X23: =分析係数表!E26 -> 0.0345772 | Y23: =ROUND(S23*X23,0) -> 0
... A43: 39 | B43: 分類不明 | D43: =投入係数表!I43 -> 0.0044395117 | E43: =$C$11*D43 -> 0.44395117 | F43: =分析係数表!C46 -> 0.35026324 | G43: =E43*F43 -> 0.15549977 | H43: 0.17904964 | I43: =C43+H43 -> 0.17904964 | J43: =分析係数表!G46 -> 0.0088183422 | K43: =I43*J43 -> 0.001578921 | N43: =分析係数表!H46 -> 0.022070389 | O43: =$M$44*N43 -> 0.33085187 | P43: =分析係数表!C46 -> 0.35026324 | Q43: =O43*P43 -> 0.11588525 | R43: 0.12489805 | S43: =I43+R43 -> 0.30394769 | T43: =分析係数表!F46 -> 0.31305115 | U43: =S43*T43 -> 0.095151174 | V43: =分析係数表!D46 -> 0.0026455026 | W43: =ROUND(S43*V43,0) -> 0 | X43: =分析係数表!E46 -> 0.0070546737 | Y43: =ROUND(S43*X43,0) -> 0
A44: 40 | B44: 合計 | C44: =SUM(C5:C43) -> 100 | D44: =投入係数表!I44 -> 0.62375139 | E44: =SUM(E5:E43) -> 62.375139 | F44: =分析係数表!C47 -> 0.31394387 | G44: =SUM(G5:G43) -> 9.8643505 | H44: =SUM(H5:H43) -> 11.441391 | I44: =SUM(I5:I43) -> 111.44139 | J44: =分析係数表!G47 -> 0.19998528 | K44: =SUM(K5:K43) -> 23.908705 | L44: =最終需要_まとめ!$L$33 -> 0.627 | M44: =K44*L44 -> 14.990758 | N44: =分析係数表!H47 -> 1 | O44: =SUM(O5:O43) -> 14.990758 | P44: =分析係数表!C47 -> 0.31394387 | Q44: =SUM(Q5:Q43) -> 5.2372317 | R44: =SUM(R5:R43) -> 5.7745848 | S44: =SUM(S5:S43) -> 117.21598 | T44: =分析係数表!F47 -> 0.42668872 | U44: =SUM(U5:U43) -> 45.530066 | V44: =分析係数表!D47 -> 0.049757178 | W44: =SUM(W5:W43) -> 7 | X44: =分析係数表!E47 -> 0.0419071 | Y44: =SUM(Y5:Y43) -> 7
B45: 備考（参照WS) | C45: 最終需要推計 | D45: 投入係数表 | F45: 分析係数 | H45: 逆行列係数表 | J45: 分析係数 | L45: 最終需要推計 | N45: 分析係数 | P45: 分析係数 | S45: 逆行列係数表 | T45: 分析係数 | V45: 分析係数 | X45: 分析係数
B46: ※四捨五入の関係で合計と内訳が一致しない場合があります。

Sheet 8
B1: 経済波及効果計算プロセス | G1: =取引基本表!$E$1 -> 2015年播磨町産業連関表
B2: 化学製品 | S2: 生産誘発額 | U2: 粗付加価値誘発額 | W2: 就業者誘発数 | Y2: 雇用誘発数
C3: 域内最終需要増加額 （直接効果） | D3: 投入係数（化学製品） | E3: 需要増加額 | F3: 域内自給率 | G3: 県内需要 増加額 | H3: 1次間接 波及効果 | I3: 直接+1次間接波及効果 | J3: 雇用者 所得率 | K3: 雇用者所得誘発額（直接+1次間接波及効果） | L3: 平均消費 性向 （R2_R4/近畿） | M3: 民間消費による需要 増加額 | N3: 民間消費支出構成比 | O3: 民間消費による需要 増加額 | P3: 域内自給率 | Q3: 民間消費による県内需要増加額 | R3: 2次間接 波及効果 | S3: 総合効果（直接+1次+2次間接波及効果） | T3: 粗付加価値 率 | U3: 粗付加価値誘発額 | V3: 就業係数（百万円当り） | W3: 就業者創出（人） | X3: 雇用係数（百万円当り） | Y3: 雇用者創出（人）
C4: A | D4: B | E4: C=A×B | F4: D | G4: E=C×D | H4: F=逆行列係数×E | I4: G=A+F | J4: H | K4: I=G×H | L4: J | M4: Ｋ=I×J | N4: L | O4: M=K×L | P4: N | Q4: O=M×N | R4: P=逆行列係数×O | S4: Q=G+P | T4: R | U4: S=Q×R | V4: T | W4: U=Q×T | X4: V | Y4: W=Q×V
A5: １ | B5: 農業 | D5: =投入係数表!J5 -> 0.001319466 | E5: =$C$12*D5 -> 0.1319466 | F5: =分析係数表!C8 -> 0.024086379 | G5: =E5*F5 -> 0.0031781158 | H5: {=MMULT(逆行列係数!C5:AO43,'8'!G5:G43)} -> 0.0032376571 | I5: =C5+H5 -> 0.0032376571 | J5: =分析係数表!G8 -> 0.12121212 | K5: =I5*J5 -> 0.00039244328 | N5: =分析係数表!H8 -> 0.01098604 | O5: =$M$44*N5 -> 0.083247252 | P5: =分析係数表!C8 -> 0.024086379 | Q5: =O5*P5 -> 0.0020051248 | R5: {=MMULT(逆行列係数!C5:AO43,'8'!Q5:Q43)} -> 0.0021980749 | S5: =I5+R5 -> 0.005435732 | T5: =分析係数表!F8 -> 0.48484848 | U5: =S5*T5 -> 0.0026355064 | V5: =分析係数表!D8 -> 1.0757576 | W5: =ROUND(S5*V5,0) -> 0 | X5: =分析係数表!E8 -> 0 | Y5: =ROUND(S5*X5,0) -> 0
A6: 2 | B6: 林業 | D6: =投入係数表!J6 -> 0.00023284694 | E6: =$C$12*D6 -> 0.023284694 | F6: =分析係数表!C9 -> 0 | G6: =E6*F6 -> 0 | H6: 0 | I6: =C6+H6 -> 0 | J6: =分析係数表!G9 -> 0 | K6: =I6*J6 -> 0 | N6: =分析係数表!H9 -> 0.0005898545 | O6: =$M$44*N6 -> 0.0044696511 | P6: =分析係数表!C9 -> 0 | Q6: =O6*P6 -> 0 | R6: 0 | S6: =I6+R6 -> 0 | T6: =分析係数表!F9 -> 0 | U6: =S6*T6 -> 0 | V6: =分析係数表!D9 -> 0 | W6: =ROUND(S6*V6,0) -> 0 | X6: =分析係数表!E9 -> 0 | Y6: =ROUND(S6*X6,0) -> 0
A7: 3 | B7: 漁業 | D7: =投入係数表!J7 -> 3.8807824e-05 | E7: =$C$12*D7 -> 0.0038807824 | F7: =分析係数表!C10 -> 0.85034014 | G7: =E7*F7 -> 0.003299985 | H7: 0.0037691841 | I7: =C7+H7 -> 0.0037691841 | J7: =分析係数表!G10 -> 0.18064516 | K7: =I7*J7 -> 0.00068088488 | N7: =分析係数表!H10 -> 0.0011059772 | O7: =$M$44*N7 -> 0.0083805958 | P7: =分析係数表!C10 -> 0.85034014 | Q7: =O7*P7 -> 0.007126357 | R7: 0.0088206446 | S7: =I7+R7 -> 0.012589829 | T7: =分析係数表!F10 -> 0.52258065 | U7: =S7*T7 -> 0.0065792008 | V7: =分析係数表!D10 -> 0.090322581 | W7: =ROUND(S7*V7,0) -> 0 | X7: =分析係数表!E10 -> 0 | Y7: =ROUND(S7*X7,0) -> 0
A8: 4 | B8: 鉱業 | D8: =投入係数表!J8 -> 0.0053554797 | E8: =$C$12*D8 -> 0.53554797 | F8: =分析係数表!C11 -> 0.016645596 | G8: =E8*F8 -> 0.0089145152 | H8: 0.016513451 | I8: =C8+H8 -> 0.016513451 | J8: =分析係数表!G11 -> 0.35897436 | K8: =I8*J8 -> 0.0059279055 | N8: =分析係数表!H11 -> -2.4577271e-05 | O8: =$M$44*N8 -> -0.00018623546 | P8: =分析係数表!C11 -> 0.016645596 | Q8: =O8*P8 -> -3.1000003e-06 | R8: 0.0001885091 | S8: =I8+R8 -> 0.01670196 | T8: =分析係数表!F11 -> 0.58974359 | U8: =S8*T8 -> 0.0098498739 | V8: =分析係数表!D11 -> 0.0085470085 | W8: =ROUND(S8*V8,0) -> 0 | X8: =分析係数表!E11 -> 0 | Y8: =ROUND(S8*X8,0) -> 0
A9: 5 | B9: 飲食料品 | D9: =投入係数表!J9 -> 0.0074511021 | E9: =$C$12*D9 -> 0.74511021 | F9: =分析係数表!C12 -> 0.00518836 | G9: =E9*F9 -> 0.0038659001 | H9: 0.0038867316 | I9: =C9+H9 -> 0.0038867316 | J9: =分析係数表!G12 -> 0.13719512 | K9: =I9*J9 -> 0.00053324062 | N9: =分析係数表!H12 -> 0.089657884 | O9: =$M$44*N9 -> 0.67938697 | P9: =分析係数表!C12 -> 0.00518836 | Q9: =O9*P9 -> 0.0035249042 | R9: 0.0038054587 | S9: =I9+R9 -> 0.0076921903 | T9: =分析係数表!F12 -> 0.31707317 | U9: =S9*T9 -> 0.0024389872 | V9: =分析係数表!D12 -> 0.067073171 | W9: =ROUND(S9*V9,0) -> 0 | X9: =分析係数表!E12 -> 0.057926829 | Y9: =ROUND(S9*X9,0) -> 0
A10: 6 | B10: 繊維製品 | D10: =投入係数表!J10 -> 0.0010090034 | E10: =$C$12*D10 -> 0.10090034 | F10: =分析係数表!C13 -> 0 | G10: =E10*F10 -> 0 | H10: 0 | I10: =C10+H10 -> 0 | J10: =分析係数表!G13 -> 0.24459953 | K10: =I10*J10 -> 0 | N10: =分析係数表!H13 -> 0.014131931 | O10: =$M$44*N10 -> 0.10708539 | P10: =分析係数表!C13 -> 0 | Q10: =O10*P10 -> 0 | R10: 0 | S10: =I10+R10 -> 0 | T10: =分析係数表!F13 -> 0.38318378 | U10: =S10*T10 -> 0 | V10: =分析係数表!D13 -> 0.047856431 | W10: =ROUND(S10*V10,0) -> 0 | X10: =分析係数表!E13 -> 0.049850449 | Y10: =ROUND(S10*X10,0) -> 0
A11: 7 | B11: パルプ・紙・木製品 | D11: =投入係数表!J11 -> 0.014242471 | E11: =$C$12*D11 -> 1.4242471 | F11: =分析係数表!C14 -> 0.065770523 | G11: =E11*F11 -> 0.093673479 | H11: 0.10056144 | I11: =C11+H11 -> 0.10056144 | J11: =分析係数表!G14 -> 0.20976693 | K11: =I11*J11 -> 0.021094465 | N11: =分析係数表!H14 -> 0.0011674204 | O11: =$M$44*N11 -> 0.0088461845 | P11: =分析係数表!C14 -> 0.065770523 | Q11: =O11*P11 -> 0.00058181818 | R11: 0.0018114763 | S11: =I11+R11 -> 0.10237292 | T11: =分析係数表!F14 -> 0.36071032 | U11: =S11*T11 -> 0.036926969 | V11: =分析係数表!D14 -> 0.067702553 | W11: =ROUND(S11*V11,0) -> 0 | X11: =分析係数表!E14 -> 0.068812431 | Y11: =ROUND(S11*X11,0) -> 0
A12: 8 | B12: 化学製品 | C12: =最終需要_まとめ!C13 -> 100 | D12: =投入係数表!J12 -> 0.36064111 | E12: =$C$12*D12 -> 36.064111 | F12: =分析係数表!C15 -> 0 | G12: =E12*F12 -> 0 | H12: 0 | I12: =C12+H12 -> 100 | J12: =分析係数表!G15 -> 0.095622477 | K12: =I12*J12 -> 9.5622477 | N12: =分析係数表!H15 -> 0.0082333858 | O12: =$M$44*N12 -> 0.06238888 | P12: =分析係数表!C15 -> 0 | Q12: =O12*P12 -> 0 | R12: 0 | S12: =I12+R12 -> 100 | T12: =分析係数表!F15 -> 0.30398168 | U12: =S12*T12 -> 30.398168 | V12: =分析係数表!D15 -> 0.031667184 | W12: =ROUND(S12*V12,0) -> 3 | X12: =分析係数表!E15 -> 0.029261099 | Y12: =ROUND(S12*X12,0) -> 3
A13: 9 | B13: 石油・石炭製品 | D13: =投入係数表!J13 -> 0.081302391 | E13: =$C$12*D13 -> 8.1302391 | F13: =分析係数表!C16 -> 0.05867144 | G13: =E13*F13 -> 0.47701283 | H13: 0.48268287 | I13: =C13+H13 -> 0.48268287 | J13: =分析係数表!G16 -> 0.033950617 | K13: =I13*J13 -> 0.016387381 | N13: =分析係数表!H16 -> 0.016626524 | O13: =$M$44*N13 -> 0.12598829 | P13: =分析係数表!C16 -> 0.05867144 | Q13: =O13*P13 -> 0.0073919144 | R13: 0.0079578979 | S13: =I13+R13 -> 0.49064077 | T13: =分析係数表!F16 -> 0.28858025 | U13: =S13*T13 -> 0.14158923 | V13: =分析係数表!D16 -> 0 | W13: =ROUND(S13*V13,0) -> 0 | X13: =分析係数表!E16 -> 0 | Y13: =ROUND(S13*X13,0) -> 0
A14: 10 | B14: プラスチック・ゴム製品 | D14: =投入係数表!J14 -> 0.018821794 | E14: =$C$12*D14 -> 1.8821794 | F14: =分析係数表!C17 -> 0.10640681 | G14: =E14*F14 -> 0.20027671 | H14: 0.2166998 | I14: =C14+H14 -> 0.2166998 | J14: =分析係数表!G17 -> 0.21283422 | K14: =I14*J14 -> 0.046121133 | N14: =分析係数表!H17 -> 0.0029861384 | O14: =$M$44*N14 -> 0.022627609 | P14: =分析係数表!C17 -> 0.10640681 | Q14: =O14*P14 -> 0.0024077317 | R14: 0.004109952 | S14: =I14+R14 -> 0.22080975 | T14: =分析係数表!F17 -> 0.32335116 | U14: =S14*T14 -> 0.071399088 | V14: =分析係数表!D17 -> 0.044206774 | W14: =ROUND(S14*V14,0) -> 0 | X14: =分析係数表!E17 -> 0.040641711 | Y14: =ROUND(S14*X14,0) -> 0
A15: 11 | B15: 窯業・土石製品 | D15: =投入係数表!J15 -> 0.0068689848 | E15: =$C$12*D15 -> 0.68689848 | F15: =分析係数表!C18 -> 0.93182769 | G15: =E15*F15 -> 0.64007102 | H15: 0.73355023 | I15: =C15+H15 -> 0.73355023 | J15: =分析係数表!G18 -> 0.21565873 | K15: =I15*J15 -> 0.15819651 | N15: =分析係数表!H18 -> 0.00044239088 | O15: =$M$44*N15 -> 0.0033522383 | P15: =分析係数表!C18 -> 0.93182769 | Q15: =O15*P15 -> 0.0031237085 | R15: 0.0072532049 | S15: =I15+R15 -> 0.74080343 | T15: =分析係数表!F18 -> 0.45992903 | U15: =S15*T15 -> 0.340717 | V15: =分析係数表!D18 -> 0.023436345 | W15: =ROUND(S15*V15,0) -> 0 | X15: =分析係数表!E18 -> 0.025506432 | Y15: =ROUND(S15*X15,0) -> 0
A16: 12 | B16: 鉄鋼 | D16: =投入係数表!J16 -> 3.8807824e-05 | E16: =$C$12*D16 -> 0.0038807824 | F16: =分析係数表!C19 -> 0.22734014 | G16: =E16*F16 -> 0.00088225761 | H16: 0.031600281 | I16: =C16+H16 -> 0.031600281 | J16: =分析係数表!G19 -> 0.057679353 | K16: =I16*J16 -> 0.0018226838 | N16: =分析係数表!H19 -> -0.00011059772 | O16: =$M$44*N16 -> -0.00083805958 | P16: =分析係数表!C19 -> 0.22734014 | Q16: =O16*P16 -> -0.00019052458 | R16: 0.0012065308 | S16: =I16+R16 -> 0.032806812 | T16: =分析係数表!F19 -> 0.2401482 | U16: =S16*T16 -> 0.0078784967 | V16: =分析係数表!D19 -> 0.0069467834 | W16: =ROUND(S16*V16,0) -> 0 | X16: =分析係数表!E19 -> 0.0078309195 | Y16: =ROUND(S16*X16,0) -> 0
A17: 13 | B17: 非鉄金属 | D17: =投入係数表!J17 -> 0.0051614405 | E17: =$C$12*D17 -> 0.51614405 | F17: =分析係数表!C20 -> 0.28316988 | G17: =E17*F17 -> 0.14615645 | H17: 0.18033767 | I17: =C17+H17 -> 0.18033767 | J17: =分析係数表!G20 -> 0.10003293 | K17: =I17*J17 -> 0.018039706 | N17: =分析係数表!H20 -> 0.00054069996 | O17: =$M$44*N17 -> 0.0040971802 | P17: =分析係数表!C20 -> 0.28316988 | Q17: =O17*P17 -> 0.001160198 | R17: 0.0025231226 | S17: =I17+R17 -> 0.1828608 | T17: =分析係数表!F20 -> 0.22295406 | U17: =S17*T17 -> 0.040769557 | V17: =分析係数表!D20 -> 0.014243372 | W17: =ROUND(S17*V17,0) -> 0 | X17: =分析係数表!E20 -> 0.016054668 | Y17: =ROUND(S17*X17,0) -> 0
A18: 14 | B18: 金属製品 | D18: =投入係数表!J18 -> 0.0091974542 | E18: =$C$12*D18 -> 0.91974542 | F18: =分析係数表!C21 -> 0.39165775 | G18: =E18*F18 -> 0.36022543 | H18: 0.39579821 | I18: =C18+H18 -> 0.39579821 | J18: =分析係数表!G21 -> 0.28516577 | K18: =I18*J18 -> 0.1128681 | N18: =分析係数表!H21 -> 0.00092164766 | O18: =$M$44*N18 -> 0.0069838298 | P18: =分析係数表!C21 -> 0.39165775 | Q18: =O18*P18 -> 0.0027352711 | R18: 0.0053571202 | S18: =I18+R18 -> 0.40115533 | T18: =分析係数表!F21 -> 0.42597652 | U18: =S18*T18 -> 0.17088275 | V18: =分析係数表!D21 -> 0.038470058 | W18: =ROUND(S18*V18,0) -> 0 | X18: =分析係数表!E21 -> 0.035885697 | Y18: =ROUND(S18*X18,0) -> 0
A19: 15 | B19: はん用機械 | D19: =投入係数表!J19 -> 3.8807824e-05 | E19: =$C$12*D19 -> 0.0038807824 | F19: =分析係数表!C22 -> 0.15642616 | G19: =E19*F19 -> 0.00060705587 | H19: 0.0089406506 | I19: =C19+H19 -> 0.0089406506 | J19: =分析係数表!G22 -> 0.19460413 | K19: =I19*J19 -> 0.0017398875 | N19: =分析係数表!H22 -> 4.9154542e-05 | O19: =$M$44*N19 -> 0.00037247092 | P19: =分析係数表!C22 -> 0.15642616 | Q19: =O19*P19 -> 5.8264195e-05 | R19: 0.00079882458 | S19: =I19+R19 -> 0.0097394752 | T19: =分析係数表!F22 -> 0.41322518 | U19: =S19*T19 -> 0.0040245964 | V19: =分析係数表!D22 -> 0.021407159 | W19: =ROUND(S19*V19,0) -> 0 | X19: =分析係数表!E22 -> 0.022006701 | Y19: =ROUND(S19*X19,0) -> 0
A20: 16 | B20: 生産用機械 | D20: =投入係数表!J20 -> 0 | E20: =$C$12*D20 -> 0 | F20: =分析係数表!C23 -> 0 | G20: =E20*F20 -> 0 | H20: 0 | I20: =C20+H20 -> 0 | J20: =分析係数表!G23 -> 0.21581694 | K20: =I20*J20 -> 0 | N20: =分析係数表!H23 -> 2.4577271e-05 | O20: =$M$44*N20 -> 0.00018623546 | P20: =分析係数表!C23 -> 0 | Q20: =O20*P20 -> 0 | R20: 0 | S20: =I20+R20 -> 0 | T20: =分析係数表!F23 -> 0.44146929 | U20: =S20*T20 -> 0 | V20: =分析係数表!D23 -> 0.048735448 | W20: =ROUND(S20*V20,0) -> 0 | X20: =分析係数表!E23 -> 0.052107587 | Y20: =ROUND(S20*X20,0) -> 0
A21: 17 | B21: 業務用機械 | D21: =投入係数表!J21 -> 0 | E21: =$C$12*D21 -> 0 | F21: =分析係数表!C24 -> 0.44109195 | G21: =E21*F21 -> 0 | H21: 0.011481063 | I21: =C21+H21 -> 0.011481063 | J21: =分析係数表!G24 -> 0.20767717 | K21: =I21*J21 -> 0.0023843546 | N21: =分析係数表!H24 -> 0.00033179316 | O21: =$M$44*N21 -> 0.0025141787 | P21: =分析係数表!C24 -> 0.44109195 | Q21: =O21*P21 -> 0.001108984 | R21: 0.0038675852 | S21: =I21+R21 -> 0.015348648 | T21: =分析係数表!F24 -> 0.39173228 | U21: =S21*T21 -> 0.006012561 | V21: =分析係数表!D24 -> 0.067913386 | W21: =ROUND(S21*V21,0) -> 0 | X21: =分析係数表!E24 -> 0.071850394 | Y21: =ROUND(S21*X21,0) -> 0
A22: 18 | B22: 電子部品 | D22: =投入係数表!J22 -> 0 | E22: =$C$12*D22 -> 0 | F22: =分析係数表!C25 -> 0.0078343593 | G22: =E22*F22 -> 0 | H22: 0.00055883262 | I22: =C22+H22 -> 0.00055883262 | J22: =分析係数表!G25 -> 0.2 | K22: =I22*J22 -> 0.00011176652 | N22: =分析係数表!H25 -> 0.00050383405 | O22: =$M$44*N22 -> 0.003817827 | P22: =分析係数表!C25 -> 0.0078343593 | Q22: =O22*P22 -> 2.9910228e-05 | R22: 0.00010269913 | S22: =I22+R22 -> 0.00066153176 | T22: =分析係数表!F25 -> 0.352 | U22: =S22*T22 -> 0.00023285918 | V22: =分析係数表!D25 -> 0.008 | W22: =ROUND(S22*V22,0) -> 0 | X22: =分析係数表!E25 -> 0.004 | Y22: =ROUND(S22*X22,0) -> 0
A23: 19 | B23: 電気機械 | D23: =投入係数表!J23 -> 0 | E23: =$C$12*D23 -> 0 | F23: =分析係数表!C26 -> 0.12107728 | G23: =E23*F23 -> 0 | H23: 0.0052958645 | I23: =C23+H23 -> 0.0052958645 | J23: =分析係数表!G26 -> 0.19685039 | K23: =I23*J23 -> 0.001042493 | N23: =分析係数表!H26 -> 0.010396186 | O23: =$M$44*N23 -> 0.078777601 | P23: =分析係数表!C26 -> 0.12107728 | Q23: =O23*P23 -> 0.0095381779 | R23: 0.010292138 | S23: =I23+R23 -> 0.015588003 | T23: =分析係数表!F26 -> 0.33584389 | U23: =S23*T23 -> 0.0052351355 | V23: =分析係数表!D26 -> 0.032865457 | W23: =ROUND(S23*V23,0) -> 0 | X23: =分析係数表!E26 -> 0.0345772 | Y23: =ROUND(S23*X23,0) -> 0
A24: 20 | B24: 情報通信機器 | D24: =投入係数表!J24 -> 3.8807824e-05 | E24: =$C$12*D24 -> 0.0038807824 | F24: =分析係数表!C27 -> 0.02739166 | G24: =E24*F24 -> 0.00010630107 | H24: 0.0002694377 | I24: =C24+H24 -> 0.0002694377 | J24: =分析係数表!G27 -> 0.16959064 | K24: =I24*J24 -> 4.5694113e-05 | N24: =分析係数表!H27 -> 0.010924597 | O24: =$M$44*N24 -> 0.082781663 | P24: =分析係数表!C27 -> 0.02739166 | Q24: =O24*P24 -> 0.0022675272 | R24: 0.0022935435 | S24: =I24+R24 -> 0.0025629812 | T24: =分析係数表!F27 -> 0.32163743 | U24: =S24*T24 -> 0.00082435069 | V24: =分析係数表!D27 -> 0 | W24: =ROUND(S24*V24,0) -> 0 | X24: =分析係数表!E27 -> 0 | Y24: =ROUND(S24*X24,0) -> 0
... A43: 39 | B43: 分類不明 | D43: =投入係数表!J43 -> 0.0018627755 | E43: =$C$12*D43 -> 0.18627755 | F43: =分析係数表!C46 -> 0.35026324 | G43: =E43*F43 -> 0.065246179 | H43: 0.084724102 | I43: =C43+H43 -> 0.084724102 | J43: =分析係数表!G46 -> 0.0088183422 | K43: =I43*J43 -> 0.00074712612 | N43: =分析係数表!H46 -> 0.022070389 | O43: =$M$44*N43 -> 0.16723945 | P43: =分析係数表!C46 -> 0.35026324 | Q43: =O43*P43 -> 0.05857783 | R43: 0.063133634 | S43: =I43+R43 -> 0.14785774 | T43: =分析係数表!F46 -> 0.31305115 | U43: =S43*T43 -> 0.046287034 | V43: =分析係数表!D46 -> 0.0026455026 | W43: =ROUND(S43*V43,0) -> 0 | X43: =分析係数表!E46 -> 0.0070546737 | Y43: =ROUND(S43*X43,0) -> 0
A44: 40 | B44: 合計 | C44: =SUM(C5:C43) -> 100 | D44: =投入係数表!J44 -> 0.68321174 | E44: =SUM(E5:E43) -> 68.321174 | F44: =分析係数表!C47 -> 0.31394387 | G44: =SUM(G5:G43) -> 7.4784951 | H44: =SUM(H5:H43) -> 8.6162149 | I44: =SUM(I5:I43) -> 108.61621 | J44: =分析係数表!G47 -> 0.19998528 | K44: =SUM(K5:K43) -> 12.085404 | L44: =最終需要_まとめ!$L$33 -> 0.627 | M44: =K44*L44 -> 7.5775485 | N44: =分析係数表!H47 -> 1 | O44: =SUM(O5:O43) -> 7.5775485 | P44: =分析係数表!C47 -> 0.31394387 | Q44: =SUM(Q5:Q43) -> 2.6473229 | R44: =SUM(R5:R43) -> 2.9189449 | S44: =SUM(S5:S43) -> 111.53516 | T44: =分析係数表!F47 -> 0.42668872 | U44: =SUM(U5:U43) -> 37.063498 | V44: =分析係数表!D47 -> 0.049757178 | W44: =SUM(W5:W43) -> 4 | X44: =分析係数表!E47 -> 0.0419071 | Y44: =SUM(Y5:Y43) -> 3
B45: 備考（参照WS) | C45: 最終需要推計 | D45: 投入係数表 | F45: 分析係数 | H45: 逆行列係数表 | J45: 分析係数 | L45: 最終需要推計 | N45: 分析係数 | P45: 分析係数 | S45: 逆行列係数表 | T45: 分析係数 | V45: 分析係数 | X45: 分析係数
B46: ※四捨五入の関係で合計と内訳が一致しない場合があります。

Sheet 9
B1: 経済波及効果計算プロセス | G1: =取引基本表!$E$1 -> 2015年播磨町産業連関表
B2: 石油・石炭製品 | S2: 生産誘発額 | U2: 粗付加価値誘発額 | W2: 就業者誘発数 | Y2: 雇用誘発数
C3: 域内最終需要増加額 （直接効果） | D3: 投入係数（石油・石炭製品） | E3: 需要増加額 | F3: 域内自給率 | G3: 県内需要 増加額 | H3: 1次間接 波及効果 | I3: 直接+1次間接波及効果 | J3: 雇用者 所得率 | K3: 雇用者所得誘発額（直接+1次間接波及効果） | L3: 平均消費 性向 （R2_R4/近畿） | M3: 民間消費による需要 増加額 | N3: 民間消費支出構成比 | O3: 民間消費による需要 増加額 | P3: 域内自給率 | Q3: 民間消費による県内需要増加額 | R3: 2次間接 波及効果 | S3: 総合効果（直接+1次+2次間接波及効果） | T3: 粗付加価値 率 | U3: 粗付加価値誘発額 | V3: 就業係数（百万円当り） | W3: 就業者創出（人） | X3: 雇用係数（百万円当り） | Y3: 雇用者創出（人）
C4: A | D4: B | E4: C=A×B | F4: D | G4: E=C×D | H4: F=逆行列係数×E | I4: G=A+F | J4: H | K4: I=G×H | L4: J | M4: Ｋ=I×J | N4: L | O4: M=K×L | P4: N | Q4: O=M×N | R4: P=逆行列係数×O | S4: Q=G+P | T4: R | U4: S=Q×R | V4: T | W4: U=Q×T | X4: V | Y4: W=Q×V
A5: １ | B5: 農業 | D5: =投入係数表!K5 -> 0 | E5: =$C$13*D5 -> 0 | F5: =分析係数表!C8 -> 0.024086379 | G5: =E5*F5 -> 0 | H5: {=MMULT(逆行列係数!C5:AO43,'9'!G5:G43)} -> 2.3695165e-06 | I5: =C5+H5 -> 2.3695165e-06 | J5: =分析係数表!G8 -> 0.12121212 | K5: =I5*J5 -> 2.8721412e-07 | N5: =分析係数表!H8 -> 0.01098604 | O5: =$M$44*N5 -> 0.029289413 | P5: =分析係数表!C8 -> 0.024086379 | Q5: =O5*P5 -> 0.00070547588 | R5: {=MMULT(逆行列係数!C5:AO43,'9'!Q5:Q43)} -> 0.00077336273 | S5: =I5+R5 -> 0.00077573224 | T5: =分析係数表!F8 -> 0.48484848 | U5: =S5*T5 -> 0.0003761126 | V5: =分析係数表!D8 -> 1.0757576 | W5: =ROUND(S5*V5,0) -> 0 | X5: =分析係数表!E8 -> 0 | Y5: =ROUND(S5*X5,0) -> 0
A6: 2 | B6: 林業 | D6: =投入係数表!K6 -> 0 | E6: =$C$13*D6 -> 0 | F6: =分析係数表!C9 -> 0 | G6: =E6*F6 -> 0 | H6: 0 | I6: =C6+H6 -> 0 | J6: =分析係数表!G9 -> 0 | K6: =I6*J6 -> 0 | N6: =分析係数表!H9 -> 0.0005898545 | O6: =$M$44*N6 -> 0.0015725859 | P6: =分析係数表!C9 -> 0 | Q6: =O6*P6 -> 0 | R6: 0 | S6: =I6+R6 -> 0 | T6: =分析係数表!F9 -> 0 | U6: =S6*T6 -> 0 | V6: =分析係数表!D9 -> 0 | W6: =ROUND(S6*V6,0) -> 0 | X6: =分析係数表!E9 -> 0 | Y6: =ROUND(S6*X6,0) -> 0
A7: 3 | B7: 漁業 | D7: =投入係数表!K7 -> 0 | E7: =$C$13*D7 -> 0 | F7: =分析係数表!C10 -> 0.85034014 | G7: =E7*F7 -> 0 | H7: 7.7837483e-05 | I7: =C7+H7 -> 7.7837483e-05 | J7: =分析係数表!G10 -> 0.18064516 | K7: =I7*J7 -> 1.4060965e-05 | N7: =分析係数表!H10 -> 0.0011059772 | O7: =$M$44*N7 -> 0.0029485986 | P7: =分析係数表!C10 -> 0.85034014 | Q7: =O7*P7 -> 0.0025073117 | R7: 0.0031034238 | S7: =I7+R7 -> 0.0031812612 | T7: =分析係数表!F10 -> 0.52258065 | U7: =S7*T7 -> 0.0016624655 | V7: =分析係数表!D10 -> 0.090322581 | W7: =ROUND(S7*V7,0) -> 0 | X7: =分析係数表!E10 -> 0 | Y7: =ROUND(S7*X7,0) -> 0
A8: 4 | B8: 鉱業 | D8: =投入係数表!K8 -> 0.58641975 | E8: =$C$13*D8 -> 58.641975 | F8: =分析係数表!C11 -> 0.016645596 | G8: =E8*F8 -> 0.97613065 | H8: 0.98013605 | I8: =C8+H8 -> 0.98013605 | J8: =分析係数表!G11 -> 0.35897436 | K8: =I8*J8 -> 0.35184371 | N8: =分析係数表!H11 -> -2.4577271e-05 | O8: =$M$44*N8 -> -6.5524413e-05 | P8: =分析係数表!C11 -> 0.016645596 | Q8: =O8*P8 -> -1.0906929e-06 | R8: 6.6324362e-05 | S8: =I8+R8 -> 0.98020238 | T8: =分析係数表!F11 -> 0.58974359 | U8: =S8*T8 -> 0.57806807 | V8: =分析係数表!D11 -> 0.0085470085 | W8: =ROUND(S8*V8,0) -> 0 | X8: =分析係数表!E11 -> 0 | Y8: =ROUND(S8*X8,0) -> 0
A9: 5 | B9: 飲食料品 | D9: =投入係数表!K9 -> 0 | E9: =$C$13*D9 -> 0 | F9: =分析係数表!C12 -> 0.00518836 | G9: =E9*F9 -> 0 | H9: 2.2489545e-06 | I9: =C9+H9 -> 2.2489545e-06 | J9: =分析係数表!G12 -> 0.13719512 | K9: =I9*J9 -> 3.0854558e-07 | N9: =分析係数表!H12 -> 0.089657884 | O9: =$M$44*N9 -> 0.23903306 | P9: =分析係数表!C12 -> 0.00518836 | Q9: =O9*P9 -> 0.0012401896 | R9: 0.0013388988 | S9: =I9+R9 -> 0.0013411478 | T9: =分析係数表!F12 -> 0.31707317 | U9: =S9*T9 -> 0.00042524199 | V9: =分析係数表!D12 -> 0.067073171 | W9: =ROUND(S9*V9,0) -> 0 | X9: =分析係数表!E12 -> 0.057926829 | Y9: =ROUND(S9*X9,0) -> 0
A10: 6 | B10: 繊維製品 | D10: =投入係数表!K10 -> 0 | E10: =$C$13*D10 -> 0 | F10: =分析係数表!C13 -> 0 | G10: =E10*F10 -> 0 | H10: 0 | I10: =C10+H10 -> 0 | J10: =分析係数表!G13 -> 0.24459953 | K10: =I10*J10 -> 0 | N10: =分析係数表!H13 -> 0.014131931 | O10: =$M$44*N10 -> 0.037676537 | P10: =分析係数表!C13 -> 0 | Q10: =O10*P10 -> 0 | R10: 0 | S10: =I10+R10 -> 0 | T10: =分析係数表!F13 -> 0.38318378 | U10: =S10*T10 -> 0 | V10: =分析係数表!D13 -> 0.047856431 | W10: =ROUND(S10*V10,0) -> 0 | X10: =分析係数表!E13 -> 0.049850449 | Y10: =ROUND(S10*X10,0) -> 0
A11: 7 | B11: パルプ・紙・木製品 | D11: =投入係数表!K11 -> 0 | E11: =$C$13*D11 -> 0 | F11: =分析係数表!C14 -> 0.065770523 | G11: =E11*F11 -> 0 | H11: 0.00095936368 | I11: =C11+H11 -> 0.00095936368 | J11: =分析係数表!G14 -> 0.20976693 | K11: =I11*J11 -> 0.00020124277 | N11: =分析係数表!H14 -> 0.0011674204 | O11: =$M$44*N11 -> 0.0031124096 | P11: =分析係数表!C14 -> 0.065770523 | Q11: =O11*P11 -> 0.00020470481 | R11: 0.00063734328 | S11: =I11+R11 -> 0.001596707 | T11: =分析係数表!F14 -> 0.36071032 | U11: =S11*T11 -> 0.00057594868 | V11: =分析係数表!D14 -> 0.067702553 | W11: =ROUND(S11*V11,0) -> 0 | X11: =分析係数表!E14 -> 0.068812431 | Y11: =ROUND(S11*X11,0) -> 0
A12: 8 | B12: 化学製品 | D12: =投入係数表!K12 -> 0.0015432099 | E12: =$C$13*D12 -> 0.15432099 | F12: =分析係数表!C15 -> 0 | G12: =E12*F12 -> 0 | H12: 0 | I12: =C12+H12 -> 0 | J12: =分析係数表!G15 -> 0.095622477 | K12: =I12*J12 -> 0 | N12: =分析係数表!H15 -> 0.0082333858 | O12: =$M$44*N12 -> 0.021950678 | P12: =分析係数表!C15 -> 0 | Q12: =O12*P12 -> 0 | R12: 0 | S12: =I12+R12 -> 0 | T12: =分析係数表!F15 -> 0.30398168 | U12: =S12*T12 -> 0 | V12: =分析係数表!D15 -> 0.031667184 | W12: =ROUND(S12*V12,0) -> 0 | X12: =分析係数表!E15 -> 0.029261099 | Y12: =ROUND(S12*X12,0) -> 0
A13: 9 | B13: 石油・石炭製品 | C13: =最終需要_まとめ!C14 -> 100 | D13: =投入係数表!K13 -> 0.061728395 | E13: =$C$13*D13 -> 6.1728395 | F13: =分析係数表!C16 -> 0.05867144 | G13: =E13*F13 -> 0.36216938 | H13: 0.36635364 | I13: =C13+H13 -> 100.36635 | J13: =分析係数表!G16 -> 0.033950617 | K13: =I13*J13 -> 3.4074997 | N13: =分析係数表!H16 -> 0.016626524 | O13: =$M$44*N13 -> 0.044327265 | P13: =分析係数表!C16 -> 0.05867144 | Q13: =O13*P13 -> 0.0026007445 | R13: 0.0027998781 | S13: =I13+R13 -> 100.36915 | T13: =分析係数表!F16 -> 0.28858025 | U13: =S13*T13 -> 28.964555 | V13: =分析係数表!D16 -> 0 | W13: =ROUND(S13*V13,0) -> 0 | X13: =分析係数表!E16 -> 0 | Y13: =ROUND(S13*X13,0) -> 0
A14: 10 | B14: プラスチック・ゴム製品 | D14: =投入係数表!K14 -> 0 | E14: =$C$13*D14 -> 0 | F14: =分析係数表!C17 -> 0.10640681 | G14: =E14*F14 -> 0 | H14: 0.0020424071 | I14: =C14+H14 -> 0.0020424071 | J14: =分析係数表!G17 -> 0.21283422 | K14: =I14*J14 -> 0.00043469413 | N14: =分析係数表!H17 -> 0.0029861384 | O14: =$M$44*N14 -> 0.0079612162 | P14: =分析係数表!C17 -> 0.10640681 | Q14: =O14*P14 -> 0.00084712761 | R14: 0.0014460307 | S14: =I14+R14 -> 0.0034884378 | T14: =分析係数表!F17 -> 0.32335116 | U14: =S14*T14 -> 0.0011279904 | V14: =分析係数表!D17 -> 0.044206774 | W14: =ROUND(S14*V14,0) -> 0 | X14: =分析係数表!E17 -> 0.040641711 | Y14: =ROUND(S14*X14,0) -> 0
A15: 11 | B15: 窯業・土石製品 | D15: =投入係数表!K15 -> 0 | E15: =$C$13*D15 -> 0 | F15: =分析係数表!C18 -> 0.93182769 | G15: =E15*F15 -> 0 | H15: 0.0028088022 | I15: =C15+H15 -> 0.0028088022 | J15: =分析係数表!G18 -> 0.21565873 | K15: =I15*J15 -> 0.00060574271 | N15: =分析係数表!H18 -> 0.00044239088 | O15: =$M$44*N15 -> 0.0011794394 | P15: =分析係数表!C18 -> 0.93182769 | Q15: =O15*P15 -> 0.0010990343 | R15: 0.0025519414 | S15: =I15+R15 -> 0.0053607436 | T15: =分析係数表!F18 -> 0.45992903 | U15: =S15*T15 -> 0.0024655616 | V15: =分析係数表!D18 -> 0.023436345 | W15: =ROUND(S15*V15,0) -> 0 | X15: =分析係数表!E18 -> 0.025506432 | Y15: =ROUND(S15*X15,0) -> 0
A16: 12 | B16: 鉄鋼 | D16: =投入係数表!K16 -> 0 | E16: =$C$13*D16 -> 0 | F16: =分析係数表!C19 -> 0.22734014 | G16: =E16*F16 -> 0 | H16: 0.0049734517 | I16: =C16+H16 -> 0.0049734517 | J16: =分析係数表!G19 -> 0.057679353 | K16: =I16*J16 -> 0.00028686548 | N16: =分析係数表!H19 -> -0.00011059772 | O16: =$M$44*N16 -> -0.00029485986 | P16: =分析係数表!C19 -> 0.22734014 | Q16: =O16*P16 -> -6.7033482e-05 | R16: 0.00042450146 | S16: =I16+R16 -> 0.0053979532 | T16: =分析係数表!F19 -> 0.2401482 | U16: =S16*T16 -> 0.0012963087 | V16: =分析係数表!D19 -> 0.0069467834 | W16: =ROUND(S16*V16,0) -> 0 | X16: =分析係数表!E19 -> 0.0078309195 | Y16: =ROUND(S16*X16,0) -> 0
A17: 13 | B17: 非鉄金属 | D17: =投入係数表!K17 -> 0 | E17: =$C$13*D17 -> 0 | F17: =分析係数表!C20 -> 0.28316988 | G17: =E17*F17 -> 0 | H17: 0.0020122306 | I17: =C17+H17 -> 0.0020122306 | J17: =分析係数表!G20 -> 0.10003293 | K17: =I17*J17 -> 0.00020128933 | N17: =分析係数表!H20 -> 0.00054069996 | O17: =$M$44*N17 -> 0.0014415371 | P17: =分析係数表!C20 -> 0.28316988 | Q17: =O17*P17 -> 0.00040819988 | R17: 0.00088772633 | S17: =I17+R17 -> 0.002899957 | T17: =分析係数表!F20 -> 0.22295406 | U17: =S17*T17 -> 0.00064655718 | V17: =分析係数表!D20 -> 0.014243372 | W17: =ROUND(S17*V17,0) -> 0 | X17: =分析係数表!E20 -> 0.016054668 | Y17: =ROUND(S17*X17,0) -> 0
A18: 14 | B18: 金属製品 | D18: =投入係数表!K18 -> 0.0015432099 | E18: =$C$13*D18 -> 0.15432099 | F18: =分析係数表!C21 -> 0.39165775 | G18: =E18*F18 -> 0.060441011 | H18: 0.074423076 | I18: =C18+H18 -> 0.074423076 | J18: =分析係数表!G21 -> 0.28516577 | K18: =I18*J18 -> 0.021222914 | N18: =分析係数表!H21 -> 0.00092164766 | O18: =$M$44*N18 -> 0.0024571655 | P18: =分析係数表!C21 -> 0.39165775 | Q18: =O18*P18 -> 0.00096236791 | R18: 0.0018848298 | S18: =I18+R18 -> 0.076307905 | T18: =分析係数表!F21 -> 0.42597652 | U18: =S18*T18 -> 0.032505376 | V18: =分析係数表!D21 -> 0.038470058 | W18: =ROUND(S18*V18,0) -> 0 | X18: =分析係数表!E21 -> 0.035885697 | Y18: =ROUND(S18*X18,0) -> 0
A19: 15 | B19: はん用機械 | D19: =投入係数表!K19 -> 0 | E19: =$C$13*D19 -> 0 | F19: =分析係数表!C22 -> 0.15642616 | G19: =E19*F19 -> 0 | H19: 0.0014386191 | I19: =C19+H19 -> 0.0014386191 | J19: =分析係数表!G22 -> 0.19460413 | K19: =I19*J19 -> 0.00027996121 | N19: =分析係数表!H22 -> 4.9154542e-05 | O19: =$M$44*N19 -> 0.00013104883 | P19: =分析係数表!C22 -> 0.15642616 | Q19: =O19*P19 -> 2.0499464e-05 | R19: 0.00028105556 | S19: =I19+R19 -> 0.0017196746 | T19: =分析係数表!F22 -> 0.41322518 | U19: =S19*T19 -> 0.00071061287 | V19: =分析係数表!D22 -> 0.021407159 | W19: =ROUND(S19*V19,0) -> 0 | X19: =分析係数表!E22 -> 0.022006701 | Y19: =ROUND(S19*X19,0) -> 0
A20: 16 | B20: 生産用機械 | D20: =投入係数表!K20 -> 0 | E20: =$C$13*D20 -> 0 | F20: =分析係数表!C23 -> 0 | G20: =E20*F20 -> 0 | H20: 0 | I20: =C20+H20 -> 0 | J20: =分析係数表!G23 -> 0.21581694 | K20: =I20*J20 -> 0 | N20: =分析係数表!H23 -> 2.4577271e-05 | O20: =$M$44*N20 -> 6.5524413e-05 | P20: =分析係数表!C23 -> 0 | Q20: =O20*P20 -> 0 | R20: 0 | S20: =I20+R20 -> 0 | T20: =分析係数表!F23 -> 0.44146929 | U20: =S20*T20 -> 0 | V20: =分析係数表!D23 -> 0.048735448 | W20: =ROUND(S20*V20,0) -> 0 | X20: =分析係数表!E23 -> 0.052107587 | Y20: =ROUND(S20*X20,0) -> 0
A21: 17 | B21: 業務用機械 | D21: =投入係数表!K21 -> 0 | E21: =$C$13*D21 -> 0 | F21: =分析係数表!C24 -> 0.44109195 | G21: =E21*F21 -> 0 | H21: 0.0018214071 | I21: =C21+H21 -> 0.0018214071 | J21: =分析係数表!G24 -> 0.20767717 | K21: =I21*J21 -> 0.00037826467 | N21: =分析係数表!H24 -> 0.00033179316 | O21: =$M$44*N21 -> 0.00088457957 | P21: =分析係数表!C24 -> 0.44109195 | Q21: =O21*P21 -> 0.00039018093 | R21: 0.0013607572 | S21: =I21+R21 -> 0.0031821643 | T21: =分析係数表!F24 -> 0.39173228 | U21: =S21*T21 -> 0.0012465565 | V21: =分析係数表!D24 -> 0.067913386 | W21: =ROUND(S21*V21,0) -> 0 | X21: =分析係数表!E24 -> 0.071850394 | Y21: =ROUND(S21*X21,0) -> 0
A22: 18 | B22: 電子部品 | D22: =投入係数表!K22 -> 0 | E22: =$C$13*D22 -> 0 | F22: =分析係数表!C25 -> 0.0078343593 | G22: =E22*F22 -> 0 | H22: 9.1173856e-05 | I22: =C22+H22 -> 9.1173856e-05 | J22: =分析係数表!G25 -> 0.2 | K22: =I22*J22 -> 1.8234771e-05 | N22: =分析係数表!H25 -> 0.00050383405 | O22: =$M$44*N22 -> 0.0013432505 | P22: =分析係数表!C25 -> 0.0078343593 | Q22: =O22*P22 -> 1.0523507e-05 | R22: 3.6133293e-05 | S22: =I22+R22 -> 0.00012730715 | T22: =分析係数表!F25 -> 0.352 | U22: =S22*T22 -> 4.4812116e-05 | V22: =分析係数表!D25 -> 0.008 | W22: =ROUND(S22*V22,0) -> 0 | X22: =分析係数表!E25 -> 0.004 | Y22: =ROUND(S22*X22,0) -> 0
A23: 19 | B23: 電気機械 | D23: =投入係数表!K23 -> 0 | E23: =$C$13*D23 -> 0 | F23: =分析係数表!C26 -> 0.12107728 | G23: =E23*F23 -> 0 | H23: 0.00083162123 | I23: =C23+H23 -> 0.00083162123 | J23: =分析係数表!G26 -> 0.19685039 | K23: =I23*J23 -> 0.00016370497 | N23: =分析係数表!H26 -> 0.010396186 | O23: =$M$44*N23 -> 0.027716827 | P23: =分析係数表!C26 -> 0.12107728 | Q23: =O23*P23 -> 0.0033558781 | R23: 0.0036211488 | S23: =I23+R23 -> 0.00445277 | T23: =分析係数表!F26 -> 0.33584389 | U23: =S23*T23 -> 0.0014954356 | V23: =分析係数表!D26 -> 0.032865457 | W23: =ROUND(S23*V23,0) -> 0 | X23: =分析係数表!E26 -> 0.0345772 | Y23: =ROUND(S23*X23,0) -> 0
A24: 20 | B24: 情報通信機器 | D24: =投入係数表!K24 -> 0 | E24: =$C$13*D24 -> 0 | F24: =分析係数表!C27 -> 0.02739166 | G24: =E24*F24 -> 0 | H24: 2.4791354e-05 | I24: =C24+H24 -> 2.4791354e-05 | J24: =分析係数表!G27 -> 0.16959064 | K24: =I24*J24 -> 4.2043817e-06 | N24: =分析係数表!H27 -> 0.010924597 | O24: =$M$44*N24 -> 0.029125601 | P24: =分析係数表!C27 -> 0.02739166 | Q24: =O24*P24 -> 0.00079779857 | R24: 0.00080695208 | S24: =I24+R24 -> 0.00083174343 | T24: =分析係数表!F27 -> 0.32163743 | U24: =S24*T24 -> 0.00026751982 | V24: =分析係数表!D27 -> 0 | W24: =ROUND(S24*V24,0) -> 0 | X24: =分析係数表!E27 -> 0 | Y24: =ROUND(S24*X24,0) -> 0
A25: 21 | B25: 輸送機械 | D25: =投入係数表!K25 -> 0 | E25: =$C$13*D25 -> 0 | F25: =分析係数表!C28 -> 0.24324483 | G25: =E25*F25 -> 0 | H25: 0.0073911165 | I25: =C25+H25 -> 0.0073911165 | J25: =分析係数表!G28 -> 0.1248601 | K25: =I25*J25 -> 0.00092285555 | N25: =分析係数表!H28 -> 0.020841526 | O25: =$M$44*N25 -> 0.055564702 | P25: =分析係数表!C28 -> 0.24324483 | Q25: =O25*P25 -> 0.013515826 | R25: 0.016495764 | S25: =I25+R25 -> 0.023886881 | T25: =分析係数表!F28 -> 0.21387101 | U25: =S25*T25 -> 0.0051087113 | V25: =分析係数表!D28 -> 0.0051063234 | W25: =ROUND(S25*V25,0) -> 0 | X25: =分析係数表!E28 -> 0.0051412983 | Y25: =ROUND(S25*X25,0) -> 0
... A43: 39 | B43: 分類不明 | D43: =投入係数表!K43 -> 0 | E43: =$C$13*D43 -> 0 | F43: =分析係数表!C46 -> 0.35026324 | G43: =E43*F43 -> 0 | H43: 0.013064205 | I43: =C43+H43 -> 0.013064205 | J43: =分析係数表!G46 -> 0.0088183422 | K43: =I43*J43 -> 0.00011520463 | N43: =分析係数表!H46 -> 0.022070389 | O43: =$M$44*N43 -> 0.058840923 | P43: =分析係数表!C46 -> 0.35026324 | Q43: =O43*P43 -> 0.020609812 | R43: 0.02221271 | S43: =I43+R43 -> 0.035276915 | T43: =分析係数表!F46 -> 0.31305115 | U43: =S43*T43 -> 0.011043479 | V43: =分析係数表!D46 -> 0.0026455026 | W43: =ROUND(S43*V43,0) -> 0 | X43: =分析係数表!E46 -> 0.0070546737 | Y43: =ROUND(S43*X43,0) -> 0
A44: 40 | B44: 合計 | C44: =SUM(C5:C43) -> 100 | D44: =投入係数表!K44 -> 0.70216049 | E44: =SUM(E5:E43) -> 70.216049 | F44: =分析係数表!C47 -> 0.31394387 | G44: =SUM(G5:G43) -> 2.6400012 | H44: =SUM(H5:H43) -> 2.9769031 | I44: =SUM(I5:I43) -> 102.9769 | J44: =分析係数表!G47 -> 0.19998528 | K44: =SUM(K5:K43) -> 4.252085 | L44: =最終需要_まとめ!$L$33 -> 0.627 | M44: =K44*L44 -> 2.6660573 | N44: =分析係数表!H47 -> 1 | O44: =SUM(O5:O43) -> 2.6660573 | P44: =分析係数表!C47 -> 0.31394387 | Q44: =SUM(Q5:Q43) -> 0.93142454 | R44: =SUM(R5:R43) -> 1.026991 | S44: =SUM(S5:S43) -> 104.00389 | T44: =分析係数表!F47 -> 0.42668872 | U44: =SUM(U5:U43) -> 31.224341 | V44: =分析係数表!D47 -> 0.049757178 | W44: =SUM(W5:W43) -> 0 | X44: =分析係数表!E47 -> 0.0419071 | Y44: =SUM(Y5:Y43) -> 0
B45: 備考（参照WS) | C45: 最終需要推計 | D45: 投入係数表 | F45: 分析係数 | H45: 逆行列係数表 | J45: 分析係数 | L45: 最終需要推計 | N45: 分析係数 | P45: 分析係数 | S45: 逆行列係数表 | T45: 分析係数 | V45: 分析係数 | X45: 分析係数
B46: ※四捨五入の関係で合計と内訳が一致しない場合があります。

Sheet 10
B1: 経済波及効果計算プロセス | G1: =取引基本表!$E$1 -> 2015年播磨町産業連関表
B2: プラスチック・ゴム製品 | S2: 生産誘発額 | U2: 粗付加価値誘発額 | W2: 就業者誘発数 | Y2: 雇用誘発数
C3: 域内最終需要増加額 （直接効果） | D3: 投入係数（プラスチック・ゴム製品） | E3: 需要増加額 | F3: 域内自給率 | G3: 県内需要 増加額 | H3: 1次間接 波及効果 | I3: 直接+1次間接波及効果 | J3: 雇用者 所得率 | K3: 雇用者所得誘発額（直接+1次間接波及効果） | L3: 平均消費 性向 （R2_R4/近畿） | M3: 民間消費による需要 増加額 | N3: 民間消費支出構成比 | O3: 民間消費による需要 増加額 | P3: 域内自給率 | Q3: 民間消費による県内需要増加額 | R3: 2次間接 波及効果 | S3: 総合効果（直接+1次+2次間接波及効果） | T3: 粗付加価値 率 | U3: 粗付加価値誘発額 | V3: 就業係数（百万円当り） | W3: 就業者創出（人） | X3: 雇用係数（百万円当り） | Y3: 雇用者創出（人）
C4: A | D4: B | E4: C=A×B | F4: D | G4: E=C×D | H4: F=逆行列係数×E | I4: G=A+F | J4: H | K4: I=G×H | L4: J | M4: Ｋ=I×J | N4: L | O4: M=K×L | P4: N | Q4: O=M×N | R4: P=逆行列係数×O | S4: Q=G+P | T4: R | U4: S=Q×R | V4: T | W4: U=Q×T | X4: V | Y4: W=Q×V
A5: １ | B5: 農業 | D5: =投入係数表!L5 -> 0.00071301248 | E5: =$C$14*D5 -> 0.071301248 | F5: =分析係数表!C8 -> 0.024086379 | G5: =E5*F5 -> 0.0017173889 | H5: {=MMULT(逆行列係数!C5:AO43,'10'!G5:G43)} -> 0.0017891279 | I5: =C5+H5 -> 0.0017891279 | J5: =分析係数表!G8 -> 0.12121212 | K5: =I5*J5 -> 0.00021686399 | N5: =分析係数表!H8 -> 0.01098604 | O5: =$M$44*N5 -> 0.16386939 | P5: =分析係数表!C8 -> 0.024086379 | Q5: =O5*P5 -> 0.0039470203 | R5: {=MMULT(逆行列係数!C5:AO43,'10'!Q5:Q43)} -> 0.0043268359 | S5: =I5+R5 -> 0.0061159638 | T5: =分析係数表!F8 -> 0.48484848 | U5: =S5*T5 -> 0.0029653158 | V5: =分析係数表!D8 -> 1.0757576 | W5: =ROUND(S5*V5,0) -> 0 | X5: =分析係数表!E8 -> 0 | Y5: =ROUND(S5*X5,0) -> 0
A6: 2 | B6: 林業 | D6: =投入係数表!L6 -> 0 | E6: =$C$14*D6 -> 0 | F6: =分析係数表!C9 -> 0 | G6: =E6*F6 -> 0 | H6: 0 | I6: =C6+H6 -> 0 | J6: =分析係数表!G9 -> 0 | K6: =I6*J6 -> 0 | N6: =分析係数表!H9 -> 0.0005898545 | O6: =$M$44*N6 -> 0.0087983567 | P6: =分析係数表!C9 -> 0 | Q6: =O6*P6 -> 0 | R6: 0 | S6: =I6+R6 -> 0 | T6: =分析係数表!F9 -> 0 | U6: =S6*T6 -> 0 | V6: =分析係数表!D9 -> 0 | W6: =ROUND(S6*V6,0) -> 0 | X6: =分析係数表!E9 -> 0 | Y6: =ROUND(S6*X6,0) -> 0
A7: 3 | B7: 漁業 | D7: =投入係数表!L7 -> 0 | E7: =$C$14*D7 -> 0 | F7: =分析係数表!C10 -> 0.85034014 | G7: =E7*F7 -> 0 | H7: 0.00012683879 | I7: =C7+H7 -> 0.00012683879 | J7: =分析係数表!G10 -> 0.18064516 | K7: =I7*J7 -> 2.2912814e-05 | N7: =分析係数表!H10 -> 0.0011059772 | O7: =$M$44*N7 -> 0.016496919 | P7: =分析係数表!C10 -> 0.85034014 | Q7: =O7*P7 -> 0.014027992 | R7: 0.01736314 | S7: =I7+R7 -> 0.017489979 | T7: =分析係数表!F10 -> 0.52258065 | U7: =S7*T7 -> 0.0091399244 | V7: =分析係数表!D10 -> 0.090322581 | W7: =ROUND(S7*V7,0) -> 0 | X7: =分析係数表!E10 -> 0 | Y7: =ROUND(S7*X7,0) -> 0
A8: 4 | B8: 鉱業 | D8: =投入係数表!L8 -> 0 | E8: =$C$14*D8 -> 0 | F8: =分析係数表!C11 -> 0.016645596 | G8: =E8*F8 -> 0 | H8: 0.0026095891 | I8: =C8+H8 -> 0.0026095891 | J8: =分析係数表!G11 -> 0.35897436 | K8: =I8*J8 -> 0.00093677557 | N8: =分析係数表!H11 -> -2.4577271e-05 | O8: =$M$44*N8 -> -0.0003665982 | P8: =分析係数表!C11 -> 0.016645596 | Q8: =O8*P8 -> -6.1022456e-06 | R8: 0.00037107378 | S8: =I8+R8 -> 0.0029806629 | T8: =分析係数表!F11 -> 0.58974359 | U8: =S8*T8 -> 0.0017578268 | V8: =分析係数表!D11 -> 0.0085470085 | W8: =ROUND(S8*V8,0) -> 0 | X8: =分析係数表!E11 -> 0 | Y8: =ROUND(S8*X8,0) -> 0
A9: 5 | B9: 飲食料品 | D9: =投入係数表!L9 -> 0 | E9: =$C$14*D9 -> 0 | F9: =分析係数表!C12 -> 0.00518836 | G9: =E9*F9 -> 0 | H9: 7.2207458e-06 | I9: =C9+H9 -> 7.2207458e-06 | J9: =分析係数表!G12 -> 0.13719512 | K9: =I9*J9 -> 9.906511e-07 | N9: =分析係数表!H12 -> 0.089657884 | O9: =$M$44*N9 -> 1.3373502 | P9: =分析係数表!C12 -> 0.00518836 | Q9: =O9*P9 -> 0.0069386544 | R9: 0.0074909165 | S9: =I9+R9 -> 0.0074981372 | T9: =分析係数表!F12 -> 0.31707317 | U9: =S9*T9 -> 0.0023774581 | V9: =分析係数表!D12 -> 0.067073171 | W9: =ROUND(S9*V9,0) -> 0 | X9: =分析係数表!E12 -> 0.057926829 | Y9: =ROUND(S9*X9,0) -> 0
A10: 6 | B10: 繊維製品 | D10: =投入係数表!L10 -> 0.001426025 | E10: =$C$14*D10 -> 0.1426025 | F10: =分析係数表!C13 -> 0 | G10: =E10*F10 -> 0 | H10: 0 | I10: =C10+H10 -> 0 | J10: =分析係数表!G13 -> 0.24459953 | K10: =I10*J10 -> 0 | N10: =分析係数表!H13 -> 0.014131931 | O10: =$M$44*N10 -> 0.21079396 | P10: =分析係数表!C13 -> 0 | Q10: =O10*P10 -> 0 | R10: 0 | S10: =I10+R10 -> 0 | T10: =分析係数表!F13 -> 0.38318378 | U10: =S10*T10 -> 0 | V10: =分析係数表!D13 -> 0.047856431 | W10: =ROUND(S10*V10,0) -> 0 | X10: =分析係数表!E13 -> 0.049850449 | Y10: =ROUND(S10*X10,0) -> 0
A11: 7 | B11: パルプ・紙・木製品 | D11: =投入係数表!L11 -> 0.0067736185 | E11: =$C$14*D11 -> 0.67736185 | F11: =分析係数表!C14 -> 0.065770523 | G11: =E11*F11 -> 0.044550444 | H11: 0.050647418 | I11: =C11+H11 -> 0.050647418 | J11: =分析係数表!G14 -> 0.20976693 | K11: =I11*J11 -> 0.010624153 | N11: =分析係数表!H14 -> 0.0011674204 | O11: =$M$44*N11 -> 0.017413414 | P11: =分析係数表!C14 -> 0.065770523 | Q11: =O11*P11 -> 0.0011452894 | R11: 0.0035658297 | S11: =I11+R11 -> 0.054213247 | T11: =分析係数表!F14 -> 0.36071032 | U11: =S11*T11 -> 0.019555278 | V11: =分析係数表!D14 -> 0.067702553 | W11: =ROUND(S11*V11,0) -> 0 | X11: =分析係数表!E14 -> 0.068812431 | Y11: =ROUND(S11*X11,0) -> 0
A12: 8 | B12: 化学製品 | D12: =投入係数表!L12 -> 0.2114082 | E12: =$C$14*D12 -> 21.14082 | F12: =分析係数表!C15 -> 0 | G12: =E12*F12 -> 0 | H12: 0 | I12: =C12+H12 -> 0 | J12: =分析係数表!G15 -> 0.095622477 | K12: =I12*J12 -> 0 | N12: =分析係数表!H15 -> 0.0082333858 | O12: =$M$44*N12 -> 0.1228104 | P12: =分析係数表!C15 -> 0 | Q12: =O12*P12 -> 0 | R12: 0 | S12: =I12+R12 -> 0 | T12: =分析係数表!F15 -> 0.30398168 | U12: =S12*T12 -> 0 | V12: =分析係数表!D15 -> 0.031667184 | W12: =ROUND(S12*V12,0) -> 0 | X12: =分析係数表!E15 -> 0.029261099 | Y12: =ROUND(S12*X12,0) -> 0
A13: 9 | B13: 石油・石炭製品 | D13: =投入係数表!L13 -> 0.0010695187 | E13: =$C$14*D13 -> 0.10695187 | F13: =分析係数表!C16 -> 0.05867144 | G13: =E13*F13 -> 0.0062750203 | H13: 0.0095859255 | I13: =C13+H13 -> 0.0095859255 | J13: =分析係数表!G16 -> 0.033950617 | K13: =I13*J13 -> 0.00032544809 | N13: =分析係数表!H16 -> 0.016626524 | O13: =$M$44*N13 -> 0.24800368 | P13: =分析係数表!C16 -> 0.05867144 | Q13: =O13*P13 -> 0.014550733 | R13: 0.015664852 | S13: =I13+R13 -> 0.025250778 | T13: =分析係数表!F16 -> 0.28858025 | U13: =S13*T13 -> 0.0072868757 | V13: =分析係数表!D16 -> 0 | W13: =ROUND(S13*V13,0) -> 0 | X13: =分析係数表!E16 -> 0 | Y13: =ROUND(S13*X13,0) -> 0
A14: 10 | B14: プラスチック・ゴム製品 | C14: =最終需要_まとめ!C15 -> 100 | D14: =投入係数表!L14 -> 0.26131907 | E14: =$C$14*D14 -> 26.131907 | F14: =分析係数表!C17 -> 0.10640681 | G14: =E14*F14 -> 2.7806129 | H14: 2.8677824 | I14: =C14+H14 -> 102.86778 | J14: =分析係数表!G17 -> 0.21283422 | K14: =I14*J14 -> 21.893785 | N14: =分析係数表!H17 -> 0.0029861384 | O14: =$M$44*N14 -> 0.044541681 | P14: =分析係数表!C17 -> 0.10640681 | Q14: =O14*P14 -> 0.0047395382 | R14: 0.0080903013 | S14: =I14+R14 -> 102.87587 | T14: =分析係数表!F17 -> 0.32335116 | U14: =S14*T14 -> 33.265033 | V14: =分析係数表!D17 -> 0.044206774 | W14: =ROUND(S14*V14,0) -> 5 | X14: =分析係数表!E17 -> 0.040641711 | Y14: =ROUND(S14*X14,0) -> 4
A15: 11 | B15: 窯業・土石製品 | D15: =投入係数表!L15 -> 0.0035650624 | E15: =$C$14*D15 -> 0.35650624 | F15: =分析係数表!C18 -> 0.93182769 | G15: =E15*F15 -> 0.33220238 | H15: 0.40197204 | I15: =C15+H15 -> 0.40197204 | J15: =分析係数表!G18 -> 0.21565873 | K15: =I15*J15 -> 0.086688779 | N15: =分析係数表!H18 -> 0.00044239088 | O15: =$M$44*N15 -> 0.0065987675 | P15: =分析係数表!C18 -> 0.93182769 | Q15: =O15*P15 -> 0.0061489143 | R15: 0.014277688 | S15: =I15+R15 -> 0.41624972 | T15: =分析係数表!F18 -> 0.45992903 | U15: =S15*T15 -> 0.19144533 | V15: =分析係数表!D18 -> 0.023436345 | W15: =ROUND(S15*V15,0) -> 0 | X15: =分析係数表!E18 -> 0.025506432 | Y15: =ROUND(S15*X15,0) -> 0
A16: 12 | B16: 鉄鋼 | D16: =投入係数表!L16 -> 0.001426025 | E16: =$C$14*D16 -> 0.1426025 | F16: =分析係数表!C19 -> 0.22734014 | G16: =E16*F16 -> 0.032419272 | H16: 0.05002889 | I16: =C16+H16 -> 0.05002889 | J16: =分析係数表!G19 -> 0.057679353 | K16: =I16*J16 -> 0.002885634 | N16: =分析係数表!H19 -> -0.00011059772 | O16: =$M$44*N16 -> -0.0016496919 | P16: =分析係数表!C19 -> 0.22734014 | Q16: =O16*P16 -> -0.00037504119 | R16: 0.0023750151 | S16: =I16+R16 -> 0.052403906 | T16: =分析係数表!F19 -> 0.2401482 | U16: =S16*T16 -> 0.012584703 | V16: =分析係数表!D19 -> 0.0069467834 | W16: =ROUND(S16*V16,0) -> 0 | X16: =分析係数表!E19 -> 0.0078309195 | Y16: =ROUND(S16*X16,0) -> 0
A17: 13 | B17: 非鉄金属 | D17: =投入係数表!L17 -> 0.0024955437 | E17: =$C$14*D17 -> 0.24955437 | F17: =分析係数表!C20 -> 0.28316988 | G17: =E17*F17 -> 0.07066628 | H17: 0.089104154 | I17: =C17+H17 -> 0.089104154 | J17: =分析係数表!G20 -> 0.10003293 | K17: =I17*J17 -> 0.0089133498 | N17: =分析係数表!H20 -> 0.00054069996 | O17: =$M$44*N17 -> 0.0080651603 | P17: =分析係数表!C20 -> 0.28316988 | Q17: =O17*P17 -> 0.0022838105 | R17: 0.0049666812 | S17: =I17+R17 -> 0.094070835 | T17: =分析係数表!F20 -> 0.22295406 | U17: =S17*T17 -> 0.020973475 | V17: =分析係数表!D20 -> 0.014243372 | W17: =ROUND(S17*V17,0) -> 0 | X17: =分析係数表!E20 -> 0.016054668 | Y17: =ROUND(S17*X17,0) -> 0
A18: 14 | B18: 金属製品 | D18: =投入係数表!L18 -> 0.0021390374 | E18: =$C$14*D18 -> 0.21390374 | F18: =分析係数表!C21 -> 0.39165775 | G18: =E18*F18 -> 0.08377706 | H18: 0.11149397 | I18: =C18+H18 -> 0.11149397 | J18: =分析係数表!G21 -> 0.28516577 | K18: =I18*J18 -> 0.031794263 | N18: =分析係数表!H21 -> 0.00092164766 | O18: =$M$44*N18 -> 0.013747432 | P18: =分析係数表!C21 -> 0.39165775 | Q18: =O18*P18 -> 0.0053842885 | R18: 0.01054531 | S18: =I18+R18 -> 0.12203928 | T18: =分析係数表!F21 -> 0.42597652 | U18: =S18*T18 -> 0.051985867 | V18: =分析係数表!D21 -> 0.038470058 | W18: =ROUND(S18*V18,0) -> 0 | X18: =分析係数表!E21 -> 0.035885697 | Y18: =ROUND(S18*X18,0) -> 0
A19: 15 | B19: はん用機械 | D19: =投入係数表!L19 -> 0.00035650624 | E19: =$C$14*D19 -> 0.035650624 | F19: =分析係数表!C22 -> 0.15642616 | G19: =E19*F19 -> 0.00557669 | H19: 0.012591795 | I19: =C19+H19 -> 0.012591795 | J19: =分析係数表!G22 -> 0.19460413 | K19: =I19*J19 -> 0.0024504153 | N19: =分析係数表!H22 -> 4.9154542e-05 | O19: =$M$44*N19 -> 0.00073319639 | P19: =分析係数表!C22 -> 0.15642616 | Q19: =O19*P19 -> 0.00011469109 | R19: 0.0015724591 | S19: =I19+R19 -> 0.014164254 | T19: =分析係数表!F22 -> 0.41322518 | U19: =S19*T19 -> 0.0058530265 | V19: =分析係数表!D22 -> 0.021407159 | W19: =ROUND(S19*V19,0) -> 0 | X19: =分析係数表!E22 -> 0.022006701 | Y19: =ROUND(S19*X19,0) -> 0
A20: 16 | B20: 生産用機械 | D20: =投入係数表!L20 -> 0.0032085561 | E20: =$C$14*D20 -> 0.32085561 | F20: =分析係数表!C23 -> 0 | G20: =E20*F20 -> 0 | H20: 0 | I20: =C20+H20 -> 0 | J20: =分析係数表!G23 -> 0.21581694 | K20: =I20*J20 -> 0 | N20: =分析係数表!H23 -> 2.4577271e-05 | O20: =$M$44*N20 -> 0.0003665982 | P20: =分析係数表!C23 -> 0 | Q20: =O20*P20 -> 0 | R20: 0 | S20: =I20+R20 -> 0 | T20: =分析係数表!F23 -> 0.44146929 | U20: =S20*T20 -> 0 | V20: =分析係数表!D23 -> 0.048735448 | W20: =ROUND(S20*V20,0) -> 0 | X20: =分析係数表!E23 -> 0.052107587 | Y20: =ROUND(S20*X20,0) -> 0
A21: 17 | B21: 業務用機械 | D21: =投入係数表!L21 -> 0 | E21: =$C$14*D21 -> 0 | F21: =分析係数表!C24 -> 0.44109195 | G21: =E21*F21 -> 0 | H21: 0.009122826 | I21: =C21+H21 -> 0.009122826 | J21: =分析係数表!G24 -> 0.20767717 | K21: =I21*J21 -> 0.0018946027 | N21: =分析係数表!H24 -> 0.00033179316 | O21: =$M$44*N21 -> 0.0049490756 | P21: =分析係数表!C24 -> 0.44109195 | Q21: =O21*P21 -> 0.0021829974 | R21: 0.0076132103 | S21: =I21+R21 -> 0.016736036 | T21: =分析係数表!F24 -> 0.39173228 | U21: =S21*T21 -> 0.0065560457 | V21: =分析係数表!D24 -> 0.067913386 | W21: =ROUND(S21*V21,0) -> 0 | X21: =分析係数表!E24 -> 0.071850394 | Y21: =ROUND(S21*X21,0) -> 0
A22: 18 | B22: 電子部品 | D22: =投入係数表!L22 -> 0 | E22: =$C$14*D22 -> 0 | F22: =分析係数表!C25 -> 0.0078343593 | G22: =E22*F22 -> 0 | H22: 0.00045465937 | I22: =C22+H22 -> 0.00045465937 | J22: =分析係数表!G25 -> 0.2 | K22: =I22*J22 -> 9.0931875e-05 | N22: =分析係数表!H25 -> 0.00050383405 | O22: =$M$44*N22 -> 0.007515263 | P22: =分析係数表!C25 -> 0.0078343593 | Q22: =O22*P22 -> 5.887727e-05 | R22: 0.00020215977 | S22: =I22+R22 -> 0.00065681914 | T22: =分析係数表!F25 -> 0.352 | U22: =S22*T22 -> 0.00023120034 | V22: =分析係数表!D25 -> 0.008 | W22: =ROUND(S22*V22,0) -> 0 | X22: =分析係数表!E25 -> 0.004 | Y22: =ROUND(S22*X22,0) -> 0
A23: 19 | B23: 電気機械 | D23: =投入係数表!L23 -> 0 | E23: =$C$14*D23 -> 0 | F23: =分析係数表!C26 -> 0.12107728 | G23: =E23*F23 -> 0 | H23: 0.0044834647 | I23: =C23+H23 -> 0.0044834647 | J23: =分析係数表!G26 -> 0.19685039 | K23: =I23*J23 -> 0.00088257178 | N23: =分析係数表!H26 -> 0.010396186 | O23: =$M$44*N23 -> 0.15507104 | P23: =分析係数表!C26 -> 0.12107728 | Q23: =O23*P23 -> 0.01877558 | R23: 0.020259726 | S23: =I23+R23 -> 0.02474319 | T23: =分析係数表!F26 -> 0.33584389 | U23: =S23*T23 -> 0.0083098492 | V23: =分析係数表!D26 -> 0.032865457 | W23: =ROUND(S23*V23,0) -> 0 | X23: =分析係数表!E26 -> 0.0345772 | Y23: =ROUND(S23*X23,0) -> 0
A24: 20 | B24: 情報通信機器 | D24: =投入係数表!L24 -> 0 | E24: =$C$14*D24 -> 0 | F24: =分析係数表!C27 -> 0.02739166 | G24: =E24*F24 -> 0 | H24: 0.0001412705 | I24: =C24+H24 -> 0.0001412705 | J24: =分析係数表!G27 -> 0.16959064 | K24: =I24*J24 -> 2.3958156e-05 | N24: =分析係数表!H27 -> 0.010924597 | O24: =$M$44*N24 -> 0.1629529 | P24: =分析係数表!C27 -> 0.02739166 | Q24: =O24*P24 -> 0.0044635504 | R24: 0.0045147627 | S24: =I24+R24 -> 0.0046560332 | T24: =分析係数表!F27 -> 0.32163743 | U24: =S24*T24 -> 0.0014975545 | V24: =分析係数表!D27 -> 0 | W24: =ROUND(S24*V24,0) -> 0 | X24: =分析係数表!E27 -> 0 | Y24: =ROUND(S24*X24,0) -> 0
A25: 21 | B25: 輸送機械 | D25: =投入係数表!L25 -> 0 | E25: =$C$14*D25 -> 0 | F25: =分析係数表!C28 -> 0.24324483 | G25: =E25*F25 -> 0 | H25: 0.036381349 | I25: =C25+H25 -> 0.036381349 | J25: =分析係数表!G28 -> 0.1248601 | K25: =I25*J25 -> 0.004542579 | N25: =分析係数表!H28 -> 0.020841526 | O25: =$M$44*N25 -> 0.31087527 | P25: =分析係数表!C28 -> 0.24324483 | Q25: =O25*P25 -> 0.075618801 | R25: 0.092291057 | S25: =I25+R25 -> 0.12867241 | T25: =分析係数表!F28 -> 0.21387101 | U25: =S25*T25 -> 0.027519298 | V25: =分析係数表!D28 -> 0.0051063234 | W25: =ROUND(S25*V25,0) -> 0 | X25: =分析係数表!E28 -> 0.0051412983 | Y25: =ROUND(S25*X25,0) -> 0
A26: 22 | B26: その他の製造工業製品 | D26: =投入係数表!L26 -> 0.0021390374 | E26: =$C$14*D26 -> 0.21390374 | F26: =分析係数表!C29 -> 0.059106021 | G26: =E26*F26 -> 0.012642999 | H26: 0.015540346 | I26: =C26+H26 -> 0.015540346 | J26: =分析係数表!G29 -> 0.26651982 | K26: =I26*J26 -> 0.0041418102 | N26: =分析係数表!H29 -> 0.010052104 | O26: =$M$44*N26 -> 0.14993866 | P26: =分析係数表!C29 -> 0.059106021 | Q26: =O26*P26 -> 0.0088622778 | R26: 0.010916554 | S26: =I26+R26 -> 0.0264569 | T26: =分析係数表!F29 -> 0.4030837 | U26: =S26*T26 -> 0.010664345 | V26: =分析係数表!D29 -> 0.061674009 | W26: =ROUND(S26*V26,0) -> 0 | X26: =分析係数表!E29 -> 0.028634361 | Y26: =ROUND(S26*X26,0) -> 0
... A43: 39 | B43: 分類不明 | D43: =投入係数表!L43 -> 0.001426025 | E43: =$C$14*D43 -> 0.1426025 | F43: =分析係数表!C46 -> 0.35026324 | G43: =E43*F43 -> 0.049948412 | H43: 0.065169557 | I43: =C43+H43 -> 0.065169557 | J43: =分析係数表!G46 -> 0.0088183422 | K43: =I43*J43 -> 0.00057468745 | N43: =分析係数表!H46 -> 0.022070389 | O43: =$M$44*N43 -> 0.32920518 | P43: =分析係数表!C46 -> 0.35026324 | Q43: =O43*P43 -> 0.11530847 | R43: 0.12427642 | S43: =I43+R43 -> 0.18944598 | T43: =分析係数表!F46 -> 0.31305115 | U43: =S43*T43 -> 0.05930628 | V43: =分析係数表!D46 -> 0.0026455026 | W43: =ROUND(S43*V43,0) -> 0 | X43: =分析係数表!E46 -> 0.0070546737 | Y43: =ROUND(S43*X43,0) -> 0
A44: 40 | B44: 合計 | C44: =SUM(C5:C43) -> 100 | D44: =投入係数表!L44 -> 0.65882353 | E44: =SUM(E5:E43) -> 65.882353 | F44: =分析係数表!C47 -> 0.31394387 | G44: =SUM(G5:G43) -> 7.7757296 | H44: =SUM(H5:H43) -> 8.8298427 | I44: =SUM(I5:I43) -> 108.82984 | J44: =分析係数表!G47 -> 0.19998528 | K44: =SUM(K5:K43) -> 23.789709 | L44: =最終需要_まとめ!$L$33 -> 0.627 | M44: =K44*L44 -> 14.916147 | N44: =分析係数表!H47 -> 1 | O44: =SUM(O5:O43) -> 14.916147 | P44: =分析係数表!C47 -> 0.31394387 | Q44: =SUM(Q5:Q43) -> 5.2111655 | R44: =SUM(R5:R43) -> 5.745844 | S44: =SUM(S5:S43) -> 114.57569 | T44: =分析係数表!F47 -> 0.42668872 | U44: =SUM(U5:U43) -> 40.642469 | V44: =分析係数表!D47 -> 0.049757178 | W44: =SUM(W5:W43) -> 6 | X44: =分析係数表!E47 -> 0.0419071 | Y44: =SUM(Y5:Y43) -> 4
B45: 備考（参照WS) | C45: 最終需要推計 | D45: 投入係数表 | F45: 分析係数 | H45: 逆行列係数表 | J45: 分析係数 | L45: 最終需要推計 | N45: 分析係数 | P45: 分析係数 | S45: 逆行列係数表 | T45: 分析係数 | V45: 分析係数 | X45: 分析係数
B46: ※四捨五入の関係で合計と内訳が一致しない場合があります。

Sheet 11
B1: 経済波及効果計算プロセス | G1: =取引基本表!$E$1 -> 2015年播磨町産業連関表
B2: 窯業・土石製品 | S2: 生産誘発額 | U2: 粗付加価値誘発額 | W2: 就業者誘発数 | Y2: 雇用誘発数
C3: 域内最終需要増加額 （直接効果） | D3: 投入係数（窯業・土石製品） | E3: 需要増加額 | F3: 域内自給率 | G3: 県内需要 増加額 | H3: 1次間接 波及効果 | I3: 直接+1次間接波及効果 | J3: 雇用者 所得率 | K3: 雇用者所得誘発額（直接+1次間接波及効果） | L3: 平均消費 性向 （R2_R4/近畿） | M3: 民間消費による需要 増加額 | N3: 民間消費支出構成比 | O3: 民間消費による需要 増加額 | P3: 域内自給率 | Q3: 民間消費による県内需要増加額 | R3: 2次間接 波及効果 | S3: 総合効果（直接+1次+2次間接波及効果） | T3: 粗付加価値 率 | U3: 粗付加価値誘発額 | V3: 就業係数（百万円当り） | W3: 就業者創出（人） | X3: 雇用係数（百万円当り） | Y3: 雇用者創出（人）
C4: A | D4: B | E4: C=A×B | F4: D | G4: E=C×D | H4: F=逆行列係数×E | I4: G=A+F | J4: H | K4: I=G×H | L4: J | M4: Ｋ=I×J | N4: L | O4: M=K×L | P4: N | Q4: O=M×N | R4: P=逆行列係数×O | S4: Q=G+P | T4: R | U4: S=Q×R | V4: T | W4: U=Q×T | X4: V | Y4: W=Q×V
A5: １ | B5: 農業 | D5: =投入係数表!M5 -> 0.00014786337 | E5: =$C$15*D5 -> 0.014786337 | F5: =分析係数表!C8 -> 0.024086379 | G5: =E5*F5 -> 0.00035614932 | H5: {=MMULT(逆行列係数!C5:AO43,'11'!G5:G43)} -> 0.00042176312 | I5: =C5+H5 -> 0.00042176312 | J5: =分析係数表!G8 -> 0.12121212 | K5: =I5*J5 -> 5.1122802e-05 | N5: =分析係数表!H8 -> 0.01098604 | O5: =$M$44*N5 -> 0.1839263 | P5: =分析係数表!C8 -> 0.024086379 | Q5: =O5*P5 -> 0.0044301186 | R5: {=MMULT(逆行列係数!C5:AO43,'11'!Q5:Q43)} -> 0.004856422 | S5: =I5+R5 -> 0.0052781852 | T5: =分析係数表!F8 -> 0.48484848 | U5: =S5*T5 -> 0.0025591201 | V5: =分析係数表!D8 -> 1.0757576 | W5: =ROUND(S5*V5,0) -> 0 | X5: =分析係数表!E8 -> 0 | Y5: =ROUND(S5*X5,0) -> 0
A6: 2 | B6: 林業 | D6: =投入係数表!M6 -> 0 | E6: =$C$15*D6 -> 0 | F6: =分析係数表!C9 -> 0 | G6: =E6*F6 -> 0 | H6: 0 | I6: =C6+H6 -> 0 | J6: =分析係数表!G9 -> 0 | K6: =I6*J6 -> 0 | N6: =分析係数表!H9 -> 0.0005898545 | O6: =$M$44*N6 -> 0.0098752378 | P6: =分析係数表!C9 -> 0 | Q6: =O6*P6 -> 0 | R6: 0 | S6: =I6+R6 -> 0 | T6: =分析係数表!F9 -> 0 | U6: =S6*T6 -> 0 | V6: =分析係数表!D9 -> 0 | W6: =ROUND(S6*V6,0) -> 0 | X6: =分析係数表!E9 -> 0 | Y6: =ROUND(S6*X6,0) -> 0
A7: 3 | B7: 漁業 | D7: =投入係数表!M7 -> 0 | E7: =$C$15*D7 -> 0 | F7: =分析係数表!C10 -> 0.85034014 | G7: =E7*F7 -> 0 | H7: 0.0005878494 | I7: =C7+H7 -> 0.0005878494 | J7: =分析係数表!G10 -> 0.18064516 | K7: =I7*J7 -> 0.00010619215 | N7: =分析係数表!H10 -> 0.0011059772 | O7: =$M$44*N7 -> 0.018516071 | P7: =分析係数表!C10 -> 0.85034014 | Q7: =O7*P7 -> 0.015744958 | R7: 0.019488314 | S7: =I7+R7 -> 0.020076163 | T7: =分析係数表!F10 -> 0.52258065 | U7: =S7*T7 -> 0.010491414 | V7: =分析係数表!D10 -> 0.090322581 | W7: =ROUND(S7*V7,0) -> 0 | X7: =分析係数表!E10 -> 0 | Y7: =ROUND(S7*X7,0) -> 0
A8: 4 | B8: 鉱業 | D8: =投入係数表!M8 -> 0.068756469 | E8: =$C$15*D8 -> 6.8756469 | F8: =分析係数表!C11 -> 0.016645596 | G8: =E8*F8 -> 0.11444924 | H8: 0.13047067 | I8: =C8+H8 -> 0.13047067 | J8: =分析係数表!G11 -> 0.35897436 | K8: =I8*J8 -> 0.046835626 | N8: =分析係数表!H11 -> -2.4577271e-05 | O8: =$M$44*N8 -> -0.00041146824 | P8: =分析係数表!C11 -> 0.016645596 | Q8: =O8*P8 -> -6.8491343e-06 | R8: 0.00041649162 | S8: =I8+R8 -> 0.13088716 | T8: =分析係数表!F11 -> 0.58974359 | U8: =S8*T8 -> 0.077189866 | V8: =分析係数表!D11 -> 0.0085470085 | W8: =ROUND(S8*V8,0) -> 0 | X8: =分析係数表!E11 -> 0 | Y8: =ROUND(S8*X8,0) -> 0
A9: 5 | B9: 飲食料品 | D9: =投入係数表!M9 -> 0.00051752181 | E9: =$C$15*D9 -> 0.051752181 | F9: =分析係数表!C12 -> 0.00518836 | G9: =E9*F9 -> 0.00026850895 | H9: 0.00030940677 | I9: =C9+H9 -> 0.00030940677 | J9: =分析係数表!G12 -> 0.13719512 | K9: =I9*J9 -> 4.24491e-05 | N9: =分析係数表!H12 -> 0.089657884 | O9: =$M$44*N9 -> 1.5010362 | P9: =分析係数表!C12 -> 0.00518836 | Q9: =O9*P9 -> 0.007787916 | R9: 0.0084077725 | S9: =I9+R9 -> 0.0087171793 | T9: =分析係数表!F12 -> 0.31707317 | U9: =S9*T9 -> 0.0027639837 | V9: =分析係数表!D12 -> 0.067073171 | W9: =ROUND(S9*V9,0) -> 0 | X9: =分析係数表!E12 -> 0.057926829 | Y9: =ROUND(S9*X9,0) -> 0
A10: 6 | B10: 繊維製品 | D10: =投入係数表!M10 -> 0.0034008576 | E10: =$C$15*D10 -> 0.34008576 | F10: =分析係数表!C13 -> 0 | G10: =E10*F10 -> 0 | H10: 0 | I10: =C10+H10 -> 0 | J10: =分析係数表!G13 -> 0.24459953 | K10: =I10*J10 -> 0 | N10: =分析係数表!H13 -> 0.014131931 | O10: =$M$44*N10 -> 0.23659424 | P10: =分析係数表!C13 -> 0 | Q10: =O10*P10 -> 0 | R10: 0 | S10: =I10+R10 -> 0 | T10: =分析係数表!F13 -> 0.38318378 | U10: =S10*T10 -> 0 | V10: =分析係数表!D13 -> 0.047856431 | W10: =ROUND(S10*V10,0) -> 0 | X10: =分析係数表!E13 -> 0.049850449 | Y10: =ROUND(S10*X10,0) -> 0
A11: 7 | B11: パルプ・紙・木製品 | D11: =投入係数表!M11 -> 0.020700872 | E11: =$C$15*D11 -> 2.0700872 | F11: =分析係数表!C14 -> 0.065770523 | G11: =E11*F11 -> 0.13615072 | H11: 0.15947486 | I11: =C11+H11 -> 0.15947486 | J11: =分析係数表!G14 -> 0.20976693 | K11: =I11*J11 -> 0.033452552 | N11: =分析係数表!H14 -> 0.0011674204 | O11: =$M$44*N11 -> 0.019544742 | P11: =分析係数表!C14 -> 0.065770523 | Q11: =O11*P11 -> 0.0012854679 | R11: 0.004002272 | S11: =I11+R11 -> 0.16347714 | T11: =分析係数表!F14 -> 0.36071032 | U11: =S11*T11 -> 0.05896789 | V11: =分析係数表!D14 -> 0.067702553 | W11: =ROUND(S11*V11,0) -> 0 | X11: =分析係数表!E14 -> 0.068812431 | Y11: =ROUND(S11*X11,0) -> 0
